Workbook
Name ________mb1: #REF!
Name ________mb2: #REF!
Name ________mb3: #REF!
Name ________mb4: #REF!
Name ________mb5: #REF!
Name ________mb6: #REF!
Name ________mb7: #REF!
Name ________mb8: #REF!
Name ________mb9: #REF!
Name _______mb1: #REF!
Name _______mb2: #REF!
Name _______mb3: #REF!
Name _______mb4: #REF!
Name _______mb5: #REF!
Name _______mb6: #REF!
Name _______mb7: #REF!
Name _______mb8: #REF!
Name _______mb9: #REF!
Name ______mb1: #REF!
Name ______mb2: #REF!
Name ______mb3: #REF!
Name ______mb4: #REF!
Name ______mb5: #REF!
Name ______mb6: #REF!
Name ______mb7: #REF!
Name ______mb8: #REF!
Name ______mb9: #REF!
Name _____mb1: #REF!
Name _____mb2: #REF!
Name _____mb3: #REF!
Name _____mb4: #REF!
Name _____mb5: #REF!
Name _____mb6: #REF!
Name _____mb7: #REF!
Name _____mb8: #REF!
Name _____mb9: #REF!
Name ____mb1: #REF!
Name ____mb2: #REF!
Name ____mb3: #REF!
Name ____mb4: #REF!
Name ____mb5: #REF!
Name ____mb6: #REF!
Name ____mb7: #REF!
Name ____mb8: #REF!
Name ____mb9: #REF!
Name ___mb1: #REF!
Name ___mb2: #REF!
Name ___mb3: #REF!
Name ___mb4: #REF!
Name ___mb5: #REF!
Name ___mb6: #REF!
Name ___mb7: #REF!
Name ___mb8: #REF!
Name ___mb9: #REF!
Name __mb1: #REF!
Name __mb1: #REF!
Name __mb1: #REF!
Name __mb2: #REF!
Name __mb2: #REF!
Name __mb2: #REF!

Sheet Exploitation
A1: INFORMATIONS GENERALES | D1: DESCRIPTION DE L'EXPLOITATION | J1: INFORMATIONS COÛT DE PRODUCTION
A2: Campagne | B2: 2023 | J2: Type atelier ovin viande
A3: Exploitation | J3: Type autre atelier animal
A4: Exploitant | J4: Type grande culture
A5: Adresse | J5: Type culture fourragère
A6: Code postal | J6: UGB autre atelier animal
A7: Commune | J7: Part surface céréale ovin | L7: =K8+K7+K9 -> 0
A8: Mail | J8: Part surface céréale de vente
A9: Téléphone | J9: Part surface céréale autre atelier animal
A10: N° Pacage | J10: Part surface culture fourragère ovin | L10: =K11+K10+K12 -> 0
A11: N° EDE | J11: Part surface fourragère vente
A12: Système | J12: Part surface culture fourragère autre atelier animal
A13: Agriculture bio | J13: Coût de production céréale (€/t)
A15: UMO TOTAL | B15: =B17+B19+B21 -> 0 | D15: ASSOLEMENT
A16: dont ovine | B16: =B18+B20+B22 -> 0 | D16: SAU | E16: =E17+E22+E27+E28+E33 -> 0 | F16: Dont ovine | G16: Fumure
A17: UMO exploitant | D17: Culture fourragère | E17: 0 | F17: =SUM(F18:F21) -> 0 | H17: réalisé par:
A18: dont ovine | H18: En avril 2025 | K18: Avec les financements de:
A19: UMO salarié
A20: dont ovine
A21: UMO bénévole
A22: dont ovine | D22: Prairie temporaire | E22: =SUM(E23:E26) -> 0 | F22: =SUM(F23:F26) -> 0 | H22: Dans le cadre de:
A24: TROUPEAU OVIN
A25: Effectif brebis | B25: =' Elevage'!P3 -> 0
A26: Race brebis
A27: Effectif bélier | B27: =' Elevage'!P5 -> 0 | D27: Prairie permanente
A28: Race bélier | D28: Grande culture | E28: =SUM(E29:F32) -> 0
A29: Conduite raciale
A30: Objectif de finition des agneaux
A31: Objectif de reproduction
A33: GROUPEMENT PASTORAL | D33: Culture perrenne
A34: Estive collective | D34: Surface pastorale
A35: Date estive
A36: Nombre d'animaux GP
A37: Nombre d'animaux exploitation

Sheet  Elevage
C2: janvier | D2: février | E2: mars | F2: avril | G2: mai | H2: juin | I2: juillet | J2: août | K2: septembre | L2: octobre | M2: novembre | N2: décembre | O2: janvier | P2: TOTAL | S2: Cohérence
B3: Effectif brebis | D3: =C3+C5+C6-C7-C9 -> 0 | E3: =D3+D4+D5+D6-D7-D9 -> 0 | F3: =E3+E4+E5+E6-E7-E9 -> 0 | G3: =F3+F4+F5+F6-F7-F9 -> 0 | H3: =G3+G4+G5+G6-G7-G9 -> 0 | I3: =H3+H4+H5+H6-H7-H9 -> 0 | J3: =I3+I4+I5+I6-I7-I9 -> 0 | K3: =J3+J4+J5+J6-J7-J9 -> 0 | L3: =K3+K4+K5+K6-K7-K9 -> 0 | ... O3: =N3+N4+N5+N6-N7-N9 -> 0 | P3: =AVERAGE(C3:N3) -> 0 | Q3: EMP | S3: Achat reproductrice | U3: =P5-'Charges ovin'!C30-'Charges ovin'!C32 -> 0
B4: dont agnelles | S4: Vente brebis | U4: =P9-Calcule!I39-Calcule!I42 -> 0
B5: Achats | P5: =SUM(C5:O5) -> 0 | S5: Renouvellement | U5: =R12+P6-K12-K20 -> 0
B6: Agnelles autorenouvellement | P6: =SUM(C6:O6) -> 0 | S6: Part femelle mise à la repro | U6: =IF(C3=0,"",E20/C3)
B7: Mortes | P7: =SUM(C7:O7) -> 0 | S7: Taux de mortalité agneau | U7: =IF(G20=0,"",H20/G20)
B8: Dont prédation | S8: Prolificité | U8: =IF(F20=0,"",G20/F20)
B9: Réformées | P9: =SUM(C9:O9) -> 0
C11: Date agnelage | E11: Stock début | H11: Morts | I11: Vendus | K11: Gardés | L11: Autoconso | M11: Stock fin | P11: Stock début | Q11: + Achats | R11: + Auto-renouv | S11: - Ventes | T11: - Morts | U11: = Stock fin
B12: Agneaux stock | H12: =E12-L12-K12-M12-I12 -> 0 | I12: =Calcule!U14+Calcule!U15 -> 0 | L12: =Calcule!U13 -> 0 | N12: =AVERAGE(C12,D12) -> #DIV/0! | O12: Béliers | Q12: ='Charges ovin'!C34 -> 0 | S12: =Calcule!I33+Calcule!I36 -> 0 | U12: =P12+Q12+R12-S12-T12 -> 0
C14: Bilan agnelage
C15: Date agnelage | E15: Nombre femelles | F15: Mise bas | G15: Nés | H15: Morts | I15: Agneaux produits | J15: Vendus | K15: Gardés | L15: Autoconso | M15: Stock fin
B16: Hiver | H16: =G16-I16 -> 0 | I16: =SUM(J16:M16) -> 0 | J16: =Calcule!Q14+Calcule!Q15 -> 0 | L16: =Calcule!Q13 -> 0 | N16: =AVERAGE(C16,D16) -> #DIV/0!
B17: Printemps | H17: =G17-I17 -> 0 | I17: =SUM(J17:M17) -> 0 | J17: =Calcule!R14+Calcule!R15 -> 0 | L17: =Calcule!R13 -> 0 | N17: =AVERAGE(C17,D17) -> #DIV/0!
B18: Eté | H18: =G18-I18 -> 0 | I18: =SUM(J18:M18) -> 0 | J18: =Calcule!S14+Calcule!S15 -> 0 | L18: =Calcule!S13 -> 0 | N18: =AVERAGE(C18,D18) -> #DIV/0!
B19: Automne | H19: =G19-I19 -> 0 | I19: =SUM(J19:M19) -> 0 | J19: =Calcule!T14+Calcule!T15 -> 0 | L19: =Calcule!T13 -> 0 | N19: =AVERAGE(C19,D19) -> #DIV/0!
B20: TOTAL | E20: =SUM(E16:E19) -> 0 | F20: =SUM(F16:F19) -> 0 | G20: =SUM(G16:G19) -> 0 | H20: =SUM(H16:H19) -> 0 | I20: =SUM(I16:I19) -> 0 | J20: =SUM(J16:J19) -> 0 | K20: =SUM(K16:K19) -> 0 | L20: =SUM(L16:L19) -> 0 | M20: =SUM(M16:M19) -> 0

Sheet Produit ovin
A2: VENTE ANIMAUX | M2: PRODUITS ANIMAUX
A3: Date | B3: Agnelage | C3: Commercialisation | D3: Type animaux | E3: Nombre | F3: Poids carcasse | G3: Montant | H3: Poids moyen | I3: Montant/poids | J3: Montant individu | K3: Age moyen | M3: Viande | N3: Montant | O3: =Calcule!I47 -> 0
H4: =IF(F4=0,"",F4/E4) | I4: =IF(F4=0,"",G4/F4) | J4: =IF(E4=0,"",G4/E4) | K4: =IF(B4="Printemps",_xlfn.DAYS(A4,' Elevage'!N$17),IF(B4="Eté",_xlfn.DAYS(A4,' Elevage'!N$18),IF(B4="Automne",_xlfn.DAYS(A4,' Elevage'!N$19),IF(B4="Hiver",_xlfn.DAYS(A4,' Elevage'!N$16),IF(B4="Stock",_xlfn.DAYS(A4,' Elevage'!N$12),""))))) | M4: Laine | N4: Montant | O4: =SUM(P4:X4) -> 0
H5: =IF(F5=0,"",F5/E5) | I5: =IF(F5=0,"",G5/F5) | J5: =IF(E5=0,"",G5/E5) | K5: =IF(B5="Printemps",_xlfn.DAYS(A5,' Elevage'!N$17),IF(B5="Eté",_xlfn.DAYS(A5,' Elevage'!N$18),IF(B5="Automne",_xlfn.DAYS(A5,' Elevage'!N$19),IF(B5="Hiver",_xlfn.DAYS(A5,' Elevage'!N$16),IF(B5="Stock",_xlfn.DAYS(A5,' Elevage'!N$12),""))))) | N5: Quantité (t) | O5: =SUM(P5:X5) -> 0
H6: =IF(F6=0,"",F6/E6) | I6: =IF(F6=0,"",G6/F6) | J6: =IF(E6=0,"",G6/E6) | K6: =IF(B6="Printemps",_xlfn.DAYS(A6,' Elevage'!N$17),IF(B6="Eté",_xlfn.DAYS(A6,' Elevage'!N$18),IF(B6="Automne",_xlfn.DAYS(A6,' Elevage'!N$19),IF(B6="Hiver",_xlfn.DAYS(A6,' Elevage'!N$16),IF(B6="Stock",_xlfn.DAYS(A6,' Elevage'!N$12),""))))) | M6: Fumier | N6: Montant | O6: =SUM(P6:X6) -> 0
H7: =IF(F7=0,"",F7/E7) | I7: =IF(F7=0,"",G7/F7) | J7: =IF(E7=0,"",G7/E7) | K7: =IF(B7="Printemps",_xlfn.DAYS(A7,' Elevage'!N$17),IF(B7="Eté",_xlfn.DAYS(A7,' Elevage'!N$18),IF(B7="Automne",_xlfn.DAYS(A7,' Elevage'!N$19),IF(B7="Hiver",_xlfn.DAYS(A7,' Elevage'!N$16),IF(B7="Stock",_xlfn.DAYS(A7,' Elevage'!N$12),""))))) | N7: Quantité (t) | O7: =SUM(P7:X7) -> 0
H8: =IF(F8=0,"",F8/E8) | I8: =IF(F8=0,"",G8/F8) | J8: =IF(E8=0,"",G8/E8) | K8: =IF(B8="Printemps",_xlfn.DAYS(A8,' Elevage'!N$17),IF(B8="Eté",_xlfn.DAYS(A8,' Elevage'!N$18),IF(B8="Automne",_xlfn.DAYS(A8,' Elevage'!N$19),IF(B8="Hiver",_xlfn.DAYS(A8,' Elevage'!N$16),IF(B8="Stock",_xlfn.DAYS(A8,' Elevage'!N$12),""))))) | M8: Autres produits | N8: Montant | O8: =SUM(P8:X8) -> 0
H9: =IF(F9=0,"",F9/E9) | I9: =IF(F9=0,"",G9/F9) | J9: =IF(E9=0,"",G9/E9) | K9: =IF(B9="Printemps",_xlfn.DAYS(A9,' Elevage'!N$17),IF(B9="Eté",_xlfn.DAYS(A9,' Elevage'!N$18),IF(B9="Automne",_xlfn.DAYS(A9,' Elevage'!N$19),IF(B9="Hiver",_xlfn.DAYS(A9,' Elevage'!N$16),IF(B9="Stock",_xlfn.DAYS(A9,' Elevage'!N$12),""))))) | M9: Indémnité | N9: Montant | O9: =SUM(P9:X9) -> 0
H10: =IF(F10=0,"",F10/E10) | I10: =IF(F10=0,"",G10/F10) | J10: =IF(E10=0,"",G10/E10) | K10: =IF(B10="Printemps",_xlfn.DAYS(A10,' Elevage'!N$17),IF(B10="Eté",_xlfn.DAYS(A10,' Elevage'!N$18),IF(B10="Automne",_xlfn.DAYS(A10,' Elevage'!N$19),IF(B10="Hiver",_xlfn.DAYS(A10,' Elevage'!N$16),IF(B10="Stock",_xlfn.DAYS(A10,' Elevage'!N$12),""))))) | M10: PRODUITS SFP
H11: =IF(F11=0,"",F11/E11) | I11: =IF(F11=0,"",G11/F11) | J11: =IF(E11=0,"",G11/E11) | K11: =IF(B11="Printemps",_xlfn.DAYS(A11,' Elevage'!N$17),IF(B11="Eté",_xlfn.DAYS(A11,' Elevage'!N$18),IF(B11="Automne",_xlfn.DAYS(A11,' Elevage'!N$19),IF(B11="Hiver",_xlfn.DAYS(A11,' Elevage'!N$16),IF(B11="Stock",_xlfn.DAYS(A11,' Elevage'!N$12),""))))) | M11: Fourrage vendu | N11: Montant | O11: =SUM(P11:X11) -> 0
H12: =IF(F12=0,"",F12/E12) | I12: =IF(F12=0,"",G12/F12) | J12: =IF(E12=0,"",G12/E12) | K12: =IF(B12="Printemps",_xlfn.DAYS(A12,' Elevage'!N$17),IF(B12="Eté",_xlfn.DAYS(A12,' Elevage'!N$18),IF(B12="Automne",_xlfn.DAYS(A12,' Elevage'!N$19),IF(B12="Hiver",_xlfn.DAYS(A12,' Elevage'!N$16),IF(B12="Stock",_xlfn.DAYS(A12,' Elevage'!N$12),""))))) | N12: Quantité (t) | O12: =SUM(P12:X12) -> 0
H13: =IF(F13=0,"",F13/E13) | I13: =IF(F13=0,"",G13/F13) | J13: =IF(E13=0,"",G13/E13) | K13: =IF(B13="Printemps",_xlfn.DAYS(A13,' Elevage'!N$17),IF(B13="Eté",_xlfn.DAYS(A13,' Elevage'!N$18),IF(B13="Automne",_xlfn.DAYS(A13,' Elevage'!N$19),IF(B13="Hiver",_xlfn.DAYS(A13,' Elevage'!N$16),IF(B13="Stock",_xlfn.DAYS(A13,' Elevage'!N$12),""))))) | M13: TOTAL | O13: =O4+O6+O7+O9+O3+O11+O8 -> 0
H14: =IF(F14=0,"",F14/E14) | I14: =IF(F14=0,"",G14/F14) | J14: =IF(E14=0,"",G14/E14) | K14: =IF(B14="Printemps",_xlfn.DAYS(A14,' Elevage'!N$17),IF(B14="Eté",_xlfn.DAYS(A14,' Elevage'!N$18),IF(B14="Automne",_xlfn.DAYS(A14,' Elevage'!N$19),IF(B14="Hiver",_xlfn.DAYS(A14,' Elevage'!N$16),IF(B14="Stock",_xlfn.DAYS(A14,' Elevage'!N$12),"")))))
H15: =IF(F15=0,"",F15/E15) | I15: =IF(F15=0,"",G15/F15) | J15: =IF(E15=0,"",G15/E15) | K15: =IF(B15="Printemps",_xlfn.DAYS(A15,' Elevage'!N$17),IF(B15="Eté",_xlfn.DAYS(A15,' Elevage'!N$18),IF(B15="Automne",_xlfn.DAYS(A15,' Elevage'!N$19),IF(B15="Hiver",_xlfn.DAYS(A15,' Elevage'!N$16),IF(B15="Stock",_xlfn.DAYS(A15,' Elevage'!N$12),"")))))
H16: =IF(F16=0,"",F16/E16) | I16: =IF(F16=0,"",G16/F16) | J16: =IF(E16=0,"",G16/E16) | K16: =IF(B16="Printemps",_xlfn.DAYS(A16,' Elevage'!N$17),IF(B16="Eté",_xlfn.DAYS(A16,' Elevage'!N$18),IF(B16="Automne",_xlfn.DAYS(A16,' Elevage'!N$19),IF(B16="Hiver",_xlfn.DAYS(A16,' Elevage'!N$16),IF(B16="Stock",_xlfn.DAYS(A16,' Elevage'!N$12),"")))))
H17: =IF(F17=0,"",F17/E17) | I17: =IF(F17=0,"",G17/F17) | J17: =IF(E17=0,"",G17/E17) | K17: =IF(B17="Printemps",_xlfn.DAYS(A17,' Elevage'!N$17),IF(B17="Eté",_xlfn.DAYS(A17,' Elevage'!N$18),IF(B17="Automne",_xlfn.DAYS(A17,' Elevage'!N$19),IF(B17="Hiver",_xlfn.DAYS(A17,' Elevage'!N$16),IF(B17="Stock",_xlfn.DAYS(A17,' Elevage'!N$12),"")))))
H18: =IF(F18=0,"",F18/E18) | I18: =IF(F18=0,"",G18/F18) | J18: =IF(E18=0,"",G18/E18) | K18: =IF(B18="Printemps",_xlfn.DAYS(A18,' Elevage'!N$17),IF(B18="Eté",_xlfn.DAYS(A18,' Elevage'!N$18),IF(B18="Automne",_xlfn.DAYS(A18,' Elevage'!N$19),IF(B18="Hiver",_xlfn.DAYS(A18,' Elevage'!N$16),IF(B18="Stock",_xlfn.DAYS(A18,' Elevage'!N$12),"")))))
H19: =IF(F19=0,"",F19/E19) | I19: =IF(F19=0,"",G19/F19) | J19: =IF(E19=0,"",G19/E19) | K19: =IF(B19="Printemps",_xlfn.DAYS(A19,' Elevage'!N$17),IF(B19="Eté",_xlfn.DAYS(A19,' Elevage'!N$18),IF(B19="Automne",_xlfn.DAYS(A19,' Elevage'!N$19),IF(B19="Hiver",_xlfn.DAYS(A19,' Elevage'!N$16),IF(B19="Stock",_xlfn.DAYS(A19,' Elevage'!N$12),"")))))
H20: =IF(F20=0,"",F20/E20) | I20: =IF(F20=0,"",G20/F20) | J20: =IF(E20=0,"",G20/E20) | K20: =IF(B20="Printemps",_xlfn.DAYS(A20,' Elevage'!N$17),IF(B20="Eté",_xlfn.DAYS(A20,' Elevage'!N$18),IF(B20="Automne",_xlfn.DAYS(A20,' Elevage'!N$19),IF(B20="Hiver",_xlfn.DAYS(A20,' Elevage'!N$16),IF(B20="Stock",_xlfn.DAYS(A20,' Elevage'!N$12),"")))))
H21: =IF(F21=0,"",F21/E21) | I21: =IF(F21=0,"",G21/F21) | J21: =IF(E21=0,"",G21/E21) | K21: =IF(B21="Printemps",_xlfn.DAYS(A21,' Elevage'!N$17),IF(B21="Eté",_xlfn.DAYS(A21,' Elevage'!N$18),IF(B21="Automne",_xlfn.DAYS(A21,' Elevage'!N$19),IF(B21="Hiver",_xlfn.DAYS(A21,' Elevage'!N$16),IF(B21="Stock",_xlfn.DAYS(A21,' Elevage'!N$12),""))))) | M21: Poids carcasse de référence
H22: =IF(F22=0,"",F22/E22) | I22: =IF(F22=0,"",G22/F22) | J22: =IF(E22=0,"",G22/E22) | K22: =IF(B22="Printemps",_xlfn.DAYS(A22,' Elevage'!N$17),IF(B22="Eté",_xlfn.DAYS(A22,' Elevage'!N$18),IF(B22="Automne",_xlfn.DAYS(A22,' Elevage'!N$19),IF(B22="Hiver",_xlfn.DAYS(A22,' Elevage'!N$16),IF(B22="Stock",_xlfn.DAYS(A22,' Elevage'!N$12),""))))) | M22: Agneaux lourds label | N22: =Références!N2 -> 16.5
H23: =IF(F23=0,"",F23/E23) | I23: =IF(F23=0,"",G23/F23) | J23: =IF(E23=0,"",G23/E23) | K23: =IF(B23="Printemps",_xlfn.DAYS(A23,' Elevage'!N$17),IF(B23="Eté",_xlfn.DAYS(A23,' Elevage'!N$18),IF(B23="Automne",_xlfn.DAYS(A23,' Elevage'!N$19),IF(B23="Hiver",_xlfn.DAYS(A23,' Elevage'!N$16),IF(B23="Stock",_xlfn.DAYS(A23,' Elevage'!N$12),""))))) | M23: Agneaux lourds bio | N23: =Références!N3 -> 16.5
H24: =IF(F24=0,"",F24/E24) | I24: =IF(F24=0,"",G24/F24) | J24: =IF(E24=0,"",G24/E24) | K24: =IF(B24="Printemps",_xlfn.DAYS(A24,' Elevage'!N$17),IF(B24="Eté",_xlfn.DAYS(A24,' Elevage'!N$18),IF(B24="Automne",_xlfn.DAYS(A24,' Elevage'!N$19),IF(B24="Hiver",_xlfn.DAYS(A24,' Elevage'!N$16),IF(B24="Stock",_xlfn.DAYS(A24,' Elevage'!N$12),""))))) | M24: Agneaux lourds standards | N24: =Références!N4 -> 17
H25: =IF(F25=0,"",F25/E25) | I25: =IF(F25=0,"",G25/F25) | J25: =IF(E25=0,"",G25/E25) | K25: =IF(B25="Printemps",_xlfn.DAYS(A25,' Elevage'!N$17),IF(B25="Eté",_xlfn.DAYS(A25,' Elevage'!N$18),IF(B25="Automne",_xlfn.DAYS(A25,' Elevage'!N$19),IF(B25="Hiver",_xlfn.DAYS(A25,' Elevage'!N$16),IF(B25="Stock",_xlfn.DAYS(A25,' Elevage'!N$12),""))))) | M25: Agneaux lourd adret | N25: =Références!N5 -> 17
H26: =IF(F26=0,"",F26/E26) | I26: =IF(F26=0,"",G26/F26) | J26: =IF(E26=0,"",G26/E26) | K26: =IF(B26="Printemps",_xlfn.DAYS(A26,' Elevage'!N$17),IF(B26="Eté",_xlfn.DAYS(A26,' Elevage'!N$18),IF(B26="Automne",_xlfn.DAYS(A26,' Elevage'!N$19),IF(B26="Hiver",_xlfn.DAYS(A26,' Elevage'!N$16),IF(B26="Stock",_xlfn.DAYS(A26,' Elevage'!N$12),""))))) | M26: Tardons maigres | N26: =Références!N6 -> 11.5
H27: =IF(F27=0,"",F27/E27) | I27: =IF(F27=0,"",G27/F27) | J27: =IF(E27=0,"",G27/E27) | K27: =IF(B27="Printemps",_xlfn.DAYS(A27,' Elevage'!N$17),IF(B27="Eté",_xlfn.DAYS(A27,' Elevage'!N$18),IF(B27="Automne",_xlfn.DAYS(A27,' Elevage'!N$19),IF(B27="Hiver",_xlfn.DAYS(A27,' Elevage'!N$16),IF(B27="Stock",_xlfn.DAYS(A27,' Elevage'!N$12),""))))) | M27: Tardons finis | N27: =Références!N7 -> 16.5
H28: =IF(F28=0,"",F28/E28) | I28: =IF(F28=0,"",G28/F28) | J28: =IF(E28=0,"",G28/E28) | K28: =IF(B28="Printemps",_xlfn.DAYS(A28,' Elevage'!N$17),IF(B28="Eté",_xlfn.DAYS(A28,' Elevage'!N$18),IF(B28="Automne",_xlfn.DAYS(A28,' Elevage'!N$19),IF(B28="Hiver",_xlfn.DAYS(A28,' Elevage'!N$16),IF(B28="Stock",_xlfn.DAYS(A28,' Elevage'!N$12),""))))) | M28: Agneaux maigres | N28: =Références!N8 -> 11.5
H29: =IF(F29=0,"",F29/E29) | I29: =IF(F29=0,"",G29/F29) | J29: =IF(E29=0,"",G29/E29) | K29: =IF(B29="Printemps",_xlfn.DAYS(A29,' Elevage'!N$17),IF(B29="Eté",_xlfn.DAYS(A29,' Elevage'!N$18),IF(B29="Automne",_xlfn.DAYS(A29,' Elevage'!N$19),IF(B29="Hiver",_xlfn.DAYS(A29,' Elevage'!N$16),IF(B29="Stock",_xlfn.DAYS(A29,' Elevage'!N$12),""))))) | M29: Agneaux légers | N29: =Références!N9 -> 10
H30: =IF(F30=0,"",F30/E30) | I30: =IF(F30=0,"",G30/F30) | J30: =IF(E30=0,"",G30/E30) | K30: =IF(B30="Printemps",_xlfn.DAYS(A30,' Elevage'!N$17),IF(B30="Eté",_xlfn.DAYS(A30,' Elevage'!N$18),IF(B30="Automne",_xlfn.DAYS(A30,' Elevage'!N$19),IF(B30="Hiver",_xlfn.DAYS(A30,' Elevage'!N$16),IF(B30="Stock",_xlfn.DAYS(A30,' Elevage'!N$12),""))))) | M30: Jeunes femelles reproduction | N30: =Références!N10 -> 20
H31: =IF(F31=0,"",F31/E31) | I31: =IF(F31=0,"",G31/F31) | J31: =IF(E31=0,"",G31/E31) | K31: =IF(B31="Printemps",_xlfn.DAYS(A31,' Elevage'!N$17),IF(B31="Eté",_xlfn.DAYS(A31,' Elevage'!N$18),IF(B31="Automne",_xlfn.DAYS(A31,' Elevage'!N$19),IF(B31="Hiver",_xlfn.DAYS(A31,' Elevage'!N$16),IF(B31="Stock",_xlfn.DAYS(A31,' Elevage'!N$12),""))))) | M31: Jeunes males reproduction | N31: =Références!N11 -> 25
H32: =IF(F32=0,"",F32/E32) | I32: =IF(F32=0,"",G32/F32) | J32: =IF(E32=0,"",G32/E32) | K32: =IF(B32="Printemps",_xlfn.DAYS(A32,' Elevage'!N$17),IF(B32="Eté",_xlfn.DAYS(A32,' Elevage'!N$18),IF(B32="Automne",_xlfn.DAYS(A32,' Elevage'!N$19),IF(B32="Hiver",_xlfn.DAYS(A32,' Elevage'!N$16),IF(B32="Stock",_xlfn.DAYS(A32,' Elevage'!N$12),"")))))
H33: =IF(F33=0,"",F33/E33) | I33: =IF(F33=0,"",G33/F33) | J33: =IF(E33=0,"",G33/E33) | K33: =IF(B33="Printemps",_xlfn.DAYS(A33,' Elevage'!N$17),IF(B33="Eté",_xlfn.DAYS(A33,' Elevage'!N$18),IF(B33="Automne",_xlfn.DAYS(A33,' Elevage'!N$19),IF(B33="Hiver",_xlfn.DAYS(A33,' Elevage'!N$16),IF(B33="Stock",_xlfn.DAYS(A33,' Elevage'!N$12),"")))))
H34: =IF(F34=0,"",F34/E34) | I34: =IF(F34=0,"",G34/F34) | J34: =IF(E34=0,"",G34/E34) | K34: =IF(B34="Printemps",_xlfn.DAYS(A34,' Elevage'!N$17),IF(B34="Eté",_xlfn.DAYS(A34,' Elevage'!N$18),IF(B34="Automne",_xlfn.DAYS(A34,' Elevage'!N$19),IF(B34="Hiver",_xlfn.DAYS(A34,' Elevage'!N$16),IF(B34="Stock",_xlfn.DAYS(A34,' Elevage'!N$12),"")))))
H35: =IF(F35=0,"",F35/E35) | I35: =IF(F35=0,"",G35/F35) | J35: =IF(E35=0,"",G35/E35) | K35: =IF(B35="Printemps",_xlfn.DAYS(A35,' Elevage'!N$17),IF(B35="Eté",_xlfn.DAYS(A35,' Elevage'!N$18),IF(B35="Automne",_xlfn.DAYS(A35,' Elevage'!N$19),IF(B35="Hiver",_xlfn.DAYS(A35,' Elevage'!N$16),IF(B35="Stock",_xlfn.DAYS(A35,' Elevage'!N$12),"")))))
H36: =IF(F36=0,"",F36/E36) | I36: =IF(F36=0,"",G36/F36) | J36: =IF(E36=0,"",G36/E36) | K36: =IF(B36="Printemps",_xlfn.DAYS(A36,' Elevage'!N$17),IF(B36="Eté",_xlfn.DAYS(A36,' Elevage'!N$18),IF(B36="Automne",_xlfn.DAYS(A36,' Elevage'!N$19),IF(B36="Hiver",_xlfn.DAYS(A36,' Elevage'!N$16),IF(B36="Stock",_xlfn.DAYS(A36,' Elevage'!N$12),"")))))
H37: =IF(F37=0,"",F37/E37) | I37: =IF(F37=0,"",G37/F37) | J37: =IF(E37=0,"",G37/E37) | K37: =IF(B37="Printemps",_xlfn.DAYS(A37,' Elevage'!N$17),IF(B37="Eté",_xlfn.DAYS(A37,' Elevage'!N$18),IF(B37="Automne",_xlfn.DAYS(A37,' Elevage'!N$19),IF(B37="Hiver",_xlfn.DAYS(A37,' Elevage'!N$16),IF(B37="Stock",_xlfn.DAYS(A37,' Elevage'!N$12),"")))))
H38: =IF(F38=0,"",F38/E38) | I38: =IF(F38=0,"",G38/F38) | J38: =IF(E38=0,"",G38/E38) | K38: =IF(B38="Printemps",_xlfn.DAYS(A38,' Elevage'!N$17),IF(B38="Eté",_xlfn.DAYS(A38,' Elevage'!N$18),IF(B38="Automne",_xlfn.DAYS(A38,' Elevage'!N$19),IF(B38="Hiver",_xlfn.DAYS(A38,' Elevage'!N$16),IF(B38="Stock",_xlfn.DAYS(A38,' Elevage'!N$12),"")))))
H39: =IF(F39=0,"",F39/E39) | I39: =IF(F39=0,"",G39/F39) | J39: =IF(E39=0,"",G39/E39) | K39: =IF(B39="Printemps",_xlfn.DAYS(A39,' Elevage'!N$17),IF(B39="Eté",_xlfn.DAYS(A39,' Elevage'!N$18),IF(B39="Automne",_xlfn.DAYS(A39,' Elevage'!N$19),IF(B39="Hiver",_xlfn.DAYS(A39,' Elevage'!N$16),IF(B39="Stock",_xlfn.DAYS(A39,' Elevage'!N$12),"")))))
H40: =IF(F40=0,"",F40/E40) | I40: =IF(F40=0,"",G40/F40) | J40: =IF(E40=0,"",G40/E40) | K40: =IF(B40="Printemps",_xlfn.DAYS(A40,' Elevage'!N$17),IF(B40="Eté",_xlfn.DAYS(A40,' Elevage'!N$18),IF(B40="Automne",_xlfn.DAYS(A40,' Elevage'!N$19),IF(B40="Hiver",_xlfn.DAYS(A40,' Elevage'!N$16),IF(B40="Stock",_xlfn.DAYS(A40,' Elevage'!N$12),"")))))
H41: =IF(F41=0,"",F41/E41) | I41: =IF(F41=0,"",G41/F41) | J41: =IF(E41=0,"",G41/E41) | K41: =IF(B41="Printemps",_xlfn.DAYS(A41,' Elevage'!N$17),IF(B41="Eté",_xlfn.DAYS(A41,' Elevage'!N$18),IF(B41="Automne",_xlfn.DAYS(A41,' Elevage'!N$19),IF(B41="Hiver",_xlfn.DAYS(A41,' Elevage'!N$16),IF(B41="Stock",_xlfn.DAYS(A41,' Elevage'!N$12),"")))))
H42: =IF(F42=0,"",F42/E42) | I42: =IF(F42=0,"",G42/F42) | J42: =IF(E42=0,"",G42/E42) | K42: =IF(B42="Printemps",_xlfn.DAYS(A42,' Elevage'!N$17),IF(B42="Eté",_xlfn.DAYS(A42,' Elevage'!N$18),IF(B42="Automne",_xlfn.DAYS(A42,' Elevage'!N$19),IF(B42="Hiver",_xlfn.DAYS(A42,' Elevage'!N$16),IF(B42="Stock",_xlfn.DAYS(A42,' Elevage'!N$12),"")))))
H43: =IF(F43=0,"",F43/E43) | I43: =IF(F43=0,"",G43/F43) | J43: =IF(E43=0,"",G43/E43) | K43: =IF(B43="Printemps",_xlfn.DAYS(A43,' Elevage'!N$17),IF(B43="Eté",_xlfn.DAYS(A43,' Elevage'!N$18),IF(B43="Automne",_xlfn.DAYS(A43,' Elevage'!N$19),IF(B43="Hiver",_xlfn.DAYS(A43,' Elevage'!N$16),IF(B43="Stock",_xlfn.DAYS(A43,' Elevage'!N$12),"")))))
... H362: =IF(F362=0,"",F362/E362) | I362: =IF(F362=0,"",G362/F362) | J362: =IF(E362=0,"",G362/E362) | K362: =IF(B362="Printemps",_xlfn.DAYS(A362,' Elevage'!N$17),IF(B362="Eté",_xlfn.DAYS(A362,' Elevage'!N$18),IF(B362="Automne",_xlfn.DAYS(A362,' Elevage'!N$19),IF(B362="Hiver",_xlfn.DAYS(A362,' Elevage'!N$16),IF(B362="Stock",_xlfn.DAYS(A362,' Elevage'!N$12),"")))))
B363: Stock | C363: Autoconsommation | D363: Autoconsommé | H363: =IF(F363=0,"",F363/E363) | I363: =IF(F363=0,"",G363/F363) | J363: =IF(E363=0,"",G363/E363)
B364: Hiver | C364: Autoconsommation | D364: Autoconsommé | H364: =IF(F364=0,"",F364/E364) | I364: =IF(F364=0,"",G364/F364) | J364: =IF(E364=0,"",G364/E364)
B365: Printemps | C365: Autoconsommation | D365: Autoconsommé | H365: =IF(F365=0,"",F365/E365) | I365: =IF(F365=0,"",G365/F365) | J365: =IF(E365=0,"",G365/E365)
B366: Eté | C366: Autoconsommation | D366: Autoconsommé
B367: Automne | C367: Autoconsommation | D367: Autoconsommé
B368: Adulte | C368: Circuit long | D368: Brebis reproduction
A369: pour tableau croisé | B369: Automne | D369: Agneaux lourd adret | H369: =IF(F369=0,"",F369/E369) | I369: =IF(F369=0,"",G369/F369) | J369: =IF(E369=0,"",G369/E369)
A370: pour tableau croisé | B370: Automne | D370: Agneaux lourds label | H370: =IF(F370=0,"",F370/E370) | I370: =IF(F370=0,"",G370/F370) | J370: =IF(E370=0,"",G370/E370)
A371: pour tableau croisé | B371: Automne | D371: Agneaux lourds bio | H371: =IF(F371=0,"",F371/E371) | I371: =IF(F371=0,"",G371/F371) | J371: =IF(E371=0,"",G371/E371)
A372: pour tableau croisé | B372: Automne | D372: Agneaux lourds standards | H372: =IF(F372=0,"",F372/E372) | I372: =IF(F372=0,"",G372/F372) | J372: =IF(E372=0,"",G372/E372)
A373: pour tableau croisé | B373: Automne | D373: Tardons maigres | H373: =IF(F373=0,"",F373/E373) | I373: =IF(F373=0,"",G373/F373) | J373: =IF(E373=0,"",G373/E373)
A374: pour tableau croisé | B374: Automne | D374: Tardons finis | H374: =IF(F374=0,"",F374/E374) | I374: =IF(F374=0,"",G374/F374) | J374: =IF(E374=0,"",G374/E374)
A375: pour tableau croisé | B375: Automne | D375: Agneaux maigres | H375: =IF(F375=0,"",F375/E375) | I375: =IF(F375=0,"",G375/F375) | J375: =IF(E375=0,"",G375/E375)
A376: pour tableau croisé | B376: Automne | D376: Agneaux légers | H376: =IF(F376=0,"",F376/E376) | I376: =IF(F376=0,"",G376/F376) | J376: =IF(E376=0,"",G376/E376)
A377: pour tableau croisé | B377: Automne | D377: Brebis réformés | H377: =IF(F377=0,"",F377/E377) | I377: =IF(F377=0,"",G377/F377) | J377: =IF(E377=0,"",G377/E377)
A378: pour tableau croisé | B378: Eté | D378: Brebis réformés | H378: =IF(F378=0,"",F378/E378) | I378: =IF(F378=0,"",G378/F378) | J378: =IF(E378=0,"",G378/E378)
A379: pour tableau croisé | B379: Automne | D379: Béliers réformés | H379: =IF(F379=0,"",F379/E379) | I379: =IF(F379=0,"",G379/F379) | J379: =IF(E379=0,"",G379/E379)
A380: pour tableau croisé | B380: Automne | D380: Jeunes femelles reproduction | H380: =IF(F380=0,"",F380/E380) | I380: =IF(F380=0,"",G380/F380) | J380: =IF(E380=0,"",G380/E380)
... A398: pour tableau croisé | B398: Eté | D398: Béliers reproduction | H398: =IF(F398=0,"",F398/E398) | I398: =IF(F398=0,"",G398/F398) | J398: =IF(E398=0,"",G398/E398)
A399: pour tableau croisé | B399: Hiver | C399: Vente en directe | D399: Agneaux lourd adret | H399: =IF(F399=0,"",F399/E399) | I399: =IF(F399=0,"",G399/F399) | J399: =IF(E399=0,"",G399/E399)
A400: pour tableau croisé | B400: Hiver | C400: Vente en directe | D400: Agneaux lourds label | H400: =IF(F400=0,"",F400/E400) | I400: =IF(F400=0,"",G400/F400) | J400: =IF(E400=0,"",G400/E400)
A401: pour tableau croisé | B401: Hiver | C401: Vente en directe | D401: Agneaux lourds bio | H401: =IF(F401=0,"",F401/E401) | I401: =IF(F401=0,"",G401/F401) | J401: =IF(E401=0,"",G401/E401)
A402: pour tableau croisé | B402: Hiver | C402: Vente en directe | D402: Agneaux lourds standards | H402: =IF(F402=0,"",F402/E402) | I402: =IF(F402=0,"",G402/F402) | J402: =IF(E402=0,"",G402/E402)
A403: pour tableau croisé | B403: Hiver | C403: Vente en directe | D403: Tardons maigres | H403: =IF(F403=0,"",F403/E403) | I403: =IF(F403=0,"",G403/F403) | J403: =IF(E403=0,"",G403/E403)
A404: pour tableau croisé | B404: Hiver | C404: Vente en directe | D404: Tardons finis | H404: =IF(F404=0,"",F404/E404) | I404: =IF(F404=0,"",G404/F404) | J404: =IF(E404=0,"",G404/E404)
A405: pour tableau croisé | B405: Hiver | C405: Vente en directe | D405: Agneaux maigres | H405: =IF(F405=0,"",F405/E405) | I405: =IF(F405=0,"",G405/F405) | J405: =IF(E405=0,"",G405/E405)
A406: pour tableau croisé | B406: Hiver | C406: Vente en directe | D406: Agneaux légers | H406: =IF(F406=0,"",F406/E406) | I406: =IF(F406=0,"",G406/F406) | J406: =IF(E406=0,"",G406/E406)
A407: pour tableau croisé | B407: Hiver | C407: Vente en directe | D407: Brebis réformés | H407: =IF(F407=0,"",F407/E407) | I407: =IF(F407=0,"",G407/F407) | J407: =IF(E407=0,"",G407/E407)
A408: pour tableau croisé | B408: Hiver | C408: Vente en directe | D408: Brebis réformés | H408: =IF(F408=0,"",F408/E408) | I408: =IF(F408=0,"",G408/F408) | J408: =IF(E408=0,"",G408/E408)
A409: pour tableau croisé | B409: Eté | C409: Autoconsommation | D409: Béliers réformés | H409: =IF(F409=0,"",F409/E409) | I409: =IF(F409=0,"",G409/F409) | J409: =IF(E409=0,"",G409/E409)
A410: pour tableau croisé | B410: Hiver | C410: Vente en directe | D410: Jeunes femelles reproduction | H410: =IF(F410=0,"",F410/E410) | I410: =IF(F410=0,"",G410/F410) | J410: =IF(E410=0,"",G410/E410)
... A443: pour tableau croisé | B443: Stock | C443: Autoconsommation | D443: Béliers reproduction | H443: =IF(F443=0,"",F443/E443) | I443: =IF(F443=0,"",G443/F443) | J443: =IF(E443=0,"",G443/E443)
A444: pour tableau croisé | H444: =IF(F444=0,"",F444/E444) | I444: =IF(F444=0,"",G444/F444) | J444: =IF(E444=0,"",G444/E444)

Sheet Charges ovin
A2: FRAIS D'ALIMENTATION | C2: =C4+C9+C11+C13+C15+C17+C19+C20+C6 -> 0
A3: Céréales | B3: Nature
B4: Montant | C4: =SUM(D4:AL4) -> 0
B5: Quantité (t) | C5: =SUM(D5:AL5) -> 0
A6: Céréales cession interne | B6: Montant | C6: =Références!K6*C7 -> 0
A7: Céréales cession interne | B7: Quantité (t) | C7: ='Stock et ration '!H5-'Stock et ration '!D5 -> 0
A8: Concentrés | B8: Nature | D8: complet | R8: Total | S8: complémentaire | AL8: Total
B9: Montant | C9: =SUM(D9:AL9)-R9-AL9 -> 0 | AL9: =SUM(S9:AK9) -> 0
B10: Quantité (t) | C10: =SUM(D10:AL10)-R10-AL10 -> 0 | AL10: =SUM(S10:AK10) -> 0
A11: CMV | B11: Montant | C11: =SUM(D11:AL11) -> 0
B12: Quantité (t) | C12: =SUM(D12:AL12) -> 0
A13: Lait en poudre | B13: Montant | C13: =SUM(D13:AL13) -> 0
B14: Quantité (t) | C14: =SUM(D14:AL14) -> 0
A15: Foin | B15: Montant | C15: =SUM(D15:AL15) -> 0
B16: Quantité (t) | C16: =SUM(D16:AL16) -> 0
A17: Paille | B17: Montant | C17: =SUM(D17:AL17) -> 0
B18: Quantité (t) | C18: =SUM(D18:AL18) -> 0
A19: Herbe sur pied | B19: Montant | C19: =SUM(D19:AL19) -> 0
A20: Estive / Hivernage | B20: Montant | C20: =SUM(D20:AM20) -> 0
A21: FRAIS D'ELEVAGE | C21: =C22+C23+C24+C25 -> 0
A22: Frais de reproduction | B22: Montant | C22: =SUM(D22:AL22) -> 0
A23: Identification, GDS, cotisations (coop, ciel d'azur, fdo…) | B23: Montant | C23: =SUM(D23:AL23) -> 0 | D23: GDS | F23: EDER | H23: CVO
A24: Chien conduite | B24: Montant | C24: =SUM(D24:AL24) -> 0
A25: Frais divers élevage | B25: Montant | C25: =SUM(D25:AL25) -> 0 | D25: Boucle
A26: FRAIS DE VETERINAIRE | C26: =C27 -> 0
A27: Frais de vétérinaire | B27: Montant | C27: =SUM(D27:AL27) -> 0
A28: ACHATS D'ANIMAUX | C28: =C29+C31+C33 -> 0
A29: Brebis | B29: Montant | C29: =SUM(D29:AL29) -> 0
B30: Nombre | C30: =SUM(D30:AL30) -> 0
A31: Agnelles | B31: Montant | C31: =SUM(D31:AL31) -> 0
B32: Nombre | C32: =SUM(D32:AL32) -> 0
A33: Bélier | B33: Montant | C33: =SUM(D33:AL33) -> 0
B34: Nombre | C34: =SUM(D34:AL34) -> 0
A35: AUTRES | C35: =SUM(C36:C42) -> 0
A36: Taxe animale | B36: Montant | C36: =SUM(E36:AL36) -> 0 | D36: Interbev | E36: =0.014*Calcule!AU52+0.28*(' Elevage'!P9+' Elevage'!S12) -> 0
A37: Traveaux par tiers (tonte, parage..) | B37: Montant | C37: =SUM(D37:AL37) -> 0
A38: Dates d'abattage
A39: Nombre d'agneaux | B39: Nombre | C39: =SUM(D39:AL39) -> 0
A40: Poids carcasse | B40: Quantité(kg) | C40: =SUM(D40:AL40) -> 0
A41: Frais de transformation (abattage, découpe..) | B41: Montant | C41: =SUM(D41:AL41) -> 0
A42: Frais de commercialisation | B42: Montant | C42: =SUM(D42:AL42) -> 0
A43: Frais SFPO | C43: =C45+C47+C49+C50+C51+C52+C48 -> 0
A44: Engrais/amendement SFPO | B44: Nature
B45: Montant | C45: =SUM(D45:AG45) -> 0
B46: Quantité (t) | C46: =SUM(D46:AG46) -> 0
A47: Semence SFPO | B47: Montant | C47: =SUM(D47:AG47) -> 0
A48: Produit phyto SFPO | B48: Montant | C48: =SUM(D48:AG48) -> 0
A49: Irrigation SFPO | B49: Montant | C49: =SUM(D49:AG49) -> 0
A50: Ficelle et divers SFPO | B50: Montant | C50: =SUM(D50:AG50) -> 0
A51: Travaux par tiers SFPO | B51: Montant | C51: =SUM(D51:AG51) -> 0
A52: Frais CUMA SFPO | B52: Montant | C52: =SUM(D52:AG52) -> 0
A53: TOTAL | C53: =C2+C21+C26+C35+C43 -> 0

Sheet Stock et ration 
B2: Stock début | C2: Produits | D2: Achats | E2: Ventes | F2: Consommation hors ovin | G2: Stock fin | H2: Consommation Ovin | I2: Consommation par EMP | K2: Autonomie massique
A3: Foin (t) | D3: ='Charges ovin'!C16 -> 0 | H3: =B3+C3+D3-E3-F3-G3 -> 0 | I3: =IF(' Elevage'!P3=0,0,(H3/' Elevage'!P3)*1000) -> 0 | K3: Fourrage | L3: =IF(F3+H3=0,"",C3/(F3+H3))
A4: Paille (t) | D4: ='Charges ovin'!C18 -> 0 | H4: =B4+C4+D4-E4-F4-G4 -> 0 | I4: =IF(' Elevage'!P3=0,0,(H4/' Elevage'!P3)*1000) -> 0 | K4: Paille | L4: =IF((F4+H4)=0,"",C4/(F4+H4))
A5: Grain (t) | D5: ='Charges ovin'!C5 -> 0 | H5: =B5+C5+D5-E5-F5-G5 -> 0 | I5: =IF(' Elevage'!P3=0,0,(H5/' Elevage'!P3)*1000) -> 0 | K5: Céréale et aliment | L5: =IF(F5+H5+F6+H6=0,"",(C5+C6)/(F5+H5+F6+H6))
A6: Aliment (t) | D6: ='Charges ovin'!C10 -> 0 | H6: =B6+C6+D6-E6-F6-G6 -> 0 | I6: =IF(' Elevage'!P3=0,0,(H6/' Elevage'!P3)*1000) -> 0
A8: Description des rations | F8: Répartition des concentrés | I8: reste à répartir
F9: Quantité aliment (t) Agneaux | I9: =H6-H9-H10 -> 0
F10: Quantité aliment (t) Brebis
F11: Quantité céréale (t) Agneaux | I11: =H5-H11-H12 -> 0
F12: Quantité céréale (t) Brebis

Sheet Autres atelier
A2: Atelier | I2: Atelier | Q2: Atelier | Y2: Atelier | AG2: Atelier
A5: Charge | I5: Charge | Q5: Charge | Y5: Charge | AG5: Charge
B6: Montant | C6: =SUM(D6:H6) -> 0 | J6: Montant | K6: =SUM(L6:P6) -> 0 | R6: Montant | S6: =SUM(T6:X6) -> 0 | Z6: Montant | AA6: =SUM(AB6:AF6) -> 0 | AH6: Montant | AI6: =SUM(AJ6:AN6) -> 0
B7: Montant | C7: =SUM(D7:H7) -> 0 | J7: Montant | K7: =SUM(L7:P7) -> 0 | R7: Montant | S7: =SUM(T7:X7) -> 0 | Z7: Montant | AA7: =SUM(AB7:AF7) -> 0 | AH7: Montant | AI7: =SUM(AJ7:AN7) -> 0
B8: Montant | C8: =SUM(D8:H8) -> 0 | J8: Montant | K8: =SUM(L8:P8) -> 0 | R8: Montant | S8: =SUM(T8:X8) -> 0 | Z8: Montant | AA8: =SUM(AB8:AF8) -> 0 | AH8: Montant | AI8: =SUM(AJ8:AN8) -> 0
B9: Montant | C9: =SUM(D9:H9) -> 0 | J9: Montant | K9: =SUM(L9:P9) -> 0 | R9: Montant | S9: =SUM(T9:X9) -> 0 | Z9: Montant | AA9: =SUM(AB9:AF9) -> 0 | AH9: Montant | AI9: =SUM(AJ9:AN9) -> 0
B10: Montant | C10: =SUM(D10:H10) -> 0 | J10: Montant | K10: =SUM(L10:P10) -> 0 | R10: Montant | S10: =SUM(T10:X10) -> 0 | Z10: Montant | AA10: =SUM(AB10:AF10) -> 0 | AH10: Montant | AI10: =SUM(AJ10:AN10) -> 0
B11: Montant | C11: =SUM(D11:H11) -> 0 | J11: Montant | K11: =SUM(L11:P11) -> 0 | R11: Montant | S11: =SUM(T11:X11) -> 0 | Z11: Montant | AA11: =SUM(AB11:AF11) -> 0 | AH11: Montant | AI11: =SUM(AJ11:AN11) -> 0
B12: Montant | C12: =SUM(D12:H12) -> 0 | J12: Montant | K12: =SUM(L12:P12) -> 0 | R12: Montant | S12: =SUM(T12:X12) -> 0 | Z12: Montant | AA12: =SUM(AB12:AF12) -> 0 | AH12: Montant | AI12: =SUM(AJ12:AN12) -> 0
B13: Montant | C13: =SUM(D13:H13) -> 0 | J13: Montant | K13: =SUM(L13:P13) -> 0 | R13: Montant | S13: =SUM(T13:X13) -> 0 | Z13: Montant | AA13: =SUM(AB13:AF13) -> 0 | AH13: Montant | AI13: =SUM(AJ13:AN13) -> 0
A14: TOTAL | C14: =SUM(C6:C13) -> 0 | I14: TOTAL | K14: =SUM(K6:K13) -> 0 | Q14: TOTAL | S14: =SUM(S6:S13) -> 0 | Y14: TOTAL | AA14: =SUM(AA6:AA13) -> 0 | AG14: TOTAL | AI14: =SUM(AI6:AI13) -> 0
A16: Produit | I16: Produit | Q16: Produit | Y16: Produit | AG16: Produit
B17: Montant | C17: =SUM(D17:H17) -> 0 | J17: Montant | K17: =SUM(L17:P17) -> 0 | R17: Montant | S17: =SUM(T17:X17) -> 0 | Z17: Montant | AA17: =SUM(AB17:AF17) -> 0 | AH17: Montant | AI17: =SUM(AJ17:AN17) -> 0
B18: Montant | C18: =SUM(D18:H18) -> 0 | J18: Montant | K18: =SUM(L18:P18) -> 0 | R18: Montant | S18: =SUM(T18:X18) -> 0 | Z18: Montant | AA18: =SUM(AB18:AF18) -> 0 | AH18: Montant | AI18: =SUM(AJ18:AN18) -> 0
B19: Montant | C19: =SUM(D19:H19) -> 0 | J19: Montant | K19: =SUM(L19:P19) -> 0 | R19: Montant | S19: =SUM(T19:X19) -> 0 | Z19: Montant | AA19: =SUM(AB19:AF19) -> 0 | AH19: Montant | AI19: =SUM(AJ19:AN19) -> 0
B20: Montant | C20: =SUM(D20:H20) -> 0 | J20: Montant | K20: =SUM(L20:P20) -> 0 | R20: Montant | S20: =SUM(T20:X20) -> 0 | Z20: Montant | AA20: =SUM(AB20:AF20) -> 0 | AH20: Montant | AI20: =SUM(AJ20:AN20) -> 0
B21: Montant | C21: =SUM(D21:H21) -> 0 | J21: Montant | K21: =SUM(L21:P21) -> 0 | R21: Montant | S21: =SUM(T21:X21) -> 0 | Z21: Montant | AA21: =SUM(AB21:AF21) -> 0 | AH21: Montant | AI21: =SUM(AJ21:AN21) -> 0
B22: Montant | C22: =SUM(D22:H22) -> 0 | J22: Montant | K22: =SUM(L22:P22) -> 0 | R22: Montant | S22: =SUM(T22:X22) -> 0 | Z22: Montant | AA22: =SUM(AB22:AF22) -> 0 | AH22: Montant | AI22: =SUM(AJ22:AN22) -> 0
B23: Montant | C23: =SUM(D23:H23) -> 0 | J23: Montant | K23: =SUM(L23:P23) -> 0 | R23: Montant | S23: =SUM(T23:X23) -> 0 | Z23: Montant | AA23: =SUM(AB23:AF23) -> 0 | AH23: Montant | AI23: =SUM(AJ23:AN23) -> 0
B24: Montant | C24: =SUM(D24:H24) -> 0 | J24: Montant | K24: =SUM(L24:P24) -> 0 | R24: Montant | S24: =SUM(T24:X24) -> 0 | Z24: Montant | AA24: =SUM(AB24:AF24) -> 0 | AH24: Montant | AI24: =SUM(AJ24:AN24) -> 0
B25: Montant | C25: =SUM(D25:H25) -> 0 | J25: Montant | K25: =SUM(L25:P25) -> 0 | R25: Montant | S25: =SUM(T25:X25) -> 0 | Z25: Montant | AA25: =SUM(AB25:AF25) -> 0 | AH25: Montant | AI25: =SUM(AJ25:AN25) -> 0
A26: TOTAL | C26: =SUM(C17:C25) -> 0 | I26: TOTAL | K26: =SUM(K17:K25) -> 0 | Q26: TOTAL | S26: =SUM(S17:S25) -> 0 | Y26: TOTAL | AA26: =SUM(AA17:AA25) -> 0 | AG26: TOTAL | AI26: =SUM(AI17:AI25) -> 0
A28: Marge brute de l'atelier | C28: =C26-C14 -> 0 | I28: Marge brute de l'atelier | K28: =K26-K14 -> 0 | Q28: Marge brute de l'atelier | S28: =S26-S14 -> 0 | Y28: Marge brute de l'atelier | AA28: =AA26-AA14 -> 0 | AG28: Marge brute de l'atelier | AI28: =AI26-AI14 -> 0

Sheet Grandes cultures
A2: Culture | I2: Culture | Q2: Culture | Y2: Culture | AG2: Culture | AO2: Culture | AW2: Culture | BE2: Culture
A3: Surface | C3: Production (t) | E3: =D27+D28+D29 -> 0 | F3: Rendement (qtx/ha) | H3: =IF(B3=0,0,(E3*10)/B3) -> 0 | I3: Surface | K3: Production (t) | M3: =L27+L28+L29 -> 0 | N3: Rendement (qtx/ha) | P3: =IF(J3=0,0,(M3*10)/J3) -> 0 | Q3: Surface | S3: Production (t) | U3: =T27+T28+T29 -> 0 | V3: Rendement (qtx/ha) | X3: =IF(R3=0,0,(U3*10)/R3) -> 0 | Y3: Surface | AA3: Production (t) | AC3: =AB27+AB28+AB29 -> 0 | AD3: Rendement (qtx/ha) | AF3: =IF(Z3=0,0,(AC3*10)/Z3) -> 0 | AG3: Surface | AI3: Production (t) | AK3: =AJ27+AJ28+AJ29 -> 0 | AL3: Rendement (qtx/ha) | AN3: =IF(AH3=0,0,(AK3*10)/AH3) -> 0 | AO3: Surface | AQ3: Production (t) | AS3: =AR27+AR28+AR29 -> 0 | AT3: Rendement (qtx/ha) | AV3: =IF(AP3=0,0,(AS3*10)/AP3) -> 0 | AW3: Surface | AY3: Production (t) | BA3: =AZ27+AZ28+AZ29 -> 0 | BB3: Rendement (qtx/ha) | BD3: =IF(AX3=0,0,(BA3*10)/AX3) -> 0 | BE3: Surface | BG3: Production (t) | BI3: =BH27+BH28+BH29 -> 0 | BJ3: Rendement (qtx/ha) | BL3: =IF(BF3=0,0,(BI3*10)/BF3) -> 0
A5: CHARGES | D5: QUANTITE | E5: PRIX/UNITE | F5: TOTAL | H5: TOTAL/HA | I5: CHARGES | L5: QUANTITE | M5: PRIX/UNITE | N5: TOTAL | P5: TOTAL/HA | Q5: CHARGES | T5: QUANTITE | U5: PRIX/UNITE | V5: TOTAL | X5: TOTAL/HA | Y5: CHARGES | AB5: QUANTITE | AC5: PRIX/UNITE | AD5: TOTAL | AF5: TOTAL/HA | AG5: CHARGES | AJ5: QUANTITE | AK5: PRIX/UNITE | AL5: TOTAL | AN5: TOTAL/HA | AO5: CHARGES | AR5: QUANTITE | AS5: PRIX/UNITE | AT5: TOTAL | AV5: TOTAL/HA | AW5: CHARGES | AZ5: QUANTITE | BA5: PRIX/UNITE | BB5: TOTAL | BD5: TOTAL/HA | BE5: CHARGES | BH5: QUANTITE | BI5: PRIX/UNITE | BJ5: TOTAL | BL5: TOTAL/HA
A6: FERTILISATION | F6: =F7+F8+F9 -> 0 | H6: =IF(B$3=0,"",F6/B$3) | I6: FERTILISATION | N6: =N7+N8+N9 -> 0 | P6: =IF(J$3=0,"",N6/J$3) | Q6: FERTILISATION | V6: =V7+V8+V9 -> 0 | X6: =IF(R$3=0,"",V6/R$3) | Y6: FERTILISATION | AD6: =AD7+AD8+AD9 -> 0 | AF6: =IF(Z$3=0,"",AD6/Z$3) | AG6: FERTILISATION | AL6: =AL7+AL8+AL9 -> 0 | AN6: =IF(AH$3=0,"",AL6/AH$3) | AO6: FERTILISATION | AT6: =AT7+AT8+AT9 -> 0 | AV6: =IF(AP$3=0,"",AT6/AP$3) | AW6: FERTILISATION | BB6: =BB7+BB8+BB9 -> 0 | BD6: =IF(AX$3=0,"",BB6/AX$3) | BE6: FERTILISATION | BJ6: =BJ7+BJ8+BJ9 -> 0 | BL6: =IF(BF$3=0,"",BJ6/BF$3)
A7: Minérale | E7: =IF(D7=0,"",F7/D7) | H7: =IF(B$3=0,"",F7/B$3) | I7: Minérale | M7: =IF(L7=0,"",N7/L7) | P7: =IF(J$3=0,"",N7/J$3) | Q7: Minérale | U7: =IF(T7=0,"",V7/T7) | X7: =IF(R$3=0,"",V7/R$3) | Y7: Minérale | AC7: =IF(AB7=0,"",AD7/AB7) | AF7: =IF(Z$3=0,"",AD7/Z$3) | AG7: Minérale | AK7: =IF(AJ7=0,"",AL7/AJ7) | AN7: =IF(AH$3=0,"",AL7/AH$3) | AO7: Minérale | AS7: =IF(AR7=0,"",AT7/AR7) | AV7: =IF(AP$3=0,"",AT7/AP$3) | AW7: Minérale | BA7: =IF(AZ7=0,"",BB7/AZ7) | BD7: =IF(AX$3=0,"",BB7/AX$3) | BE7: Minérale | BI7: =IF(BH7=0,"",BJ7/BH7) | BL7: =IF(BF$3=0,"",BJ7/BF$3)
A8: Organique | E8: =IF(D8=0,"",F8/D8) | H8: =IF(B$3=0,"",F8/B$3) | I8: Organique | M8: =IF(L8=0,"",N8/L8) | P8: =IF(J$3=0,"",N8/J$3) | Q8: Organique | U8: =IF(T8=0,"",V8/T8) | X8: =IF(R$3=0,"",V8/R$3) | Y8: Organique | AC8: =IF(AB8=0,"",AD8/AB8) | AF8: =IF(Z$3=0,"",AD8/Z$3) | AG8: Organique | AK8: =IF(AJ8=0,"",AL8/AJ8) | AN8: =IF(AH$3=0,"",AL8/AH$3) | AO8: Organique | AS8: =IF(AR8=0,"",AT8/AR8) | AV8: =IF(AP$3=0,"",AT8/AP$3) | AW8: Organique | BA8: =IF(AZ8=0,"",BB8/AZ8) | BD8: =IF(AX$3=0,"",BB8/AX$3) | BE8: Organique | BI8: =IF(BH8=0,"",BJ8/BH8) | BL8: =IF(BF$3=0,"",BJ8/BF$3)
A9: Autre | E9: =IF(D9=0,"",F9/D9) | H9: =IF(B$3=0,"",F9/B$3) | I9: Autre | M9: =IF(L9=0,"",N9/L9) | P9: =IF(J$3=0,"",N9/J$3) | Q9: Autre | U9: =IF(T9=0,"",V9/T9) | X9: =IF(R$3=0,"",V9/R$3) | Y9: Autre | AC9: =IF(AB9=0,"",AD9/AB9) | AF9: =IF(Z$3=0,"",AD9/Z$3) | AG9: Autre | AK9: =IF(AJ9=0,"",AL9/AJ9) | AN9: =IF(AH$3=0,"",AL9/AH$3) | AO9: Autre | AS9: =IF(AR9=0,"",AT9/AR9) | AV9: =IF(AP$3=0,"",AT9/AP$3) | AW9: Autre | BA9: =IF(AZ9=0,"",BB9/AZ9) | BD9: =IF(AX$3=0,"",BB9/AX$3) | BE9: Autre | BI9: =IF(BH9=0,"",BJ9/BH9) | BL9: =IF(BF$3=0,"",BJ9/BF$3)
A10: SEMENCE | F10: =F11 -> 0 | H10: =IF(B$3=0,"",F10/B$3) | I10: SEMENCE | N10: =N11 -> 0 | P10: =IF(J$3=0,"",N10/J$3) | Q10: SEMENCE | V10: =V11 -> 0 | X10: =IF(R$3=0,"",V10/R$3) | Y10: SEMENCE | AD10: =AD11 -> 0 | AF10: =IF(Z$3=0,"",AD10/Z$3) | AG10: SEMENCE | AL10: =AL11 -> 0 | AN10: =IF(AH$3=0,"",AL10/AH$3) | AO10: SEMENCE | AT10: =AT11 -> 0 | AV10: =IF(AP$3=0,"",AT10/AP$3) | AW10: SEMENCE | BB10: =BB11 -> 0 | BD10: =IF(AX$3=0,"",BB10/AX$3) | BE10: SEMENCE | BJ10: =BJ11 -> 0 | BL10: =IF(BF$3=0,"",BJ10/BF$3)
A11: Semence | E11: =IF(D11=0,"",F11/D11) | H11: =IF(B$3=0,"",F11/B$3) | I11: Semence | M11: =IF(L11=0,"",N11/L11) | P11: =IF(J$3=0,"",N11/J$3) | Q11: Semence | U11: =IF(T11=0,"",V11/T11) | X11: =IF(R$3=0,"",V11/R$3) | Y11: Semence | AC11: =IF(AB11=0,"",AD11/AB11) | AF11: =IF(Z$3=0,"",AD11/Z$3) | AG11: Semence | AK11: =IF(AJ11=0,"",AL11/AJ11) | AN11: =IF(AH$3=0,"",AL11/AH$3) | AO11: Semence | AS11: =IF(AR11=0,"",AT11/AR11) | AV11: =IF(AP$3=0,"",AT11/AP$3) | AW11: Semence | BA11: =IF(AZ11=0,"",BB11/AZ11) | BD11: =IF(AX$3=0,"",BB11/AX$3) | BE11: Semence | BI11: =IF(BH11=0,"",BJ11/BH11) | BL11: =IF(BF$3=0,"",BJ11/BF$3)
A12: TRAITEMENTS | F12: =F13+F14 -> 0 | H12: =IF(B$3=0,"",F12/B$3) | I12: TRAITEMENTS | N12: =N13+N14 -> 0 | P12: =IF(J$3=0,"",N12/J$3) | Q12: TRAITEMENTS | V12: =V13+V14 -> 0 | X12: =IF(R$3=0,"",V12/R$3) | Y12: TRAITEMENTS | AD12: =AD13+AD14 -> 0 | AF12: =IF(Z$3=0,"",AD12/Z$3) | AG12: TRAITEMENTS | AL12: =AL13+AL14 -> 0 | AN12: =IF(AH$3=0,"",AL12/AH$3) | AO12: TRAITEMENTS | AT12: =AT13+AT14 -> 0 | AV12: =IF(AP$3=0,"",AT12/AP$3) | AW12: TRAITEMENTS | BB12: =BB13+BB14 -> 0 | BD12: =IF(AX$3=0,"",BB12/AX$3) | BE12: TRAITEMENTS | BJ12: =BJ13+BJ14 -> 0 | BL12: =IF(BF$3=0,"",BJ12/BF$3)
A13: Herbicide | E13: =IF(D13=0,"",F13/D13) | H13: =IF(B$3=0,"",F13/B$3) | I13: Herbicide | M13: =IF(L13=0,"",N13/L13) | P13: =IF(J$3=0,"",N13/J$3) | Q13: Herbicide | U13: =IF(T13=0,"",V13/T13) | X13: =IF(R$3=0,"",V13/R$3) | Y13: Herbicide | AC13: =IF(AB13=0,"",AD13/AB13) | AF13: =IF(Z$3=0,"",AD13/Z$3) | AG13: Herbicide | AK13: =IF(AJ13=0,"",AL13/AJ13) | AN13: =IF(AH$3=0,"",AL13/AH$3) | AO13: Herbicide | AS13: =IF(AR13=0,"",AT13/AR13) | AV13: =IF(AP$3=0,"",AT13/AP$3) | AW13: Herbicide | BA13: =IF(AZ13=0,"",BB13/AZ13) | BD13: =IF(AX$3=0,"",BB13/AX$3) | BE13: Herbicide | BI13: =IF(BH13=0,"",BJ13/BH13) | BL13: =IF(BF$3=0,"",BJ13/BF$3)
A14: Fongicide | E14: =IF(D14=0,"",F14/D14) | H14: =IF(B$3=0,"",F14/B$3) | I14: Fongicide | M14: =IF(L14=0,"",N14/L14) | P14: =IF(J$3=0,"",N14/J$3) | Q14: Fongicide | U14: =IF(T14=0,"",V14/T14) | X14: =IF(R$3=0,"",V14/R$3) | Y14: Fongicide | AC14: =IF(AB14=0,"",AD14/AB14) | AF14: =IF(Z$3=0,"",AD14/Z$3) | AG14: Fongicide | AK14: =IF(AJ14=0,"",AL14/AJ14) | AN14: =IF(AH$3=0,"",AL14/AH$3) | AO14: Fongicide | AS14: =IF(AR14=0,"",AT14/AR14) | AV14: =IF(AP$3=0,"",AT14/AP$3) | AW14: Fongicide | BA14: =IF(AZ14=0,"",BB14/AZ14) | BD14: =IF(AX$3=0,"",BB14/AX$3) | BE14: Fongicide | BI14: =IF(BH14=0,"",BJ14/BH14) | BL14: =IF(BF$3=0,"",BJ14/BF$3)
A15: Traitement semence | E15: =IF(D15=0,"",F15/D15) | H15: =IF(B$3=0,"",F15/B$3) | I15: Traitement semence | M15: =IF(L15=0,"",N15/L15) | P15: =IF(J$3=0,"",N15/J$3) | Q15: Traitement semence | U15: =IF(T15=0,"",V15/T15) | X15: =IF(R$3=0,"",V15/R$3) | Y15: Traitement semence | AC15: =IF(AB15=0,"",AD15/AB15) | AF15: =IF(Z$3=0,"",AD15/Z$3) | AG15: Traitement semence | AK15: =IF(AJ15=0,"",AL15/AJ15) | AN15: =IF(AH$3=0,"",AL15/AH$3) | AO15: Traitement semence | AS15: =IF(AR15=0,"",AT15/AR15) | AV15: =IF(AP$3=0,"",AT15/AP$3) | AW15: Traitement semence | BA15: =IF(AZ15=0,"",BB15/AZ15) | BD15: =IF(AX$3=0,"",BB15/AX$3) | BE15: Traitement semence | BI15: =IF(BH15=0,"",BJ15/BH15) | BL15: =IF(BF$3=0,"",BJ15/BF$3)
A16: IRRIGATION | F16: =F17 -> 0 | H16: =IF(B$3=0,"",F16/B$3) | I16: IRRIGATION | N16: =N17 -> 0 | P16: =IF(J$3=0,"",N16/J$3) | Q16: IRRIGATION | V16: =V17 -> 0 | X16: =IF(R$3=0,"",V16/R$3) | Y16: IRRIGATION | AD16: =AD17 -> 0 | AF16: =IF(Z$3=0,"",AD16/Z$3) | AG16: IRRIGATION | AL16: =AL17 -> 0 | AN16: =IF(AH$3=0,"",AL16/AH$3) | AO16: IRRIGATION | AT16: =AT17 -> 0 | AV16: =IF(AP$3=0,"",AT16/AP$3) | AW16: IRRIGATION | BB16: =BB17 -> 0 | BD16: =IF(AX$3=0,"",BB16/AX$3) | BE16: IRRIGATION | BJ16: =BJ17 -> 0 | BL16: =IF(BF$3=0,"",BJ16/BF$3)
A17: Irrigation | E17: =IF(D17=0,"",F17/D17) | H17: =IF(B$3=0,"",F17/B$3) | I17: Irrigation | M17: =IF(L17=0,"",N17/L17) | P17: =IF(J$3=0,"",N17/J$3) | Q17: Irrigation | U17: =IF(T17=0,"",V17/T17) | X17: =IF(R$3=0,"",V17/R$3) | Y17: Irrigation | AC17: =IF(AB17=0,"",AD17/AB17) | AF17: =IF(Z$3=0,"",AD17/Z$3) | AG17: Irrigation | AK17: =IF(AJ17=0,"",AL17/AJ17) | AN17: =IF(AH$3=0,"",AL17/AH$3) | AO17: Irrigation | AS17: =IF(AR17=0,"",AT17/AR17) | AV17: =IF(AP$3=0,"",AT17/AP$3) | AW17: Irrigation | BA17: =IF(AZ17=0,"",BB17/AZ17) | BD17: =IF(AX$3=0,"",BB17/AX$3) | BE17: Irrigation | BI17: =IF(BH17=0,"",BJ17/BH17) | BL17: =IF(BF$3=0,"",BJ17/BF$3)
A18: RECOLTE & DIVERS | F18: =F19+F20+F21+F22+F23 -> 0 | H18: =IF(B$3=0,"",F18/B$3) | I18: RECOLTE & DIVERS | N18: =N19+N20+N21+N22+N23 -> 0 | P18: =IF(J$3=0,"",N18/J$3) | Q18: RECOLTE & DIVERS | V18: =V19+V20+V21+V22+V23 -> 0 | X18: =IF(R$3=0,"",V18/R$3) | Y18: RECOLTE & DIVERS | AD18: =AD19+AD20+AD21+AD22+AD23 -> 0 | AF18: =IF(Z$3=0,"",AD18/Z$3) | AG18: RECOLTE & DIVERS | AL18: =AL19+AL20+AL21+AL22+AL23 -> 0 | AN18: =IF(AH$3=0,"",AL18/AH$3) | AO18: RECOLTE & DIVERS | AT18: =AT19+AT20+AT21+AT22+AT23 -> 0 | AV18: =IF(AP$3=0,"",AT18/AP$3) | AW18: RECOLTE & DIVERS | BB18: =BB19+BB20+BB21+BB22+BB23 -> 0 | BD18: =IF(AX$3=0,"",BB18/AX$3) | BE18: RECOLTE & DIVERS | BJ18: =BJ19+BJ20+BJ21+BJ22+BJ23 -> 0 | BL18: =IF(BF$3=0,"",BJ18/BF$3)
A19: Travaux par tiers | E19: =IF(D19=0,"",F19/D19) | H19: =IF(B$3=0,"",F19/B$3) | I19: Travaux par tiers | M19: =IF(L19=0,"",N19/L19) | P19: =IF(J$3=0,"",N19/J$3) | Q19: Travaux par tiers | U19: =IF(T19=0,"",V19/T19) | X19: =IF(R$3=0,"",V19/R$3) | Y19: Travaux par tiers | AC19: =IF(AB19=0,"",AD19/AB19) | AF19: =IF(Z$3=0,"",AD19/Z$3) | AG19: Travaux par tiers | AK19: =IF(AJ19=0,"",AL19/AJ19) | AN19: =IF(AH$3=0,"",AL19/AH$3) | AO19: Travaux par tiers | AS19: =IF(AR19=0,"",AT19/AR19) | AV19: =IF(AP$3=0,"",AT19/AP$3) | AW19: Travaux par tiers | BA19: =IF(AZ19=0,"",BB19/AZ19) | BD19: =IF(AX$3=0,"",BB19/AX$3) | BE19: Travaux par tiers | BI19: =IF(BH19=0,"",BJ19/BH19) | BL19: =IF(BF$3=0,"",BJ19/BF$3)
A20: Cuma | E20: =IF(D20=0,"",F20/D20) | H20: =IF(B$3=0,"",F20/B$3) | I20: Cuma | M20: =IF(L20=0,"",N20/L20) | P20: =IF(J$3=0,"",N20/J$3) | Q20: Cuma | U20: =IF(T20=0,"",V20/T20) | X20: =IF(R$3=0,"",V20/R$3) | Y20: Cuma | AC20: =IF(AB20=0,"",AD20/AB20) | AF20: =IF(Z$3=0,"",AD20/Z$3) | AG20: Cuma | AK20: =IF(AJ20=0,"",AL20/AJ20) | AN20: =IF(AH$3=0,"",AL20/AH$3) | AO20: Cuma | AS20: =IF(AR20=0,"",AT20/AR20) | AV20: =IF(AP$3=0,"",AT20/AP$3) | AW20: Cuma | BA20: =IF(AZ20=0,"",BB20/AZ20) | BD20: =IF(AX$3=0,"",BB20/AX$3) | BE20: Cuma | BI20: =IF(BH20=0,"",BJ20/BH20) | BL20: =IF(BF$3=0,"",BJ20/BF$3)
A21: Ficelles | E21: =IF(D21=0,"",F21/D21) | H21: =IF(B$3=0,"",F21/B$3) | I21: Ficelles | M21: =IF(L21=0,"",N21/L21) | P21: =IF(J$3=0,"",N21/J$3) | Q21: Ficelles | U21: =IF(T21=0,"",V21/T21) | X21: =IF(R$3=0,"",V21/R$3) | Y21: Ficelles | AC21: =IF(AB21=0,"",AD21/AB21) | AF21: =IF(Z$3=0,"",AD21/Z$3) | AG21: Ficelles | AK21: =IF(AJ21=0,"",AL21/AJ21) | AN21: =IF(AH$3=0,"",AL21/AH$3) | AO21: Ficelles | AS21: =IF(AR21=0,"",AT21/AR21) | AV21: =IF(AP$3=0,"",AT21/AP$3) | AW21: Ficelles | BA21: =IF(AZ21=0,"",BB21/AZ21) | BD21: =IF(AX$3=0,"",BB21/AX$3) | BE21: Ficelles | BI21: =IF(BH21=0,"",BJ21/BH21) | BL21: =IF(BF$3=0,"",BJ21/BF$3)
A22: Stokage | E22: =IF(D22=0,"",F22/D22) | H22: =IF(B$3=0,"",F22/B$3) | I22: Stokage | M22: =IF(L22=0,"",N22/L22) | P22: =IF(J$3=0,"",N22/J$3) | Q22: Stokage | U22: =IF(T22=0,"",V22/T22) | X22: =IF(R$3=0,"",V22/R$3) | Y22: Stokage | AC22: =IF(AB22=0,"",AD22/AB22) | AF22: =IF(Z$3=0,"",AD22/Z$3) | AG22: Stokage | AK22: =IF(AJ22=0,"",AL22/AJ22) | AN22: =IF(AH$3=0,"",AL22/AH$3) | AO22: Stokage | AS22: =IF(AR22=0,"",AT22/AR22) | AV22: =IF(AP$3=0,"",AT22/AP$3) | AW22: Stokage | BA22: =IF(AZ22=0,"",BB22/AZ22) | BD22: =IF(AX$3=0,"",BB22/AX$3) | BE22: Stokage | BI22: =IF(BH22=0,"",BJ22/BH22) | BL22: =IF(BF$3=0,"",BJ22/BF$3)
A23: Autres | E23: =IF(D23=0,"",F23/D23) | H23: =IF(B$3=0,"",F23/B$3) | I23: Autres | M23: =IF(L23=0,"",N23/L23) | P23: =IF(J$3=0,"",N23/J$3) | Q23: Autres | U23: =IF(T23=0,"",V23/T23) | X23: =IF(R$3=0,"",V23/R$3) | Y23: Autres | AC23: =IF(AB23=0,"",AD23/AB23) | AF23: =IF(Z$3=0,"",AD23/Z$3) | AG23: Autres | AK23: =IF(AJ23=0,"",AL23/AJ23) | AN23: =IF(AH$3=0,"",AL23/AH$3) | AO23: Autres | AS23: =IF(AR23=0,"",AT23/AR23) | AV23: =IF(AP$3=0,"",AT23/AP$3) | AW23: Autres | BA23: =IF(AZ23=0,"",BB23/AZ23) | BD23: =IF(AX$3=0,"",BB23/AX$3) | BE23: Autres | BI23: =IF(BH23=0,"",BJ23/BH23) | BL23: =IF(BF$3=0,"",BJ23/BF$3)
A24: TOTAL | F24: =F6+F10+F12+F16+F18 -> 0 | H24: =IF(B$3=0,"",F24/B$3) | I24: TOTAL | N24: =N6+N10+N12+N16+N18 -> 0 | P24: =IF(J$3=0,"",N24/J$3) | Q24: TOTAL | V24: =V6+V10+V12+V16+V18 -> 0 | X24: =IF(R$3=0,"",V24/R$3) | Y24: TOTAL | AD24: =AD6+AD10+AD12+AD16+AD18 -> 0 | AF24: =IF(Z$3=0,"",AD24/Z$3) | AG24: TOTAL | AL24: =AL6+AL10+AL12+AL16+AL18 -> 0 | AN24: =IF(AH$3=0,"",AL24/AH$3) | AO24: TOTAL | AT24: =AT6+AT10+AT12+AT16+AT18 -> 0 | AV24: =IF(AP$3=0,"",AT24/AP$3) | AW24: TOTAL | BB24: =BB6+BB10+BB12+BB16+BB18 -> 0 | BD24: =IF(AX$3=0,"",BB24/AX$3) | BE24: TOTAL | BJ24: =BJ6+BJ10+BJ12+BJ16+BJ18 -> 0 | BL24: =IF(BF$3=0,"",BJ24/BF$3)
A26: PRODUITS | D26: QUANTITE | E26: PRIX/UNITE | F26: TOTAL | H26: TOTAL/HA | I26: PRODUITS | L26: QUANTITE | M26: PRIX/UNITE | N26: TOTAL | P26: TOTAL/HA | Q26: PRODUITS | T26: QUANTITE | U26: PRIX/UNITE | V26: TOTAL | X26: TOTAL/HA | Y26: PRODUITS | AB26: QUANTITE | AC26: PRIX/UNITE | AD26: TOTAL | AF26: TOTAL/HA | AG26: PRODUITS | AJ26: QUANTITE | AK26: PRIX/UNITE | AL26: TOTAL | AN26: TOTAL/HA | AO26: PRODUITS | AR26: QUANTITE | AS26: PRIX/UNITE | AT26: TOTAL | AV26: TOTAL/HA | AW26: PRODUITS | AZ26: QUANTITE | BA26: PRIX/UNITE | BB26: TOTAL | BD26: TOTAL/HA | BE26: PRODUITS | BH26: QUANTITE | BI26: PRIX/UNITE | BJ26: TOTAL | BL26: TOTAL/HA
A27: Grain autoconsommé (t) | E27: =Références!K6 -> 185 | F27: =D27*E27 -> 0 | H27: =IF(B$3=0,"",F27/B$3) | I27: Grain autoconsommé (t) | M27: =Références!K6 -> 185 | N27: =L27*M27 -> 0 | P27: =IF(J$3=0,"",N27/J$3) | Q27: Grain autoconsommé (t) | U27: =Références!K6 -> 185 | V27: =T27*U27 -> 0 | X27: =IF(R$3=0,"",V27/R$3) | Y27: Grain autoconsommé (t) | AC27: =Références!K6 -> 185 | AD27: =AB27*AC27 -> 0 | AF27: =IF(Z$3=0,"",AD27/Z$3) | AG27: Grain autoconsommé (t) | AK27: =Références!K6 -> 185 | AL27: =AJ27*AK27 -> 0 | AN27: =IF(AH$3=0,"",AL27/AH$3) | AO27: Grain autoconsommé (t) | AS27: =Références!K6 -> 185 | AT27: =AR27*AS27 -> 0 | AV27: =IF(AP$3=0,"",AT27/AP$3) | AW27: Grain autoconsommé (t) | BA27: =Références!K6 -> 185 | BB27: =AZ27*BA27 -> 0 | BD27: =IF(AX$3=0,"",BB27/AX$3) | BE27: Grain autoconsommé (t) | BI27: =Références!K6 -> 185 | BJ27: =BH27*BI27 -> 0 | BL27: =IF(BF$3=0,"",BJ27/BF$3)
A28: Grain vendu (t) | E28: =IF(D28=0,"",F28/D28) | H28: =IF(B$3=0,"",F28/B$3) | I28: Grain vendu (t) | M28: =IF(L28=0,"",N28/L28) | P28: =IF(J$3=0,"",N28/J$3) | Q28: Grain vendu (t) | U28: =IF(T28=0,"",V28/T28) | X28: =IF(R$3=0,"",V28/R$3) | Y28: Grain vendu (t) | AC28: =IF(AB28=0,"",AD28/AB28) | AF28: =IF(Z$3=0,"",AD28/Z$3) | AG28: Grain vendu (t) | AK28: =IF(AJ28=0,"",AL28/AJ28) | AN28: =IF(AH$3=0,"",AL28/AH$3) | AO28: Grain vendu (t) | AS28: =IF(AR28=0,"",AT28/AR28) | AV28: =IF(AP$3=0,"",AT28/AP$3) | AW28: Grain vendu (t) | BA28: =IF(AZ28=0,"",BB28/AZ28) | BD28: =IF(AX$3=0,"",BB28/AX$3) | BE28: Grain vendu (t) | BI28: =IF(BH28=0,"",BJ28/BH28) | BL28: =IF(BF$3=0,"",BJ28/BF$3)
A29: Semence fermière | E29: =IF(D29=0,"",F29/D29) | H29: =IF(B$3=0,"",F29/B$3) | I29: Semence fermière | M29: =IF(L29=0,"",N29/L29) | P29: =IF(J$3=0,"",N29/J$3) | Q29: Semence fermière | U29: =IF(T29=0,"",V29/T29) | X29: =IF(R$3=0,"",V29/R$3) | Y29: Semence fermière | AC29: =IF(AB29=0,"",AD29/AB29) | AF29: =IF(Z$3=0,"",AD29/Z$3) | AG29: Semence fermière | AK29: =IF(AJ29=0,"",AL29/AJ29) | AN29: =IF(AH$3=0,"",AL29/AH$3) | AO29: Semence fermière | AS29: =IF(AR29=0,"",AT29/AR29) | AV29: =IF(AP$3=0,"",AT29/AP$3) | AW29: Semence fermière | BA29: =IF(AZ29=0,"",BB29/AZ29) | BD29: =IF(AX$3=0,"",BB29/AX$3) | BE29: Semence fermière | BI29: =IF(BH29=0,"",BJ29/BH29) | BL29: =IF(BF$3=0,"",BJ29/BF$3)
A30: Paille autoconsommé (t) | E30: =Références!K7 -> 90 | F30: =D30*E30 -> 0 | H30: =IF(B$3=0,"",F30/B$3) | I30: Paille autoconsommé (t) | M30: =Références!K7 -> 90 | N30: =L30*M30 -> 0 | P30: =IF(J$3=0,"",N30/J$3) | Q30: Paille autoconsommé (t) | U30: =Références!K7 -> 90 | V30: =T30*U30 -> 0 | X30: =IF(R$3=0,"",V30/R$3) | Y30: Paille autoconsommé (t) | AC30: =Références!K7 -> 90 | AD30: =AB30*AC30 -> 0 | AF30: =IF(Z$3=0,"",AD30/Z$3) | AG30: Paille autoconsommé (t) | AK30: =Références!K7 -> 90 | AL30: =AJ30*AK30 -> 0 | AN30: =IF(AH$3=0,"",AL30/AH$3) | AO30: Paille autoconsommé (t) | AS30: =Références!K7 -> 90 | AT30: =AR30*AS30 -> 0 | AV30: =IF(AP$3=0,"",AT30/AP$3) | AW30: Paille autoconsommé (t) | BA30: =Références!K7 -> 90 | BB30: =AZ30*BA30 -> 0 | BD30: =IF(AX$3=0,"",BB30/AX$3) | BE30: Paille autoconsommé (t) | BI30: =Références!K7 -> 90 | BJ30: =BH30*BI30 -> 0 | BL30: =IF(BF$3=0,"",BJ30/BF$3)
A31: Paille vendu (t) | E31: =IF(D31=0,"",F31/D31) | H31: =IF(B$3=0,"",F31/B$3) | I31: Paille vendu (t) | M31: =IF(L31=0,"",N31/L31) | P31: =IF(J$3=0,"",N31/J$3) | Q31: Paille vendu (t) | U31: =IF(T31=0,"",V31/T31) | X31: =IF(R$3=0,"",V31/R$3) | Y31: Paille vendu (t) | AC31: =IF(AB31=0,"",AD31/AB31) | AF31: =IF(Z$3=0,"",AD31/Z$3) | AG31: Paille vendu (t) | AK31: =IF(AJ31=0,"",AL31/AJ31) | AN31: =IF(AH$3=0,"",AL31/AH$3) | AO31: Paille vendu (t) | AS31: =IF(AR31=0,"",AT31/AR31) | AV31: =IF(AP$3=0,"",AT31/AP$3) | AW31: Paille vendu (t) | BA31: =IF(AZ31=0,"",BB31/AZ31) | BD31: =IF(AX$3=0,"",BB31/AX$3) | BE31: Paille vendu (t) | BI31: =IF(BH31=0,"",BJ31/BH31) | BL31: =IF(BF$3=0,"",BJ31/BF$3)
A32: Aides couplées | E32: =IF(D32=0,"",F32/D32) | H32: =IF(B$3=0,"",F32/B$3) | I32: Aides couplées | M32: =IF(L32=0,"",N32/L32) | P32: =IF(J$3=0,"",N32/J$3) | Q32: Aides couplées | U32: =IF(T32=0,"",V32/T32) | X32: =IF(R$3=0,"",V32/R$3) | Y32: Aides couplées | AC32: =IF(AB32=0,"",AD32/AB32) | AF32: =IF(Z$3=0,"",AD32/Z$3) | AG32: Aides couplées | AK32: =IF(AJ32=0,"",AL32/AJ32) | AN32: =IF(AH$3=0,"",AL32/AH$3) | AO32: Aides couplées | AS32: =IF(AR32=0,"",AT32/AR32) | AV32: =IF(AP$3=0,"",AT32/AP$3) | AW32: Aides couplées | BA32: =IF(AZ32=0,"",BB32/AZ32) | BD32: =IF(AX$3=0,"",BB32/AX$3) | BE32: Aides couplées | BI32: =IF(BH32=0,"",BJ32/BH32) | BL32: =IF(BF$3=0,"",BJ32/BF$3)
A33: TOTAL | F33: =F27+F28+F29+F30+F31+F32 -> 0 | H33: =IF(B$3=0,"",F33/B$3) | I33: TOTAL | N33: =N27+N28+N29+N30+N31+N32 -> 0 | P33: =IF(J$3=0,"",N33/J$3) | Q33: TOTAL | V33: =V27+V28+V29+V30+V31+V32 -> 0 | X33: =IF(R$3=0,"",V33/R$3) | Y33: TOTAL | AD33: =AD27+AD28+AD29+AD30+AD31+AD32 -> 0 | AF33: =IF(Z$3=0,"",AD33/Z$3) | AG33: TOTAL | AL33: =AL27+AL28+AL29+AL30+AL31+AL32 -> 0 | AN33: =IF(AH$3=0,"",AL33/AH$3) | AO33: TOTAL | AT33: =AT27+AT28+AT29+AT30+AT31+AT32 -> 0 | AV33: =IF(AP$3=0,"",AT33/AP$3) | AW33: TOTAL | BB33: =BB27+BB28+BB29+BB30+BB31+BB32 -> 0 | BD33: =IF(AX$3=0,"",BB33/AX$3) | BE33: TOTAL | BJ33: =BJ27+BJ28+BJ29+BJ30+BJ31+BJ32 -> 0 | BL33: =IF(BF$3=0,"",BJ33/BF$3)
A35: MARGE BRUTE hors prime | F35: =SUM(F27:G31)-F24 -> 0 | H35: =IF(B$3=0,"",F35/B$3) | I35: MARGE BRUTE hors prime | N35: =SUM(N27:O31)-N24 -> 0 | P35: =IF(J$3=0,"",N35/J$3) | Q35: MARGE BRUTE hors prime | V35: =SUM(V27:W31)-V24 -> 0 | X35: =IF(R$3=0,"",V35/R$3) | Y35: MARGE BRUTE hors prime | AD35: =SUM(AD27:AE31)-AD24 -> 0 | AF35: =IF(Z$3=0,"",AD35/Z$3) | AG35: MARGE BRUTE hors prime | AL35: =SUM(AL27:AM31)-AL24 -> 0 | AN35: =IF(AH$3=0,"",AL35/AH$3) | AO35: MARGE BRUTE hors prime | AT35: =SUM(AT27:AU31)-AT24 -> 0 | AV35: =IF(AP$3=0,"",AT35/AP$3) | AW35: MARGE BRUTE hors prime | BB35: =SUM(BB27:BC31)-BB24 -> 0 | BD35: =IF(AX$3=0,"",BB35/AX$3) | BE35: MARGE BRUTE hors prime | BJ35: =SUM(BJ27:BK31)-BJ24 -> 0 | BL35: =IF(BF$3=0,"",BJ35/BF$3)
A37: MARGE BRUTE TOTAL | F37: =F33-F24 -> 0 | H37: =IF(B$3=0,"",F37/B$3) | I37: MARGE BRUTE TOTAL | N37: =N33-N24 -> 0 | P37: =IF(J$3=0,"",N37/J$3) | Q37: MARGE BRUTE TOTAL | V37: =V33-V24 -> 0 | X37: =IF(R$3=0,"",V37/R$3) | Y37: MARGE BRUTE TOTAL | AD37: =AD33-AD24 -> 0 | AF37: =IF(Z$3=0,"",AD37/Z$3) | AG37: MARGE BRUTE TOTAL | AL37: =AL33-AL24 -> 0 | AN37: =IF(AH$3=0,"",AL37/AH$3) | AO37: MARGE BRUTE TOTAL | AT37: =AT33-AT24 -> 0 | AV37: =IF(AP$3=0,"",AT37/AP$3) | AW37: MARGE BRUTE TOTAL | BB37: =BB33-BB24 -> 0 | BD37: =IF(AX$3=0,"",BB37/AX$3) | BE37: MARGE BRUTE TOTAL | BJ37: =BJ33-BJ24 -> 0 | BL37: =IF(BF$3=0,"",BJ37/BF$3)

Sheet Charges de structure
A2: Charges foncières | C2: =SUM(C3:C5) -> 0
A3: Fermage | B3: Montant | C3: =SUM(D3:AL3) -> 0
A4: Entretien du foncier | B4: Montant | C4: =SUM(D4:AL4) -> 0
A5: Impôt foncier | B5: Montant | C5: =SUM(D5:AL5) -> 0
A6: Charges matériel | C6: =C7+C8+C9+C11+C15+C13+C10 -> 0
A7: Entretien matériel | B7: Montant | C7: =SUM(D7:AL7) -> 0
A8: Petit matériel | B8: Montant | C8: =SUM(D8:AL8) -> 0
A9: Crédit bail | B9: Montant | C9: =SUM(D9:AL9) -> 0
A10: Traveaux par tier, frais de CUMA | B10: Montant | C10: =SUM(D10:AL10) -> 0
A11: Carburant voiture | B11: Montant | C11: =SUM(D11:AL11) -> 0
B12: Quantité (L) | C12: =SUM(D12:AL12) -> 0
A13: Carburant tracteur | B13: Montant | C13: =SUM(D13:AL13) -> 0
B14: Quantité (L) | C14: =SUM(D14:AL14) -> 0
A15: Lubrifiant | B15: Montant | C15: =SUM(D15:AL15) -> 0
B16: Quantité (L) | C16: =SUM(D16:AL16) -> 0
A17: Charges batiment | C17: =C18+C19 -> 0
A18: Entretien bâtiment | B18: Montant | C18: =SUM(D18:AL18) -> 0
A19: Location bâtiment | B19: Montant | C19: =SUM(D19:AL19) -> 0
A20: Assurance | C20: =C21+C22 -> 0
A21: Assurance matériel/batiment | B21: Montant | C21: =SUM(D21:AL21) -> 0
A22: Assurance emprunt | B22: Montant | C22: =SUM(D22:AL22) -> 0
A23: Charges main d'œuvre | C23: =C24+C25 -> 0
A24: Charge sociale exploitant | B24: Montant | C24: =SUM(D24:AL24) -> 0
A25: Salaire+charge sociale employé | B25: Montant | C25: =SUM(D25:AL25) -> 0
A26: Charges protection | C26: =C27+C28+C29 -> 0
A27: Chien de protection | B27: Montant | C27: =SUM(D27:AL27) -> 0 | D27: Alimentation | S27: Autres
A28: Matériel protection | B28: Montant | C28: =SUM(D28:AL28) -> 0
A29: Gardiennage protection | B29: Montant | C29: =SUM(D29:AL29) -> 0
A30: Charge diverses | C30: =C31+C33+C34+C36+C32+C38 -> 0
A31: Divers | B31: Montant | C31: =SUM(D31:AL31) -> 0
A32: Frais de gestion | B32: Montant | C32: =SUM(D32:AL32) -> 0
A33: Déplacement | B33: Montant | C33: =SUM(D33:AL33) -> 0
A34: Eau | B34: Montant | C34: =SUM(D34:AL34) -> 0
B35: Quantité (L) | C35: =SUM(D35:AL35) -> 0
A36: Electricité | B36: Montant | C36: =SUM(D36:AL36) -> 0
B37: Quantité (KWh) | C37: =SUM(D37:AL37) -> 0
A38: Taxe et impôt | B38: Montant | C38: =SUM(D38:AL38) -> 0 | D38: ADAR | E38: =90*Exploitation!B17+0.0019*'Bilan complet'!FY9 -> 0
A39: TOTAL CHARGE DE STUCUTURE (hors ammortissement) | C39: =C30+C26+C23+C17+C6+C2+C20+C46 -> 0
A40: Amortissement matériel | C40: =Amortissements!F26 -> 0
A41: Ammortissement bâtiment | C41: =Amortissements!N26 -> 0
A42: TOTAL CHARGE DE STUCUTURE | C42: =C39+C40+C41 -> 0
A43: Frais financier cours terme | B43: Montant | C43: =SUM(D43:AL43) -> 0
A44: Capitaux à rembourser | B44: Nature
B45: Montant | C45: =SUM(D45:AL45) -> 0
A46: Intérêts à rembourser | B46: Montant | C46: =SUM(D46:AL46) -> 0

Sheet Amortissements
A2: Amortissement matériel | B2: Valeur d'achat | C2: Anné d'achat | D2: Duré d'amortissement | E2: Année de fin | F2: Montant annuel | I2: Amortissement batiment/installation | J2: Valeur d'achat | K2: anné d'achat | L2: Duré d'amortissement | M2: Année de fin | N2: Montant annuel
E4: =C4+D4 -> 0 | F4: =IF(E4>=Exploitation!B$2,B4/D4,0) -> 0 | M4: =K4+L4 -> 0 | N4: =IF(M4>=Exploitation!B$2,J4/L4,0) -> 0
E5: =C5+D5 -> 0 | F5: =IF(E5>=Exploitation!B$2,B5/D5,0) -> 0 | M5: =K5+L5 -> 0 | N5: =IF(M5>=Exploitation!B$2,J5/L5,0) -> 0
E6: =C6+D6 -> 0 | F6: =IF(E6>=Exploitation!B$2,B6/D6,0) -> 0 | M6: =K6+L6 -> 0 | N6: =IF(M6>=Exploitation!B$2,J6/L6,0) -> 0
E7: =C7+D7 -> 0 | F7: =IF(E7>=Exploitation!B$2,B7/D7,0) -> 0 | M7: =K7+L7 -> 0 | N7: =IF(M7>=Exploitation!B$2,J7/L7,0) -> 0
E8: =C8+D8 -> 0 | F8: =IF(E8>=Exploitation!B$2,B8/D8,0) -> 0 | M8: =K8+L8 -> 0 | N8: =IF(M8>=Exploitation!B$2,J8/L8,0) -> 0
E9: =C9+D9 -> 0 | F9: =IF(E9>=Exploitation!B$2,B9/D9,0) -> 0 | M9: =K9+L9 -> 0 | N9: =IF(M9>=Exploitation!B$2,J9/L9,0) -> 0
E10: =C10+D10 -> 0 | F10: =IF(E10>=Exploitation!B$2,B10/D10,0) -> 0 | M10: =K10+L10 -> 0 | N10: =IF(M10>=Exploitation!B$2,J10/L10,0) -> 0
E11: =C11+D11 -> 0 | F11: =IF(E11>=Exploitation!B$2,B11/D11,0) -> 0 | M11: =K11+L11 -> 0 | N11: =IF(M11>=Exploitation!B$2,J11/L11,0) -> 0
E12: =C12+D12 -> 0 | F12: =IF(E12>=Exploitation!B$2,B12/D12,0) -> 0 | M12: =K12+L12 -> 0 | N12: =IF(M12>=Exploitation!B$2,J12/L12,0) -> 0
E13: =C13+D13 -> 0 | F13: =IF(E13>=Exploitation!B$2,B13/D13,0) -> 0 | M13: =K13+L13 -> 0 | N13: =IF(M13>=Exploitation!B$2,J13/L13,0) -> 0
E14: =C14+D14 -> 0 | F14: =IF(E14>=Exploitation!B$2,B14/D14,0) -> 0 | M14: =K14+L14 -> 0 | N14: =IF(M14>=Exploitation!B$2,J14/L14,0) -> 0
E15: =C15+D15 -> 0 | F15: =IF(E15>=Exploitation!B$2,B15/D15,0) -> 0 | M15: =K15+L15 -> 0 | N15: =IF(M15>=Exploitation!B$2,J15/L15,0) -> 0
... E25: =C25+D25 -> 0 | F25: =IF(E25>=Exploitation!B$2,B25/D25,0) -> 0 | M25: =K25+L25 -> 0 | N25: =IF(M25>=Exploitation!B$2,J25/L25,0) -> 0
A26: TOTAL | F26: =SUM(F4:F25) -> 0 | I26: TOTAL | N26: =SUM(N4:N25) -> 0

Sheet Aides
A2: Aides découplés | B2: Nombre | C2: Prix moyen | D2: Montants | F2: Aides couplés atelier ovin | H2: Nombre | I2: Prix moyen | J2: Montants
A3: Paiement de base | C3: =D3/B3 -> #DIV/0! | F3: Aides couplées ovine | I3: =J3/H3 -> #DIV/0!
A4: Paiement redistributif | C4: =D4/B4 -> #DIV/0! | F4: Aides légumineuses | I4: =J4/H4 -> #DIV/0!
A5: Ecorégime | C5: =D5/B5 -> #DIV/0!
A6: JA
A7: Total | D7: =SUM(D3:D6) -> 0
A9: ICHN
A11: Mesure loup
A13: MAEC / Bio
A15: Autre

Sheet Extraction chambre
A1: Données brute | B1: EXPLOITATION | X1: EFFECTIF | AG1: BILAN AGNELAGE | AQ1: STOCK ET CONSOMMATION | BI1: PRODUIT OVIN | BS1: CHARGE OP. OVINE | CA1: MARGE BRUTE | CE1: CHARGES DE STRUCTURES | CQ1: AIDE DECOUPLE | CY1: RESULTATS ECO | DG1: COMMERCIALISATION | EW1: COUT DE PRODUCTION | GM1: PRODUIT OVIN | GW1: CHARGE OP. OVINE
A2: Campagne | B2: Nom | C2: Type | D2: Agriculture bio | E2: Conduite raciale | F2: Objectif de finition des agneaux | G2: Objectif de reproduction | H2: Produit ovin / Produit hors aides découplés | I2: UMO exploitant | J2: UMO salarié | K2: UMO bénévole | L2: UMO ovine | M2: Race brebis | N2: Race bélier | O2: SAU | P2: SFPO | Q2: Culture fourragère | R2: Prairie temporaire | S2: Prairie permanente | T2: Surface pastorale | U2: Grande culture | V2: Culture pérenne | W2: Estive collective | X2: EMP | Y2: Evolution annuelle du troupeau | Z2: Taux de mortalité brebis | AA2: Taux de prédation brebis | AB2: Taux de renouvellement brebis | AC2: Nombre bélier | AD2: Evolution annuelle bélier | AE2: Taux de mortalité bélier | AF2: Ratio brebis/bélier | AG2: Taux de mise bas | AH2: Taux de prolificité | AI2: Taux de mortalité agneaux | AJ2: Taux de productivité numérique | AK2: Nombre d'agneaux nés | AL2: Nombre d'agneaux stock début | AM2: Nombre d'agneaux vendus | AN2: Nombre agneaux gardés | AO2: Nombre d'agneaux autoconsommée | AP2: Nombre d'agneaux stock fin | AQ2: Foin / EMP | AR2: Paille / EMP | AS2: Autonomie massique en fourrage (%) | AT2: Céréale / EMP | AU2: Aliment / EMP | AV2: Autonomie massique en concentrés (%) | AW2: Quantité aliment par agneaux | AX2: Quantité céréale par agneaux | AY2: Coût concentrés par agneaux | AZ2: Coût concentrés par kilo agneaux produits | BA2: Quantité aliment par brebis | BB2: Quantité céréale par brebis | BC2: Foin produit | BD2: Rendement foin | BE2: Céréale produite | BF2: Rendement céréale | BG2: Paille produite | BH2: Rendement paille | BI2: Produit viande | BJ2: Frais achat animaux | BK2: Variation de stock | BL2: Vente de fourrage | BM2: Autres produits ovins | BN2: Aides couplés | BO2: Aide ovine | BP2: Aide légumineuse | BQ2: Produit ovin (hors aides) | BR2: Produit ovin totale | BS2: Frais d'alimentation | BT2: Frais d'élevage | BU2: Frais de vétérinaire | BV2: Travaux par tiers | BW2: Frais de transformation | BX2: Frais de commercialisation | BY2: Frais de SFPO | BZ2: Charge op. ovine | CA2: Marge brute ovine hors aides couplées | CB2: Marge brute ovine | CC2: Marge brute autre atelier totale | CD2: Marge brute totale | CE2: Charges foncières | CF2: Charges matériel | CG2: Charges batiment | CH2: Assurance | CI2: Charge de main d'œuvre | CJ2: Charges de protection | CK2: Charges diverses | CL2: Charges de structure hors amortissements | CM2: Frais financiers | CN2: Amortissements matériel | CO2: Amortissements batiment | CP2: Charges de structure totales | CQ2: DPB | CR2: Paiement redistributif | CS2: Ecorégime | CT2: Paiement JA | CU2: ICHN | CV2: MAEC / BIO | CW2: Mesure loup | CX2: Aides découplées totales | CY2: EBE | CZ2: Annuité en capital | DA2: Revenue disponible/UMO | DB2: Résultat courant | DC2: Produit total | DD2: Aide / Produit | DE2: EBE / Produit | DF2: Annuité / EBE | DG2: Prix tête agneaux label | DH2: Prix tête agneaux standard | DI2: Prix tête agneaux adret | DJ2: Prix tête agneaux bio | DK2: Prix tête agneaux léger | DL2: Prix tête agneaux tardon | DM2: Prix tête agneaux maigre | DN2: Prix tête agneaux reproducteur | DO2: Prix tête agneaux lourds | DP2: Prix tête agneaux tout | DQ2: Prix tête brebis réforme | DR2: Prix kgc agneaux label | DS2: Prix kgc agneaux standard | DT2: Prix kgc agneaux adret | DU2: Prix moyen kgc agneaux lourds | DV2: Prix moyen kgc agneaux bio | DW2: Part agneaux label | DX2: Part agneaux standard | DY2: Part agneaux adret | DZ2: Part agneaux bio | EA2: Part agneaux léger | EB2: Part agneaux tardon | EC2: Part agneaux maigre | ED2: Part agneaux reproducteur | EE2: Part agneaux lourds | EF2: Nombre agneaux label | EG2: Nombre agneaux standard | EH2: Nombre agneaux adret | EI2: Nombre agneaux bio | EJ2: Nombre agneaux léger | EK2: Nombre agneaux tardon | EL2: Nombre agneaux maigre | EM2: Nombre agneaux reproducteur | EN2: Nombre agneaux lourds | EO2: Nombre brebis réforme | EP2: Poids agneaux label | EQ2: Poids agneaux standard | ER2: Poids agneaux adret | ES2: Poids agneaux bio | ET2: Poids agneaux lourds | EU2: Part d'agneaux en circuit long | EV2: Prix moyen agneaux circuit long | EW2: Coût de production total | EX2: Alimentation achetée | EY2: Concentrés et minéraux | EZ2: Fourrages et mise en pension | FA2: Approvisionnement SFPO | FB2: Engrais et amendements | FC2: Semences | FD2: Autres charges végétales | FE2: Frais d’élevage | FF2: Frais vétérinaires | FG2: Autres frais d'élevage | FH2: Mécanisation | FI2: Carburants et lubrifiants | FJ2: Entretien du matériel | FK2: Petits matériels, crédit bail | FL2: Amortissements matériel | FM2: Bâtiments | FN2: Eau | FO2: Electricité et gaz | FP2: Entretien et location des bâtiments | FQ2: Bâtiments et installations | FR2: Protection des animaux | FS2: Chien de protection | FT2: Matériel de protection | FU2: Gardiennage protection | FV2: Frais divers de gestion | FW2: Transport, assurances, frais de gestion | FX2: Foncier et capital | FY2: Fermage et frais fonciers | FZ2: Frais financiers | GA2: Travail | GB2: Salaires et charges salariales | GC2: Rémunération du travail exploitant (2 SMIC brut) | GD2: Produits de l’atelier | GE2: Prix des agneaux | GF2: Autres produits | GG2: Aides affectées | GH2: Prix de revient | GI2: Poids carcasse total | GJ2: Productivité pondérale | GK2: Rémunération permise par les produits en kilo carcasse | GL2: Rémunération permise par les produits en nombre de SMIC | GM2: Produit viande/EMP | GN2: Frais achat animaux/EMP | GO2: Variation de stock/EMP | GP2: Vente de fourrage/EMP | GQ2: Autres produits ovins/EMP | GR2: Aides couplés/EMP | GS2: Aide ovine/EMP | GT2: Aide légumineuse/EMP | GU2: Produit ovin (hors aides)/EMP | GV2: Produit ovin totale/EMP | GW2: Frais d'alimentation/EMP | GX2: Frais d'élevage/EMP | GY2: Frais de vétérinaire/EMP | GZ2: Travaux par tiers/EMP | HA2: Frais de transformation/EMP | HB2: Frais de commercialisation/EMP | HC2: Frais de SFP/EMP | HD2: Charge op. ovine/EMP | HE2: Solde alimentaire/EMP
A3: ='Bilan complet'!J14 -> 2023 | B3: =Exploitation!B3 -> 0 | C3: =Exploitation!B12 -> 0 | D3: =Exploitation!B13 -> 0 | E3: =Exploitation!B29 -> 0 | F3: =Exploitation!B30 -> 0 | G3: =Exploitation!B31 -> 0 | H3: ='Bilan complet'!FY15 -> #DIV/0! | I3: =Exploitation!B17 -> 0 | J3: =Exploitation!B19 -> 0 | K3: =Exploitation!B21 -> 0 | L3: =Exploitation!B16 -> 0 | M3: =Exploitation!B26 -> 0 | N3: =Exploitation!B28 -> 0 | O3: =Exploitation!E16 -> 0 | P3: ='Bilan complet'!G25 -> 0 | Q3: =Exploitation!E17 -> 0 | R3: =Exploitation!E22 -> 0 | S3: =Exploitation!E27 -> 0 | T3: =Exploitation!E34 -> 0 | U3: =Exploitation!E28 -> 0 | V3: =Exploitation!E33 -> 0 | W3: =Exploitation!B34 -> 0 | X3: =' Elevage'!P3 -> 0 | Y3: =(' Elevage'!O3-' Elevage'!C3)/' Elevage'!C3 -> #DIV/0! | Z3: ='Bilan complet'!AV14 | AA3: ='Bilan complet'!AU16/'Bilan complet'!AU7 -> #DIV/0! | AB3: ='Bilan complet'!HC11 | AC3: =(' Elevage'!P12+' Elevage'!U12)/2 -> 0 | AD3: =('Bilan complet'!AM25-'Bilan complet'!AH25)/'Bilan complet'!AH25 -> #DIV/0! | AE3: ='Bilan complet'!AL25/'Bilan complet'!AH25 -> #DIV/0! | AF3: =X3/AC3 -> #DIV/0! | AG3: ='Bilan complet'!AS49 | AH3: ='Bilan complet'!AT49 | AI3: ='Bilan complet'!AU49 | AJ3: ='Bilan complet'!AV49 | AK3: ='Bilan complet'!AL49 -> 0 | AL3: ='Bilan complet'!AQ25 -> 0 | AM3: ='Bilan complet'!AO49+'Bilan complet'!AT25 -> 0 | AN3: ='Bilan complet'!AP49+'Bilan complet'!AS25 -> 0 | AO3: ='Bilan complet'!AQ49+'Bilan complet'!AR25 -> 0 | AP3: ='Bilan complet'!AV25+'Bilan complet'!AR49 -> 0 | AQ3: ='Bilan complet'!CO11 -> 0 | AR3: ='Bilan complet'!CO14 -> 0 | AS3: ='Stock et ration '!L3 | AT3: ='Bilan complet'!$CO$17 -> 0 | AU3: ='Bilan complet'!$CO$20 -> 0 | AV3: ='Stock et ration '!L5 | AW3: ='Bilan complet'!CJ32 -> #DIV/0! | AX3: ='Bilan complet'!CJ30 -> #DIV/0! | AY3: ='Bilan complet'!CL34 -> #DIV/0! | AZ3: ='Bilan complet'!CN34 -> #DIV/0! | BA3: ='Bilan complet'!CJ38 -> #DIV/0! | BB3: ='Bilan complet'!CJ36 -> #DIV/0! | BC3: ='Stock et ration '!C3 -> 0 | BD3: ='Stock et ration '!C3/(Exploitation!E17+Exploitation!E22+Exploitation!E27) -> #DIV/0! | BE3: ='Stock et ration '!C5 -> 0 | BF3: ='Stock et ration '!C5/Exploitation!E28 -> #DIV/0! | BG3: ='Stock et ration '!C4 -> 0 | BH3: ='Stock et ration '!C4/Exploitation!E28 -> #DIV/0! | BI3: ='Bilan complet'!$DD$6 -> 0 | BJ3: ='Bilan complet'!$DD$11 -> 0 | BK3: ='Bilan complet'!$DD$13 -> 0 | BL3: ='Bilan complet'!$DD$17 -> 0 | BM3: ='Bilan complet'!$DD$19 -> 0 | BN3: ='Bilan complet'!$DD$31 -> 0 | BO3: ='Bilan complet'!DD33 -> 0 | BP3: ='Bilan complet'!DD34 -> 0 | BQ3: ='Bilan complet'!$DD$25 -> 0 | BR3: ='Bilan complet'!$DD$40 -> 0 | BS3: ='Bilan complet'!$DL$6 -> 0 | BT3: ='Bilan complet'!$DL$15 -> 0 | BU3: ='Bilan complet'!$DL$21 -> 0 | BV3: ='Bilan complet'!$DL$23 -> 0 | BW3: ='Bilan complet'!$DL$25 -> 0 | BX3: ='Bilan complet'!$DL$27 -> 0 | BY3: ='Bilan complet'!$DL$31 -> 0 | BZ3: ='Bilan complet'!$DL$40 -> 0 | CA3: ='Bilan complet'!$DK$46 -> #DIV/0! | CB3: ='Bilan complet'!$DK$48 -> #DIV/0! | CC3: ='Bilan complet'!FQ9 -> 0 | CD3: ='Bilan complet'!FQ14 -> 0 | CE3: ='Bilan complet'!EJ5 -> 0 | CF3: ='Bilan complet'!EJ10 -> 0 | CG3: ='Bilan complet'!EJ16 -> 0 | CH3: ='Bilan complet'!EJ20 -> 0 | CI3: ='Bilan complet'!EJ22 -> 0 | CJ3: ='Bilan complet'!EJ26 -> 0 | CK3: ='Bilan complet'!EJ31 -> 0 | CL3: ='Bilan complet'!EJ39 -> 0 | CM3: ='Bilan complet'!EJ42 -> 0 | CN3: ='Bilan complet'!EJ46 -> 0 | CO3: ='Bilan complet'!EJ47 -> 0 | CP3: ='Bilan complet'!EJ48 -> 0 | CQ3: ='Bilan complet'!FI34 -> 0 | CR3: ='Bilan complet'!FI38 -> 0 | CS3: ='Bilan complet'!FI40 -> 0 | CT3: ='Bilan complet'!FI42 -> 0 | CU3: ='Bilan complet'!FI44 -> 0 | CV3: ='Bilan complet'!FI46 -> 0 | CW3: ='Bilan complet'!FI48 -> 0 | CX3: ='Bilan complet'!FI50 -> 0 | CY3: ='Bilan complet'!FQ30 -> 0 | CZ3: ='Bilan complet'!FN36 -> 0 | DA3: ='Bilan complet'!FN41 -> #DIV/0! | DB3: ='Bilan complet'!FU47 -> 0 | DC3: ='Bilan complet'!FY9 -> 0 | DD3: ='Bilan complet'!FY18 | DE3: ='Bilan complet'!FY21 | DF3: ='Bilan complet'!FY24 | DG3: ='Bilan complet'!BD26 | DH3: ='Bilan complet'!BD30 | DI3: ='Bilan complet'!BD28 | DJ3: ='Bilan complet'!BD32 | DK3: ='Bilan complet'!BD34 | DL3: ='Bilan complet'!BD38 | DM3: ='Bilan complet'!BD36 | DN3: ='Bilan complet'!BD40 | DO3: ='Bilan complet'!BS44 -> 0 | DP3: ='Bilan complet'!BC43 -> #DIV/0! | DQ3: ='Bilan complet'!BD46 | DR3: ='Bilan complet'!BC26 | DS3: ='Bilan complet'!BC30 | DT3: ='Bilan complet'!BC28 | DU3: ='Bilan complet'!BR44 -> 0 | DV3: ='Bilan complet'!BC32 | DW3: ='Bilan complet'!BA26 -> #DIV/0! | DX3: ='Bilan complet'!BA30 -> #DIV/0! | DY3: ='Bilan complet'!BA28 -> #DIV/0! | DZ3: ='Bilan complet'!BA32 -> #DIV/0! | EA3: ='Bilan complet'!BA34 -> #DIV/0! | EB3: ='Bilan complet'!BA38 -> #DIV/0! | EC3: ='Bilan complet'!BA36 -> #DIV/0! | ED3: ='Bilan complet'!BA40 -> #DIV/0! | EE3: =DW3+DX3+DY3+DZ3 -> #DIV/0! | EF3: ='Bilan complet'!AZ26 -> 0 | EG3: ='Bilan complet'!AZ30 -> 0 | EH3: ='Bilan complet'!AZ28 -> 0 | EI3: ='Bilan complet'!AZ32 -> 0 | EJ3: ='Bilan complet'!AZ34 -> 0 | EK3: ='Bilan complet'!AZ38 -> 0 | EL3: ='Bilan complet'!AZ36 -> 0 | EM3: ='Bilan complet'!AZ40 -> 0 | EN3: =EF3+EG3+EH3+EI3 -> 0 | EO3: ='Bilan complet'!AZ46 -> 0 | EP3: ='Bilan complet'!BB26 | EQ3: ='Bilan complet'!BB30 | ER3: ='Bilan complet'!BB28 | ES3: ='Bilan complet'!BB32 | ET3: ='Bilan complet'!BQ44 -> 0 | EU3: ='Bilan complet'!BA21 -> #DIV/0! | EV3: =Calcule!R5/Calcule!P5 -> #DIV/0! | EW3: ='Coût de production'!F7 -> #DIV/0! | EX3: ='Coût de production'!F9 -> #DIV/0! | EY3: ='Coût de production'!F11 -> #DIV/0! | EZ3: ='Coût de production'!F12 -> #DIV/0! | FA3: ='Coût de production'!F13 -> #DIV/0! | FB3: ='Coût de production'!F15 -> #DIV/0! | FC3: ='Coût de production'!F16 -> #DIV/0! | FD3: ='Coût de production'!F17 -> #DIV/0! | FE3: ='Coût de production'!F18 -> #DIV/0! | FF3: ='Coût de production'!F21 -> #DIV/0! | FG3: ='Coût de production'!F22 -> #DIV/0! | FH3: ='Coût de production'!F23 -> #N/A | FI3: ='Coût de production'!F25 -> #N/A | FJ3: ='Coût de production'!F26 -> #N/A | FK3: ='Coût de production'!F27 -> #DIV/0! | FL3: ='Coût de production'!F28 -> #N/A | FM3: ='Coût de production'!F29 -> #N/A | FN3: ='Coût de production'!F31 -> #N/A | FO3: ='Coût de production'!F32 -> #N/A | FP3: ='Coût de production'!F33 -> #N/A | FQ3: ='Coût de production'!F34 -> #N/A | FR3: ='Coût de production'!F35 -> #DIV/0! | FS3: ='Coût de production'!F37 -> #DIV/0! | FT3: ='Coût de production'!F38 -> #DIV/0! | FU3: ='Coût de production'!F39 -> #DIV/0! | FV3: ='Coût de production'!F40 -> #N/A | FW3: ='Coût de production'!F42 -> #N/A | FX3: ='Coût de production'!F43 -> #N/A | FY3: ='Coût de production'!F45 -> #N/A | FZ3: ='Coût de production'!F46 -> #N/A | GA3: ='Coût de production'!F43 -> #N/A | GB3: ='Coût de production'!F49 -> #DIV/0! | GC3: ='Coût de production'!F50 -> #DIV/0! | GD3: ='Coût de production'!N7 -> #DIV/0! | GE3: ='Coût de production'!N9 -> #DIV/0! | GF3: ='Coût de production'!N11 -> #DIV/0! | GG3: ='Coût de production'!N13 -> #DIV/0! | GH3: ='Coût de production'!N17 -> #N/A | GI3: =Calcule!AU52 -> 0 | GJ3: =GI3/X3 -> #DIV/0! | GK3: ='Coût de production'!N20 -> #DIV/0! | GL3: ='Coût de production'!N23 -> #DIV/0! | GM3: =BI3/$X3 -> #DIV/0! | GN3: =BJ3/$X3 -> #DIV/0! | GO3: =BK3/$X3 -> #DIV/0! | GP3: =BL3/$X3 -> #DIV/0! | GQ3: =BM3/$X3 -> #DIV/0! | GR3: =BN3/$X3 -> #DIV/0! | GS3: =BO3/$X3 -> #DIV/0! | GT3: =BP3/$X3 -> #DIV/0! | ... HD3: =BZ3/$X3 -> #DIV/0! | HE3: =GU3-GW3-HC3 -> #DIV/0!

Sheet Bilan complet
S1: ANALYSE | AH1: EVOLUTION DE L'EFFECTIF | AX1: BILAN DES VENTES | BN1: BILAN DES VENTES | CH1: BILAN DES STOCKS ET CONSOMMATIONS | DA1: MARGE BRUTE DE L'ATELIER OVIN | DQ1: MARGE BRUTE DE L'ATELIER OVIN | EG1: CHARGES DE STRUCTURE | EV1: MARGES BRUTES GRANDES CULTURES | FM1: BILAN ECONOMIQUE | GC1: BILAN ECONOMIQUE | GS1: EVOLUTION DES RESULTATS TECHNICO-ECONOMIQUES | HH1: EVOLUTION DES RESULTATS TECHNICO-ECONOMIQUES | HX1: EVOLUTION DES RESULTATS TECHNICO-ECONOMIQUES
F2: Bilan technico-économique
BP4: Nombre | BQ4: Poids | BR4: Prix/kg | BS4: Prix/Agx | BT4: Montant | BU4: Durée (jours) | CZ4: Produit | DH4: Charge | FN4: Margre brute ovine | FQ4: =DG48 -> 0
AH5: janvier | AI5: février | AJ5: mars | AK5: avril | AL5: mai | AM5: juin | AN5: juillet | AO5: août | AP5: sept. | AQ5: octobre | AR5: nov. | AS5: déc. | AT5: janvier | EF5: Charges foncières | EJ5: =EJ7+EJ9 -> 0 | EU5: Culture | EY5: Surface | FA5: Rendement (qtx/ha) | FC5: Production | FE5: Charge | FG5: Produit | FI5: Marge brute | GW5: =GX5-1 -> 2017 | GX5: =GY5-1 -> 2018 | GY5: =GZ5-1 -> 2019 | GZ5: =HA5-1 -> 2020 | HA5: =HB5-1 -> 2021 | HB5: =HC5-1 -> 2022 | HC5: =Exploitation!B2 -> 2023 | HD5: Références | HE5: Evolution
AW6: Vente agneaux | AZ6: Nombre | BA6: Part | BB6: Poids (kgc) | BC6: €/kg | BD6: €/tête | CZ6: Produit viande | DD6: =DD8+DD9+DD10 -> 0 | DH6: Frais d'alimentation | DL6: =SUM(DL8:DL14) -> 0 | DZ6: Produit ovin /EMP | EC6: =EC9+EC11+EC13+EC15 -> 0
G7: =Exploitation!B3 -> 0 | AG7: Effectif brebis | AH7: =' Elevage'!C3 -> 0 | AI7: =' Elevage'!D3 -> 0 | AJ7: =' Elevage'!E3 -> 0 | AK7: =' Elevage'!F3 -> 0 | AL7: =' Elevage'!G3 -> 0 | AM7: =' Elevage'!H3 -> 0 | AN7: =' Elevage'!I3 -> 0 | AO7: =' Elevage'!J3 -> 0 | ... AU7: =' Elevage'!P3 -> 0 | AV7: EMP | CH7: Stock début | CI7: Produits | CJ7: Achats | CK7: Ventes | CL7: Conso. hors ovin | CM7: Conso. Ovin | CN7: Stock fin | CO7: Consommation par EMP | EF7: Fermage | EJ7: ='Charges de structure'!C3 -> 0 | EU7: =IF('Grandes cultures'!C$2=0,"",'Grandes cultures'!C$2) | EY7: ='Grandes cultures'!B3 -> 0 | FA7: ='Grandes cultures'!H3 -> 0 | FC7: ='Grandes cultures'!E3 -> 0 | FE7: ='Grandes cultures'!F24 -> 0 | FG7: ='Grandes cultures'!F33 -> 0 | FI7: ='Grandes cultures'!F37 -> 0
CZ8: Agneaux vendus | DD8: =Calcule!I5+Calcule!I8+Calcule!I11+Calcule!I14+Calcule!I17+Calcule!I20+Calcule!I23+Calcule!I26+Calcule!I29+Calcule!I32 -> 0 | DH8: Céréales | DL8: ='Charges ovin'!C4+'Charges ovin'!C6 -> 0 | EF8: Entretien du foncier | EK8: ='Charges de structure'!C4 -> 0 | GR8: SAU | HC8: =C25 -> 0 | HD8: =HLOOKUP(Exploitation!B12,Références!D18:N55,2,FALSE) -> #N/A
AG9: dont agnelles | AH9: =' Elevage'!C4 -> 0 | AI9: =' Elevage'!D4 -> 0 | AJ9: =' Elevage'!E4 -> 0 | AK9: =' Elevage'!F4 -> 0 | AL9: =' Elevage'!G4 -> 0 | AM9: =' Elevage'!H4 -> 0 | AN9: =' Elevage'!I4 -> 0 | AO9: =' Elevage'!J4 -> 0 | ... AT9: =' Elevage'!O4 -> 0 | BM9: Hiver | BP9: =SUM(BP10:BP13) -> 0 | BQ9: =IF(BP9=0,,(BP10*BQ10+BP11*BQ11+BP12*BQ12+BP13*BQ13)/BP9) -> 0 | BR9: =IF(BP9=0,,BT9/(BP9*BQ9)) -> 0 | BS9: =IF(BP9=0,,BT9/BP9) -> 0 | BT9: =SUM(BT10:BT13) -> 0 | BU9: =IF(BP9=0,"",(BP10*BU10+BP11*BU11+BP12*BU12+BP13*BU13)/BP9) | CZ9: Agneaux autoconsommés | DD9: =Calcule!P7*Références!K5 -> 0 | DH9: Concentrés | DL9: ='Charges ovin'!C9 -> 0 | DZ9: Aides couplées | EC9: =Calcule!AM7 -> 0 | EF9: Impôt foncier | EJ9: ='Charges de structure'!C5 -> 0 | EU9: =IF('Grandes cultures'!K$2=0,"",'Grandes cultures'!K$2) | EY9: ='Grandes cultures'!J3 -> 0 | FA9: ='Grandes cultures'!P3 -> 0 | FC9: ='Grandes cultures'!M3 -> 0 | FE9: ='Grandes cultures'!N24 -> 0 | FG9: ='Grandes cultures'!N33 -> 0 | FI9: ='Grandes cultures'!N37 -> 0 | FN9: Autre marge brute | FQ9: =FI7+FI9+FI11+FI13+FI15+FI17+FI19+FI21+EZ45 -> 0 | FV9: Produit total | FY9: =EY35+EY37+EY39+EY41+EY43+DD40+FI50+FG7+FG9+FG11+FG13+FG17+FG15+FG19+FG21 -> 0 | GR9: UMO | HC9: =Exploitation!B15 -> 0 | HD9: =HLOOKUP(Exploitation!B12,Références!D18:N55,3,FALSE) -> #N/A
AG10: Achats | AH10: =' Elevage'!C5 -> 0 | AI10: =' Elevage'!D5 -> 0 | AJ10: =' Elevage'!E5 -> 0 | AK10: =' Elevage'!F5 -> 0 | AL10: =' Elevage'!G5 -> 0 | AM10: =' Elevage'!H5 -> 0 | AN10: =' Elevage'!I5 -> 0 | AO10: =' Elevage'!J5 -> 0 | ... AU10: =' Elevage'!P5 -> 0 | AV10: =IF(AU7=0,"",AU10/AU7) | AW10: Hiver | AZ10: =Calcule!D3+Calcule!D6+Calcule!D9+Calcule!D12+Calcule!D15+Calcule!D18+Calcule!D21+Calcule!D24+Calcule!D27+Calcule!D30 -> 0 | BA10: =AZ10/AZ43 -> #DIV/0! | BB10: =IF('Bilan complet'!AZ10=0,"",(Calcule!D4+Calcule!D7+Calcule!D10+Calcule!D13+Calcule!D16+Calcule!D19+Calcule!D22+Calcule!D25+Calcule!D28+Calcule!D31)/'Bilan complet'!AZ10) | BC10: =IF('Bilan complet'!AZ10=0,"",(Calcule!D5+Calcule!D8+Calcule!D11+Calcule!D14+Calcule!D17+Calcule!D20+Calcule!D23+Calcule!D26+Calcule!D29+Calcule!D32)/(Calcule!D4+Calcule!D7+Calcule!D10+Calcule!D13+Calcule!D16+Calcule!D19+Calcule!D22+Calcule!D25+Calcule!D28+Calcule!D31)) | BD10: =IF('Bilan complet'!AZ10=0,"",(Calcule!D5+Calcule!D8+Calcule!D11+Calcule!D14+Calcule!D17+Calcule!D20+Calcule!D23+Calcule!D26+Calcule!D29+Calcule!D32)/AZ10) | BM10: Lourd label | BP10: =Calcule!D$3 -> 0 | BQ10: =IF(BP10=0,,Calcule!D$4/BP10) -> 0 | BR10: =IF(BP10=0,,BT10/(BP10*BQ10)) -> 0 | BS10: =IF(BP10=0,,BT10/BP10) -> 0 | BT10: =Calcule!D$5 -> 0 | BU10: =Calcule!P20 -> 0 | CZ10: Adultes vendus | DD10: =Calcule!I35+Calcule!I38+Calcule!I41+Calcule!I44 -> 0 | DH10: CMV | DL10: ='Charges ovin'!C11 -> 0 | EF10: Charges matériel | EJ10: =EJ12+EJ13+EJ15+EJ14 -> 0 | GR10: EMP | HC10: =' Elevage'!P3 -> 0 | HD10: =HLOOKUP(Exploitation!B12,Références!D18:N55,4,FALSE) -> #N/A
H11: =Exploitation!B6 -> 0 | I11: =Exploitation!B7 -> 0 | BM11: Lourd adret | BP11: =Calcule!D$6 -> 0 | BQ11: =IF(BP11=0,,Calcule!D$7/BP11) -> 0 | BR11: =IF(BP11=0,,BT11/(BP11*BQ11)) -> 0 | BS11: =IF(BP11=0,,BT11/BP11) -> 0 | BT11: =Calcule!D$8 -> 0 | BU11: =Calcule!Q20 -> 0 | CF11: Foin (t) | CH11: ='Stock et ration '!B3 -> 0 | CI11: ='Stock et ration '!C3 -> 0 | CJ11: ='Stock et ration '!D3 -> 0 | CK11: ='Stock et ration '!E3 -> 0 | CL11: ='Stock et ration '!F3 -> 0 | CM11: ='Stock et ration '!H3 -> 0 | CN11: ='Stock et ration '!G3 -> 0 | CO11: ='Stock et ration '!I3 -> 0 | CZ11: Achats d'animaux | DD11: =-'Charges ovin'!C28 -> 0 | DH11: Lait en poudre | DL11: ='Charges ovin'!C13 -> 0 | DZ11: Autre produit ovin | EC11: =Calcule!AM6 -> 0 | EU11: =IF('Grandes cultures'!S$2=0,"",'Grandes cultures'!S$2) | EY11: ='Grandes cultures'!R3 -> 0 | FA11: ='Grandes cultures'!X3 -> 0 | FC11: ='Grandes cultures'!U3 -> 0 | FE11: ='Grandes cultures'!V24 -> 0 | FG11: ='Grandes cultures'!V33 -> 0 | FI11: ='Grandes cultures'!V37 -> 0 | GR11: Taux de renouvellement (%) | HC11: =IF(' Elevage'!P3=0,"",(' Elevage'!P6+' Elevage'!P5)/' Elevage'!P3)
AG12: Agnelles gardées | AH12: =' Elevage'!C6 -> 0 | AI12: =' Elevage'!D6 -> 0 | AJ12: =' Elevage'!E6 -> 0 | AK12: =' Elevage'!F6 -> 0 | AL12: =' Elevage'!G6 -> 0 | AM12: =' Elevage'!H6 -> 0 | AN12: =' Elevage'!I6 -> 0 | AO12: =' Elevage'!J6 -> 0 | ... AU12: =' Elevage'!P6 -> 0 | AV12: =IF(AU12=0,"",AU12/AU7) | AW12: Printemps | AZ12: =Calcule!E3+Calcule!E6+Calcule!E9+Calcule!E12+Calcule!E15+Calcule!E18+Calcule!E21+Calcule!E24+Calcule!E27+Calcule!E30 -> 0 | BA12: =AZ12/AZ$43 -> #DIV/0! | BB12: =IF('Bilan complet'!AZ12=0,"",(Calcule!E4+Calcule!E7+Calcule!E10+Calcule!E13+Calcule!E16+Calcule!E19+Calcule!E22+Calcule!E25+Calcule!E28+Calcule!E31)/AZ12) | BC12: =IF('Bilan complet'!AZ12=0,"",(Calcule!E5+Calcule!E8+Calcule!E11+Calcule!E14+Calcule!E17+Calcule!E20+Calcule!E23+Calcule!E26+Calcule!E29+Calcule!E32)/(Calcule!E4+Calcule!E7+Calcule!E10+Calcule!E13+Calcule!E16+Calcule!E19+Calcule!E22+Calcule!E25+Calcule!E28+Calcule!E31)) | BD12: =IF('Bilan complet'!AZ12=0,"",(Calcule!E5+Calcule!E8+Calcule!E11+Calcule!E14+Calcule!E17+Calcule!E20+Calcule!E23+Calcule!E26+Calcule!E29+Calcule!E32)/AZ12) | BM12: Lourd standard | BP12: =Calcule!D$9 -> 0 | BQ12: =IF(BP12=0,,Calcule!D$10/BP12) -> 0 | BR12: =IF(BP12=0,,BT12/(BP12*BQ12)) -> 0 | BS12: =IF(BP12=0,,BT12/BP12) -> 0 | BT12: =Calcule!D$11 -> 0 | BU12: =Calcule!R20 -> 0 | DH12: Foin | DL12: ='Charges ovin'!C15 -> 0 | EF12: Entretien matériel | EJ12: ='Charges de structure'!C7 -> 0 | FV12: Charge totale (hors ammortissement et frais financier) | FY12: =DL40+EJ39+FE7+FE9+FE11+FE13+FE15+FE17+FE19+FE21+EX35+EX37+EX39+EX41+EX43 -> 0 | GR12: Part d'achat (%) | HC12: =IF(' Elevage'!P3=0,"",(' Elevage'!P5)/' Elevage'!P3)
BM13: Lourd bio | BP13: =Calcule!D$12 -> 0 | BQ13: =IF(BP13=0,,Calcule!D$13/BP13) -> 0 | BR13: =IF(BP13=0,,BT13/(BP13*BQ13)) -> 0 | BS13: =IF(BP13=0,,BT13/BP13) -> 0 | BT13: =Calcule!D$14 -> 0 | BU13: =Calcule!S20 -> 0 | CZ13: Variation de stock | DD13: =DD15+DD16 -> 0 | DH13: Paille | DL13: ='Charges ovin'!C17 -> 0 | DZ13: Fourrage | EC13: =Calcule!AM5 -> 0 | EF13: Petit matériel et crédit bail | EJ13: ='Charges de structure'!C8+'Charges de structure'!C9 -> 0 | EU13: =IF('Grandes cultures'!AA$2=0,"",'Grandes cultures'!AA$2) | EY13: ='Grandes cultures'!Z3 -> 0 | FA13: ='Grandes cultures'!AF3 -> 0 | FC13: ='Grandes cultures'!AC3 -> 0 | FE13: ='Grandes cultures'!AD24 -> 0 | FG13: ='Grandes cultures'!AD33 -> 0 | FI13: ='Grandes cultures'!AD37 -> 0 | GR13: Taux de mise-bas (%) | HC13: =' Elevage'!F20/' Elevage'!P3 -> #DIV/0! | HD13: =HLOOKUP(Exploitation!B12,Références!D18:N55,5,FALSE) -> #N/A
H14: Campagne | J14: =Exploitation!B2 -> 2023 | AG14: Mortes | AH14: =' Elevage'!C7 -> 0 | AI14: =' Elevage'!D7 -> 0 | AJ14: =' Elevage'!E7 -> 0 | AK14: =' Elevage'!F7 -> 0 | AL14: =' Elevage'!G7 -> 0 | AM14: =' Elevage'!H7 -> 0 | AN14: =' Elevage'!I7 -> 0 | AO14: =' Elevage'!J7 -> 0 | ... AU14: =' Elevage'!P7 -> 0 | AV14: =IF(AU14=0,"",AU14/AU7) | AW14: Eté | AZ14: =Calcule!F3+Calcule!F6+Calcule!F9+Calcule!F12+Calcule!F15+Calcule!F18+Calcule!F21+Calcule!F24+Calcule!F27+Calcule!F30 -> 0 | BA14: =AZ14/AZ$43 -> #DIV/0! | BB14: =IF('Bilan complet'!AZ14=0,"",(Calcule!F4+Calcule!F7+Calcule!F10+Calcule!F13+Calcule!F16+Calcule!F19+Calcule!F22+Calcule!F25+Calcule!F28+Calcule!F31)/'Bilan complet'!AZ14) | BC14: =IF('Bilan complet'!AZ14=0,"",(Calcule!F5+Calcule!F8+Calcule!F11+Calcule!F14+Calcule!F17+Calcule!F20+Calcule!F23+Calcule!F26+Calcule!F29+Calcule!F32)/(Calcule!F4+Calcule!F7+Calcule!F10+Calcule!F13+Calcule!F16+Calcule!F19+Calcule!F22+Calcule!F25+Calcule!F28+Calcule!F31)) | BD14: =IF('Bilan complet'!AZ14=0,"",(Calcule!F5+Calcule!F8+Calcule!F11+Calcule!F14+Calcule!F17+Calcule!F20+Calcule!F23+Calcule!F26+Calcule!F29+Calcule!F32)/AZ14) | CF14: Paille (t) | CH14: ='Stock et ration '!B4 -> 0 | CI14: ='Stock et ration '!C4 -> 0 | CJ14: ='Stock et ration '!D4 -> 0 | CK14: ='Stock et ration '!E4 -> 0 | CL14: ='Stock et ration '!F4 -> 0 | CM14: ='Stock et ration '!H4 -> 0 | CN14: ='Stock et ration '!G4 -> 0 | CO14: ='Stock et ration '!I4 -> 0 | DH14: Estive / Pension | DL14: ='Charges ovin'!C20+'Charges ovin'!C19 -> 0 | EF14: Traveaux par tiers, frais de CUMA | EJ14: ='Charges de structure'!C10 -> 0 | FN14: Marge brute Total | FQ14: =FQ4+FQ9 -> 0 | GR14: Taux de prolificité (%) | HC14: =' Elevage'!G20/' Elevage'!F20 -> #DIV/0! | HD14: =HLOOKUP(Exploitation!B12,Références!D18:N55,6,FALSE) -> #N/A
CZ15: Variation stock agneaux | DD15: =IF(Références!K5=0,0,(AR49-AQ25)*Références!K5) -> 0 | DH15: Frais d'élevage | DL15: =SUM(DL17:DL20) -> 0 | DZ15: Produit animaux | EC15: =Calcule!AM4 -> 0 | EF15: Carburant | EJ15: ='Charges de structure'!C11+'Charges de structure'!C13+'Charges de structure'!C15 -> 0 | EU15: =IF('Grandes cultures'!AI$2=0,"",'Grandes cultures'!AI$2) | EY15: ='Grandes cultures'!AH3 -> 0 | FA15: ='Grandes cultures'!AN3 -> 0 | FC15: ='Grandes cultures'!AK3 -> 0 | FE15: ='Grandes cultures'!AL24 -> 0 | FG15: ='Grandes cultures'!AL33 -> 0 | FI15: ='Grandes cultures'!AL37 -> 0 | FV15: Produit ovin / Produit hors aides découplés | FY15: =DD40/(FY9-FI50) -> #DIV/0! | GR15: Taux de mortalité (%) | HC15: =' Elevage'!H20/' Elevage'!G20 -> #DIV/0! | HD15: =HLOOKUP(Exploitation!B12,Références!D18:N55,7,FALSE) -> #N/A
AG16: dont prédation | AH16: =' Elevage'!C8 -> 0 | AI16: =' Elevage'!D8 -> 0 | AJ16: =' Elevage'!E8 -> 0 | AK16: =' Elevage'!F8 -> 0 | AL16: =' Elevage'!G8 -> 0 | AM16: =' Elevage'!H8 -> 0 | AN16: =' Elevage'!I8 -> 0 | AO16: =' Elevage'!J8 -> 0 | ... AT16: =' Elevage'!O8 -> 0 | AU16: =SUM(AH16:AT16) -> 0 | AW16: Automne | AZ16: =Calcule!G3+Calcule!G6+Calcule!G9+Calcule!G12+Calcule!G15+Calcule!G18+Calcule!G21+Calcule!G24+Calcule!G27+Calcule!G30 -> 0 | BA16: =AZ16/AZ$43 -> #DIV/0! | BB16: =IF('Bilan complet'!AZ16=0,"",(Calcule!G4+Calcule!G7+Calcule!G10+Calcule!G13+Calcule!G16+Calcule!G19+Calcule!G22+Calcule!G25+Calcule!G28+Calcule!G31)/'Bilan complet'!AZ16) | BC16: =IF('Bilan complet'!AZ16=0,"",(Calcule!G5+Calcule!G8+Calcule!G11+Calcule!G14+Calcule!G17+Calcule!G20+Calcule!G23+Calcule!G26+Calcule!G29+Calcule!G32)/(Calcule!G4+Calcule!G7+Calcule!G10+Calcule!G13+Calcule!G16+Calcule!G19+Calcule!G22+Calcule!G25+Calcule!G28+Calcule!G31)) | BD16: =IF('Bilan complet'!AZ16=0,"",(Calcule!G5+Calcule!G8+Calcule!G11+Calcule!G14+Calcule!G17+Calcule!G20+Calcule!G23+Calcule!G26+Calcule!G29+Calcule!G32)/AZ16) | BM16: Printemps | BP16: =SUM(BP17:BP20) -> 0 | BQ16: =IF(BP16=0,,(BP17*BQ17+BP18*BQ18+BP19*BQ19+BP20*BQ20)/BP16) -> 0 | BR16: =IF(BP16=0,,BT16/(BP16*BQ16)) -> 0 | BS16: =IF(BP16=0,,BT16/BP16) -> 0 | BT16: =SUM(BT17:BT20) -> 0 | BU16: =IF(BP16=0,"",(BP17*BU17+BP18*BU18+BP19*BU19+BP20*BU20)/BP16) | CZ16: Variation de stock reproducteurs | DD16: =((AT7-AT9)-(AH7-AH9))*Références!K2+(AM25-AH25)*Références!K4+(AT9-AH9)*Références!K3 -> 0 | EF16: Charges batiment | EJ16: =EJ18+EJ19 -> 0 | GR16: Taux de productivité numérique (%) | HC16: =' Elevage'!I20/' Elevage'!P3 -> #DIV/0! | HD16: =HLOOKUP(Exploitation!B12,Références!D18:N55,8,FALSE) -> #N/A
AG17: Réformées | AH17: =' Elevage'!C9 -> 0 | AI17: =' Elevage'!D9 -> 0 | AJ17: =' Elevage'!E9 -> 0 | AK17: =' Elevage'!F9 -> 0 | AL17: =' Elevage'!G9 -> 0 | AM17: =' Elevage'!H9 -> 0 | AN17: =' Elevage'!I9 -> 0 | AO17: =' Elevage'!J9 -> 0 | ... AU17: =' Elevage'!P9 -> 0 | AV17: =IF(AU17=0,"",AU17/AU7) | BM17: Lourd label | BP17: =Calcule!E$3 -> 0 | BQ17: =IF(BP17=0,,Calcule!E$4/BP17) -> 0 | BR17: =IF(BP17=0,,BT17/(BP17*BQ17)) -> 0 | BS17: =IF(BP17=0,,BT17/BP17) -> 0 | BT17: =Calcule!E$5 -> 0 | BU17: =Calcule!P21 -> 0 | CF17: Céréales (t) | CH17: ='Stock et ration '!B5 -> 0 | CI17: ='Stock et ration '!C5 -> 0 | CJ17: ='Stock et ration '!D5 -> 0 | CK17: ='Stock et ration '!E5 -> 0 | CL17: ='Stock et ration '!F5 -> 0 | CM17: ='Stock et ration '!H5 -> 0 | CN17: ='Stock et ration '!G5 -> 0 | CO17: ='Stock et ration '!I5 -> 0 | CZ17: Fourrage | DD17: ='Produit ovin'!O11 -> 0 | DH17: Frais de reproduction | DL17: ='Charges ovin'!C22 -> 0 | EU17: =IF('Grandes cultures'!AQ$2=0,"",'Grandes cultures'!AQ$2) | EY17: ='Grandes cultures'!AP3 -> 0 | FA17: ='Grandes cultures'!AV3 -> 0 | FC17: ='Grandes cultures'!AS3 -> 0 | FE17: ='Grandes cultures'!AT24 -> 0 | FG17: ='Grandes cultures'!AT33 -> 0 | FI17: ='Grandes cultures'!AT37 -> 0 | GR17: Fourrage consommé (kg/EMP) | HC17: ='Stock et ration '!I3 -> 0 | HD17: =HLOOKUP(Exploitation!B12,Références!D18:N55,9,FALSE) -> #N/A
A18: CARACTERISTIQUES | I18: RESULTATS PRINCIPAUX | AW18: Stock | AZ18: =Calcule!H3+Calcule!H6+Calcule!H9+Calcule!H12+Calcule!H15+Calcule!H18+Calcule!H21+Calcule!H24+Calcule!H27+Calcule!H30 -> 0 | BA18: =AZ18/AZ$43 -> #DIV/0! | BB18: =IF('Bilan complet'!AZ18=0,"",(Calcule!H4+Calcule!H7+Calcule!H10+Calcule!H13+Calcule!H16+Calcule!H19+Calcule!H22+Calcule!H25+Calcule!H28+Calcule!H31)/'Bilan complet'!AZ18) | BC18: =IF('Bilan complet'!AZ18=0,"",(Calcule!H5+Calcule!H8+Calcule!H11+Calcule!H14+Calcule!H17+Calcule!H20+Calcule!H23+Calcule!H26+Calcule!H29+Calcule!H32)/(Calcule!H4+Calcule!H7+Calcule!H10+Calcule!H13+Calcule!H16+Calcule!H19+Calcule!H22+Calcule!H25+Calcule!H28+Calcule!H31)) | BD18: =IF('Bilan complet'!AZ18=0,"",(Calcule!H5+Calcule!H8+Calcule!H11+Calcule!H14+Calcule!H17+Calcule!H20+Calcule!H23+Calcule!H26+Calcule!H29+Calcule!H32)/AZ18) | BM18: Lourd adret | BP18: =Calcule!E$6 -> 0 | BQ18: =IF(BP18=0,,Calcule!E$7/BP18) -> 0 | BR18: =IF(BP18=0,,BT18/(BP18*BQ18)) -> 0 | BS18: =IF(BP18=0,,BT18/BP18) -> 0 | BT18: =Calcule!E$8 -> 0 | BU18: =Calcule!Q21 -> 0 | DH18: Identification, GDS, autre cotisation | DL18: ='Charges ovin'!C23 -> 0 | EF18: Entretien bâtiment | EJ18: ='Charges de structure'!C18 -> 0 | FV18: Aides / Produit total | FY18: =IF(FY9=0,"",(FI50+DD31)/FY9) | GR18: Autonomie fourragère massique (%) | HC18: ='Stock et ration '!L3 | HD18: =HLOOKUP(Exploitation!B12,Références!D18:N55,10,FALSE) -> #N/A
BM19: Lourd standard | BP19: =Calcule!E$9 -> 0 | BQ19: =IF(BP19=0,,Calcule!E$10/BP19) -> 0 | BR19: =IF(BP19=0,,BT19/(BP19*BQ19)) -> 0 | BS19: =IF(BP19=0,,BT19/BP19) -> 0 | BT19: =Calcule!E$11 -> 0 | BU19: =Calcule!R21 -> 0 | CZ19: Autre produit ovin | DD19: =DD21+DD22+DD24+DD23 -> 0 | DH19: Chien conduite | DL19: ='Charges ovin'!C24 -> 0 | EF19: Location bâtiment | EJ19: ='Charges de structure'!C19 -> 0 | EU19: =IF('Grandes cultures'!AY$2=0,"",'Grandes cultures'!AY$2) | EY19: ='Grandes cultures'!AX3 -> 0 | FA19: ='Grandes cultures'!BD3 -> 0 | FC19: ='Grandes cultures'!BA3 -> 0 | FE19: ='Grandes cultures'!BB24 -> 0 | FG19: ='Grandes cultures'!BB33 -> 0 | FI19: ='Grandes cultures'!BB37 -> 0 | FN19: Aides | FQ19: =FI50 -> 0 | GR19: Céréales et concentrés consommés (kg/EMP) | HC19: ='Stock et ration '!I5+'Stock et ration '!I6 -> 0 | HD19: =HLOOKUP(Exploitation!B12,Références!D18:N55,11,FALSE) -> #N/A
BM20: Lourd bio | BP20: =Calcule!E$12 -> 0 | BQ20: =IF(BP20=0,,Calcule!E$13/BP20) -> 0 | BR20: =IF(BP20=0,,BT20/(BP20*BQ20)) -> 0 | BS20: =IF(BP20=0,,BT20/BP20) -> 0 | BT20: =Calcule!E$14 -> 0 | BU20: =Calcule!S21 -> 0 | CF20: Aliments (t) | CH20: ='Stock et ration '!B6 -> 0 | CI20: ='Stock et ration '!C6 -> 0 | CJ20: ='Stock et ration '!D6 -> 0 | CK20: ='Stock et ration '!E6 -> 0 | CL20: ='Stock et ration '!F6 -> 0 | CM20: ='Stock et ration '!H6 -> 0 | CN20: ='Stock et ration '!G6 -> 0 | CO20: ='Stock et ration '!I6 -> 0 | DH20: Frais divers élevage | DL20: ='Charges ovin'!C25 -> 0 | DZ20: Charges ovines /EMP | EC20: =EC23+EC25+EC27+EC29+EC31+EC33+EC35 -> 0 | EF20: Assurance | EJ20: ='Charges de structure'!C20 -> 0 | GR20: Autonomie massique céréales et concentrés (%) | HC20: ='Stock et ration '!L5 | HD20: =HLOOKUP(Exploitation!B12,Références!D18:N55,12,FALSE) -> #N/A
AW21: Circuit long | AZ21: =Calcule!P5 -> 0 | BA21: =AZ21/AZ$43 -> #DIV/0! | CZ21: Laine | DD21: ='Produit ovin'!O4 -> 0 | DH21: Frais de vétérinaire | DL21: ='Charges ovin'!C27 -> 0 | EU21: =IF('Grandes cultures'!BG$2=0,"",'Grandes cultures'!BG$2) | EY21: ='Grandes cultures'!BF3 -> 0 | FA21: ='Grandes cultures'!BL3 -> 0 | FC21: ='Grandes cultures'!BI3 -> 0 | FE21: ='Grandes cultures'!BJ24 -> 0 | FG21: ='Grandes cultures'!BJ33 -> 0 | FI21: ='Grandes cultures'!BJ37 -> 0 | FV21: EBE / Produit | FY21: =IF(FY9=0,"",FQ30/FY9) | GR21: Coût de la ration (€/EMP) | HC21: =CL48 -> #DIV/0!
A22: UMO total | C22: =Exploitation!B15 -> 0 | E22: UMO ovine | G22: =Exploitation!B16 -> 0 | M22: Votre exploitation | O22: Cas-type | AH22: Stock début | AI22: Achats | AJ22: Auto-renouv | AK22: Ventes | AL22: Morts | AM22: Stock fin | AQ22: Stock début | AR22: Auto-conso. | AS22: Gardés | AT22: Vendus | AU22: Morts | AV22: Stock fin | CZ22: Fumier | DD22: ='Produit ovin'!O6 -> 0 | EF22: Charges main d'œuvre | EJ22: =EJ24+EJ25 -> 0 | GR22: Prix moyen de l'agneau (€) | HC22: ='Bilan complet'!BD43 -> #DIV/0! | HD22: =HLOOKUP(Exploitation!B12,Références!D18:N55,13,FALSE) -> #N/A
AW23: Vente en directe | AZ23: =Calcule!P6 -> 0 | BA23: =AZ23/AZ$43 -> #DIV/0! | BM23: Eté | BP23: =SUM(BP24:BP27) -> 0 | BQ23: =IF(BP23=0,,(BP24*BQ24+BP25*BQ25+BP26*BQ26+BP27*BQ27)/BP23) -> 0 | BR23: =IF(BP23=0,,BT23/(BP23*BQ23)) -> 0 | BS23: =IF(BP23=0,,BT23/BP23) -> 0 | BT23: =SUM(BT24:BT27) -> 0 | BU23: =IF(BP23=0,"",(BP24*BU24+BP25*BU25+BP26*BU26+BP27*BU27)/BP23) | CZ23: Autre | DD23: ='Produit ovin'!O8 -> 0 | DH23: Travaux par tiers | DL23: ='Charges ovin'!C37 -> 0 | DZ23: Frais SFP | EC23: =Calcule!AN15 -> 0 | GR23: Poids moyen carcasse agneaux lourd (kgc) | HC23: =BQ44 -> 0 | HD23: =HLOOKUP(Exploitation!B12,Références!D18:N55,14,FALSE) -> #N/A
I24: Taux de mise-bas | M24: =HC13 -> #DIV/0! | O24: =HD13 -> #N/A | BM24: Lourd label | BP24: =Calcule!F$3 -> 0 | BQ24: =IF(BP24=0,,Calcule!F$4/BP24) -> 0 | BR24: =IF(BP24=0,,BT24/(BP24*BQ24)) -> 0 | BS24: =IF(BP24=0,,BT24/BP24) -> 0 | BT24: =Calcule!F$5 -> 0 | BU24: =Calcule!P22 -> 0 | CZ24: Indemnités animales | DD24: ='Produit ovin'!O9 -> 0 | EF24: Charge sociale | EJ24: ='Charges de structure'!C24 -> 0 | FN24: Charge de structure (hors amortissements) | FQ24: =EJ39 -> 0 | FV24: Annuité / EBE | FY24: =IF(FQ30=0,"",FN36/FQ30) | GR24: % agneaux labélisé (sisteron et adret) | HC24: =IF(AZ43=0,"",(AZ26+AZ28)/AZ43) | HD24: =HLOOKUP(Exploitation!B12,Références!D18:N55,15,FALSE) -> #N/A
A25: SAU | C25: =Exploitation!E16 -> 0 | E25: SFP ovine | G25: =Exploitation!F17+Exploitation!F22+Exploitation!F27 -> 0 | AG25: Béliers | AH25: =' Elevage'!P12 -> 0 | AI25: =' Elevage'!Q12 -> 0 | AJ25: =' Elevage'!R12 -> 0 | AK25: =' Elevage'!S12 -> 0 | AL25: =' Elevage'!T12 -> 0 | AM25: =' Elevage'!U12 -> 0 | AO25: Agneaux stock | AQ25: =' Elevage'!E12 -> 0 | AR25: =' Elevage'!L12 -> 0 | AS25: =' Elevage'!K12 -> 0 | AT25: =' Elevage'!I12 -> 0 | AU25: =' Elevage'!H12 -> 0 | AV25: =' Elevage'!M12 -> 0 | BM25: Lourd adret | BP25: =Calcule!F$6 -> 0 | BQ25: =IF(BP25=0,,Calcule!F$7/BP25) -> 0 | BR25: =IF(BP25=0,,BT25/(BP25*BQ25)) -> 0 | BS25: =IF(BP25=0,,BT25/BP25) -> 0 | BT25: =Calcule!F$8 -> 0 | BU25: =Calcule!Q22 -> 0 | CZ25: Produit ovin hors aides | DD25: =DD19+DD17+DD13+DD6+DD11 -> 0 | DH25: Frais transformation | DL25: ='Charges ovin'!C41 -> 0 | DZ25: Frais de commercialisation | EC25: =Calcule!AN14 -> 0 | EF25: Salaire | EJ25: ='Charges de structure'!C25 -> 0 | GR25: Produit ovin hors primes (€/ EMP) | HC25: =DD25/' Elevage'!P3 -> #DIV/0! | HD25: =HLOOKUP(Exploitation!B12,Références!D18:N55,22,FALSE) -> #N/A
I26: Prolificité | M26: =HC14 -> #DIV/0! | O26: =HD14 -> #N/A | AW26: Lourd label | AZ26: =Calcule!I3 -> 0 | BA26: =AZ26/AZ$43 -> #DIV/0! | BB26: =IF(AZ26=0,"",Calcule!I4/AZ26) | BC26: =IF(AZ26=0,"",Calcule!I5/Calcule!I4) | BD26: =IF(AZ26=0,"",Calcule!I5/Calcule!I3) | BM26: Lourd standard | BP26: =Calcule!F$9 -> 0 | BQ26: =IF(BP26=0,,Calcule!F$10/BP26) -> 0 | BR26: =IF(BP26=0,,BT26/(BP26*BQ26)) -> 0 | BS26: =IF(BP26=0,,BT26/BP26) -> 0 | BT26: =Calcule!F$11 -> 0 | BU26: =Calcule!R22 -> 0 | EF26: Charges protection | EJ26: =EJ28+EJ29+EJ30 -> 0 | GR26: Charges opérationnelles (€/ EMP) | HC26: =DL40/' Elevage'!P3 -> #DIV/0! | HD26: =HLOOKUP(Exploitation!B12,Références!D18:N55,23,FALSE) -> #N/A
BM27: Lourd bio | BP27: =Calcule!F$12 -> 0 | BQ27: =IF(BP27=0,,Calcule!F$13/BP27) -> 0 | BR27: =IF(BP27=0,,BT27/(BP27*BQ27)) -> 0 | BS27: =IF(BP27=0,,BT27/BP27) -> 0 | BT27: =Calcule!F$14 -> 0 | BU27: =Calcule!S22 -> 0 | CF27: Coûts de la ration | CJ27: Conso./individu | CL27: Coût/individus | CN27: Coût/kgc agneaux | DH27: Frais de commercialisation | DL27: ='Charges ovin'!C42 -> 0 | DZ27: Frais transformation | EC27: =Calcule!AN13 -> 0 | GR27: Marge brute hors primes (€/ EMP) | HC27: =DG46/' Elevage'!P3 -> #DIV/0! | HD27: =HLOOKUP(Exploitation!B12,Références!D18:N55,24,FALSE) -> #N/A
A28: Estive collective | C28: =Exploitation!B34 -> 0 | I28: Mortalité agneaux | M28: =HC15 -> #DIV/0! | O28: =HD15 -> #N/A | AW28: Lourd adret | AZ28: =Calcule!I6 -> 0 | BA28: =AZ28/AZ$43 -> #DIV/0! | BB28: =IF(AZ28=0,"",Calcule!I7/AZ28) | BC28: =IF(AZ28=0,"",Calcule!I8/Calcule!I7) | BD28: =IF(AZ28=0,"",Calcule!I8/Calcule!I6) | EF28: Chien de protection | EJ28: ='Charges de structure'!C27 -> 0 | EV28: MARGES BRUTES AUTRES ATELIERS | FF28: BILAN DES AIDES | GR28: Produit ovin total (€/ EMP) | HC28: =DD40/' Elevage'!P3 -> #DIV/0! | HD28: =HLOOKUP(Exploitation!B12,Références!D18:N55,25,FALSE) -> #N/A
AG29: Nombre de brebis par bélier | AJ29: ='Extraction chambre'!AF3 -> #DIV/0! | DH29: Taxe animale | DL29: ='Charges ovin'!C36 -> 0 | DZ29: Travaux par tiers | EC29: =Calcule!AN12 -> 0 | EF29: Matériel protection | EJ29: ='Charges de structure'!C28 -> 0 | GR29: Marge brute ovine (€/ EMP) | HC29: =DG48/' Elevage'!P3 -> #DIV/0! | HD29: =HLOOKUP(Exploitation!B12,Références!D18:N55,26,FALSE) -> #N/A
I30: Productivité numérique | M30: =HC16 -> #DIV/0! | O30: =HD16 -> #N/A | AW30: Lourd standard | AZ30: =Calcule!I9 -> 0 | BA30: =AZ30/AZ$43 -> #DIV/0! | BB30: =IF(AZ30=0,"",Calcule!I10/AZ30) | BC30: =IF(AZ30=0,"",Calcule!I11/Calcule!I10) | BD30: =IF(AZ30=0,"",Calcule!I11/Calcule!I9) | BM30: Automne | BP30: =SUM(BP31:BP34) -> 0 | BQ30: =IF(BP30=0,,(BP31*BQ31+BP32*BQ32+BP33*BQ33+BP34*BQ34)/BP30) -> 0 | BR30: =IF(BP30=0,,BT30/(BP30*BQ30)) -> 0 | BS30: =IF(BP30=0,,BT30/BP30) -> 0 | BT30: =SUM(BT31:BT34) -> 0 | BU30: =IF(BP30=0,"",(BP31*BU31+BP32*BU32+BP33*BU33+BP34*BU34)/BP30) | CF30: Agneaux | CH30: Céréale | CJ30: =('Stock et ration '!H11*1000)/' Elevage'!I20 -> #DIV/0! | CL30: =(('Charges ovin'!C4+'Charges ovin'!C6)/(('Charges ovin'!C5+'Charges ovin'!C7)*1000))*'Bilan complet'!CJ30 -> #DIV/0! | CN30: =(CL30*' Elevage'!I20)/Calcule!AU52 -> #DIV/0! | EF30: Gardiennage protection | EJ30: ='Charges de structure'!C29 -> 0 | FN30: EBE | FQ30: =FQ14+FQ19-FQ24 -> 0 | GR30: Marge brute autre activié (€) | HC30: =FQ9 -> 0 | HD30: =HLOOKUP(Exploitation!B12,Références!D18:N55,27,FALSE) -> #N/A
A31: EMP | D31: =' Elevage'!P3 -> 0 | BM31: Lourd label | BP31: =Calcule!G$3 -> 0 | BQ31: =IF(BP31=0,,Calcule!G$4/BP31) -> 0 | BR31: =IF(BP31=0,,BT31/(BP31*BQ31)) -> 0 | BS31: =IF(BP31=0,,BT31/BP31) -> 0 | BT31: =Calcule!G$5 -> 0 | BU31: =Calcule!P23 -> 0 | CZ31: Aides couplées | DD31: =DD33+DD34 -> 0 | DH31: Frais SFPO | DL31: =SUM(DL33:DL39) -> 0 | DZ31: Frais de vétérinaire | EC31: =Calcule!AN11 -> 0 | EF31: Charge diverses | EJ31: =EJ34+EJ35+EJ36+EJ37+EJ33+EJ38 -> 0 | GR31: Marge brute totale (€) | HC31: =FQ14 -> 0 | HD31: =HLOOKUP(Exploitation!B12,Références!D18:N55,28,FALSE) -> #N/A
I32: Taux de certification label "Sisteron" | M32: =HC24 | O32: =HD24 -> #N/A | AW32: Lourd bio | AZ32: =Calcule!I12 -> 0 | BA32: =AZ32/AZ$43 -> #DIV/0! | BB32: =IF(AZ32=0,"",Calcule!I13/AZ32) | BC32: =IF(AZ32=0,"",Calcule!I14/Calcule!I13) | BD32: =IF(AZ32=0,"",Calcule!I14/Calcule!I12) | BM32: Lourd adret | BP32: =Calcule!G$6 -> 0 | BQ32: =IF(BP32=0,,Calcule!G$7/BP32) -> 0 | BR32: =IF(BP32=0,,BT32/(BP32*BQ32)) -> 0 | BS32: =IF(BP32=0,,BT32/BP32) -> 0 | BT32: =Calcule!G$8 -> 0 | BU32: =Calcule!Q23 -> 0 | CH32: Aliment | CJ32: =('Stock et ration '!H9*1000)/' Elevage'!I20 -> #DIV/0! | CL32: =('Charges ovin'!C9/('Charges ovin'!C10*1000))*'Bilan complet'!CJ32 -> #DIV/0! | CN32: =(CL32*' Elevage'!I20)/Calcule!AU52 -> #DIV/0! | FD32: Aides | GR32: Charges de structure totale (€) | HC32: =EJ48 -> 0 | HD32: =HLOOKUP(Exploitation!B12,Références!D18:N55,29,FALSE) -> #N/A
BM33: Lourd standard | BP33: =Calcule!G$9 -> 0 | BQ33: =IF(BP33=0,,Calcule!G$10/BP33) -> 0 | BR33: =IF(BP33=0,,BT33/(BP33*BQ33)) -> 0 | BS33: =IF(BP33=0,,BT33/BP33) -> 0 | BT33: =Calcule!G$11 -> 0 | BU33: =Calcule!R23 -> 0 | CZ33: Aide ovine | DD33: =Aides!J3 -> 0 | DH33: Engrais/amendement SFPO | DL33: ='Charges ovin'!C45 -> 0 | DZ33: Frais d'élevage | EC33: =Calcule!AN10 -> 0 | EF33: Frais de gestion | EJ33: ='Charges de structure'!C32 -> 0 | EU33: Autres atelier | EX33: Charge | EY33: Produit | EZ33: Marge brut | GR33: Dont ammortissements (€) | HC33: =FU42 -> 0 | HD33: =HLOOKUP(Exploitation!B12,Références!D18:N55,30,FALSE) -> #N/A
A34: Race brebis | D34: =Exploitation!B26 -> 0 | I34: Poids moyen agneaux lourds | M34: =HC23 -> 0 | O34: =HD23 -> #N/A | AH34: BILAN DES AGNELAGES | AW34: Léger | AZ34: =Calcule!I15 -> 0 | BA34: =AZ34/AZ$43 -> #DIV/0! | BB34: =IF(AZ34=0,"",Calcule!I16/AZ34) | BC34: =IF(AZ34=0,"",Calcule!I17/Calcule!I16) | BD34: =IF(AZ34=0,"",Calcule!I17/Calcule!I15) | BM34: Lourd bio | BP34: =Calcule!G$12 -> 0 | BQ34: =IF(BP34=0,,Calcule!G$13/BP34) -> 0 | BR34: =IF(BP34=0,,BT34/(BP34*BQ34)) -> 0 | BS34: =IF(BP34=0,,BT34/BP34) -> 0 | BT34: =Calcule!G$14 -> 0 | BU34: =Calcule!S23 -> 0 | CH34: Total | CJ34: =SUM(CJ30:CK33) -> #DIV/0! | CL34: =SUM(CL30:CM33) -> #DIV/0! | CN34: =SUM(CN30:CO33) -> #DIV/0! | CZ34: Aide légumineuse | DD34: =Aides!J4 -> 0 | DH34: Semence SFPO | DL34: ='Charges ovin'!C47 -> 0 | EF34: Divers | EJ34: ='Charges de structure'!C31 -> 0 | FD34: DPB | FI34: =Aides!D3 -> 0 | GR34: Frais financier et annuité (€) | HC34: =FU36+FN36 -> 0 | HD34: =HLOOKUP(Exploitation!B12,Références!D18:N55,31,FALSE) -> #N/A
DH35: Produit phyto SFPO | DL35: ='Charges ovin'!C48 -> 0 | DZ35: Frais d'alimentation | EC35: =Calcule!AN9 -> 0 | EF35: Déplacement | EJ35: ='Charges de structure'!C33 -> 0 | EU35: =IF(EZ35=0,"",'Autres atelier'!C$2) | EX35: ='Autres atelier'!C14 -> 0 | EY35: ='Autres atelier'!C26 -> 0 | EZ35: ='Autres atelier'!C28 -> 0 | GR35: Aides découplés (€) | HC35: =FQ19 -> 0 | HD35: =HLOOKUP(Exploitation!B12,Références!D18:N55,32,FALSE) -> #N/A
I36: Prix moyen de l'agneau | M36: =HC22 -> #DIV/0! | O36: =HD22 -> #N/A | AW36: Maigre | AZ36: =Calcule!I18 -> 0 | BA36: =AZ36/AZ$43 -> #DIV/0! | BB36: =IF(AZ36=0,"",Calcule!I19/AZ36) | BC36: =IF(AZ36=0,"",Calcule!I20/Calcule!I19) | BD36: =IF(AZ36=0,"",Calcule!I20/Calcule!I18) | CF36: Brebis | CH36: Céréale | CJ36: =('Stock et ration '!H12*1000)/' Elevage'!P3 -> #DIV/0! | CL36: =(('Charges ovin'!C4+'Charges ovin'!C6)/(('Charges ovin'!C5+'Charges ovin'!C7)*1000))*CJ36 -> #DIV/0! | CN36: =(CL36*' Elevage'!P3)/Calcule!AU52 -> #DIV/0! | DH36: Irrigation SFPO | DL36: ='Charges ovin'!C49 -> 0 | EF36: Eau | EJ36: ='Charges de structure'!C34 -> 0 | FE36: Nombre | FF36: =Aides!B3 -> 0 | FG36: Montant | FH36: =Aides!C3 -> #DIV/0! | FK36: Annuités | FN36: ='Charges de structure'!C45+'Charges de structure'!C46+'Charges de structure'!C43 -> 0 | FR36: Frais financiers | FU36: ='Charges de structure'!C46+'Charges de structure'!C43 -> 0 | GR36: Excèdent brut d'exploitation (€) | HC36: =FQ30 -> 0 | HD36: =HLOOKUP(Exploitation!B12,Références!D18:N55,33,FALSE) -> #N/A
A37: Race béliers | D37: =Exploitation!B28 -> 0 | BM37: Stock | BP37: =SUM(BP38:BP41) -> 0 | BQ37: =IF(BP37=0,,(BP38*BQ38+BP39*BQ39+BP40*BQ40+BP41*BQ41)/BP37) -> 0 | BR37: =IF(BP37=0,,BT37/(BP37*BQ37)) -> 0 | BS37: =IF(BP37=0,,BT37/BP37) -> 0 | BT37: =SUM(BT38:BT41) -> 0 | BU37: =IF(BP37=0,"",(BP38*BU38+BP39*BU39+BP40*BU40+BP41*BU41)/BP37) | DH37: Ficelle et divers SFPO | DL37: ='Charges ovin'!C50 -> 0 | EF37: Electricité | EJ37: ='Charges de structure'!C36 -> 0 | EU37: =IF(EZ37=0,"",'Autres atelier'!K$2) | EX37: ='Autres atelier'!K14 -> 0 | EY37: ='Autres atelier'!K26 -> 0 | EZ37: ='Autres atelier'!K28 -> 0 | GR37: Résultat courant (€) | HC37: =FU47 -> 0 | HD37: =HLOOKUP(Exploitation!B12,Références!D18:N55,34,FALSE) -> #N/A
I38: Foin /EMP | M38: =HC17 -> 0 | O38: =HD17 -> #N/A | AH38: Période | AJ38: Nombre femelles | AK38: Mise bas | AL38: Nés | AM38: Morts | AN38: Agneaux produits | AO38: Vendus | AP38: Gardés | AQ38: Autoconso | AR38: Stock fin | AS38: Taux de mise bas | AT38: Prolif. | AU38: Mort. | AV38: Producti. | AW38: Tardon | AZ38: =Calcule!I21+Calcule!I24 -> 0 | BA38: =AZ38/AZ$43 -> #DIV/0! | BB38: =IF(AZ38=0,"",(Calcule!I22+Calcule!I25)/AZ38) | BC38: =IF(AZ38=0,"",(Calcule!I23+Calcule!I26)/(Calcule!I22+Calcule!I25)) | BD38: =IF(AZ38=0,"",(Calcule!I23+Calcule!I26)/(Calcule!I21+Calcule!I24)) | BM38: Lourd label | BP38: =Calcule!H$3 -> 0 | BQ38: =IF(BP38=0,,Calcule!H$4/BP38) -> 0 | BR38: =IF(BP38=0,,BT38/(BP38*BQ38)) -> 0 | BS38: =IF(BP38=0,,BT38/BP38) -> 0 | BT38: =Calcule!H$5 -> 0 | BU38: =Calcule!P24 -> 0 | CH38: Aliment | CJ38: =('Stock et ration '!H10*1000)/' Elevage'!P3 -> #DIV/0! | CL38: =('Charges ovin'!C9/('Charges ovin'!C10*1000))*'Bilan complet'!CJ38 -> #DIV/0! | CN38: =(CL38*' Elevage'!P3)/Calcule!AU52 -> #DIV/0! | DH38: Travaux par tiers SFPO | DL38: ='Charges ovin'!C51 -> 0 | EF38: Taxes et impôts | EJ38: ='Charges de structure'!C38 -> 0 | FD38: Paiement redistributif | FI38: =Aides!D4 -> 0 | GR38: Revenu disponible par UMO (€) | HC38: =FN41 -> #DIV/0! | HD38: =HLOOKUP(Exploitation!B12,Références!D18:N55,35,FALSE) -> #N/A
BM39: Lourd adret | BP39: =Calcule!H$6 -> 0 | BQ39: =IF(BP39=0,,Calcule!H$7/BP39) -> 0 | BR39: =IF(BP39=0,,BT39/(BP39*BQ39)) -> 0 | BS39: =IF(BP39=0,,BT39/BP39) -> 0 | BT39: =Calcule!H$8 -> 0 | BU39: =Calcule!Q24 -> 0 | DH39: Frais CUMA SFPO | DL39: ='Charges ovin'!C52 -> 0 | EF39: Charges de structure | EJ39: =EJ31+EJ26+EJ22+EJ20+EJ16+EJ10+EJ5 -> 0 | EU39: =IF(EZ39=0,"",'Autres atelier'!S$2) | EX39: ='Autres atelier'!S14 -> 0 | EY39: ='Autres atelier'!S26 -> 0 | EZ39: ='Autres atelier'!S28 -> 0 | GR39: Aide / Produit (%) | HC39: =FY18 | HD39: =HLOOKUP(Exploitation!B12,Références!D18:N55,36,FALSE) -> #N/A
A40: Type de système | D40: =Exploitation!B12 -> 0 | I40: Concentrés /EMP | M40: =HC19 -> 0 | O40: =HD19 -> #N/A | AW40: Jeune repro. | AZ40: =Calcule!I27+Calcule!I30 -> 0 | BA40: =AZ40/AZ$43 -> #DIV/0! | BB40: =IF(AZ40=0,"",(Calcule!I28+Calcule!I31)/AZ40) | BC40: =IF(AZ40=0,"",(Calcule!I29+Calcule!I32)/(Calcule!I28+Calcule!I31)) | BD40: =IF(AZ40=0,"",(Calcule!I29+Calcule!I32)/(Calcule!I27+Calcule!I30)) | BM40: Lourd standard | BP40: =Calcule!H$9 -> 0 | BQ40: =IF(BP40=0,,Calcule!H$10/BP40) -> 0 | BR40: =IF(BP40=0,,BT40/(BP40*BQ40)) -> 0 | BS40: =IF(BP40=0,,BT40/BP40) -> 0 | BT40: =Calcule!H$11 -> 0 | BU40: =Calcule!R24 -> 0 | CH40: Total | CJ40: =SUM(CJ36:CK39) -> #DIV/0! | CL40: =SUM(CL36:CM39) -> #DIV/0! | CN40: =SUM(CN36:CO39) -> #DIV/0! | CZ40: Produit ovin total | DD40: =DD25+DD31 -> 0 | DH40: Charges ovines totales | DL40: =DL31+DL27+DL25+DL23+DL21+DL15+DL6+DL29 -> 0 | DZ40: Marge brute ovine /EMP | EC40: =IF('Bilan complet'!AU7=0,0,DG48/AU7) -> 0 | FD40: Ecorégime | FI40: =Aides!D5 -> 0 | GR40: EBE / produit (%) | HC40: =FY21 | HD40: =HLOOKUP(Exploitation!B12,Références!D18:N55,37,FALSE) -> #N/A
AG41: Hiver | AH41: =IF(' Elevage'!C16=0,"",' Elevage'!C16) | AI41: =IF(' Elevage'!D16=0,"",' Elevage'!D16) | AJ41: =IF(' Elevage'!E16=0,"",' Elevage'!E16) | AK41: =' Elevage'!F16 -> 0 | AL41: =' Elevage'!G16 -> 0 | AM41: =' Elevage'!H16 -> 0 | AN41: =' Elevage'!I16 -> 0 | AO41: =' Elevage'!J16 -> 0 | AP41: =' Elevage'!K16 -> 0 | AQ41: =' Elevage'!L16 -> 0 | AR41: =' Elevage'!M16 -> 0 | AS41: =IF(AJ41="","",AK41/AJ41) | AT41: =IF(AK41=0,"",AL41/AK41) | AU41: =IF(AL41=0,"",AM41/AL41) | AV41: =IF(AJ41="","",AN41/AJ41) | BM41: Lourd bio | BP41: =Calcule!H$12 -> 0 | BQ41: =IF(BP41=0,,Calcule!H$13/BP41) -> 0 | BR41: =IF(BP41=0,,BT41/(BP41*BQ41)) -> 0 | BS41: =IF(BP41=0,,BT41/BP41) -> 0 | BT41: =Calcule!H$14 -> 0 | BU41: =Calcule!S24 -> 0 | EU41: =IF(EZ41=0,"",'Autres atelier'!AA$2) | EX41: ='Autres atelier'!AA14 -> 0 | EY41: ='Autres atelier'!AA26 -> 0 | EZ41: ='Autres atelier'!AA28 -> 0 | FK41: Revenu disponible/UMO | FN41: =(FQ30-FN36)/Exploitation!B17 -> #DIV/0! | GR41: Annuité / EBE (%) | HC41: =FY24 | HD41: =HLOOKUP(Exploitation!B12,Références!D18:N55,38,FALSE) -> #N/A
I42: Produit ovin hors prime/ EMP | M42: =HC25 -> #DIV/0! | O42: =HD25 -> #N/A | CF42: Total (EMP) | CH42: Céréale | CJ42: ='Stock et ration '!I5 -> 0 | CL42: =(('Charges ovin'!C4+'Charges ovin'!C6)/(('Charges ovin'!C5+'Charges ovin'!C7)*1000))*CJ42 -> #DIV/0! | CN42: =(CL42*' Elevage'!P3)/Calcule!AU52 -> #DIV/0! | EF42: Frais financiers | EJ42: ='Charges de structure'!C46+'Charges de structure'!C43 -> 0 | FD42: JA | FI42: =Aides!D6 -> 0 | FR42: Amortissements | FU42: =EJ44 -> 0
A43: Conduite raciale | D43: =Exploitation!B29 -> 0 | AG43: Printemps | AH43: =IF(' Elevage'!C17=0,"",' Elevage'!C17) | AI43: =IF(' Elevage'!D17=0,"",' Elevage'!D17) | AJ43: =IF(' Elevage'!E17=0,"",' Elevage'!E17) | AK43: =' Elevage'!F17 -> 0 | AL43: =' Elevage'!G17 -> 0 | AM43: =' Elevage'!H17 -> 0 | AN43: =' Elevage'!I17 -> 0 | AO43: =' Elevage'!J17 -> 0 | AP43: =' Elevage'!K17 -> 0 | AQ43: =' Elevage'!L17 -> 0 | AR43: =' Elevage'!M17 -> 0 | AS43: =IF(AJ43="","",AK43/AJ43) | AT43: =IF(AK43=0,"",AL43/AK43) | AU43: =IF(AL43=0,"",AM43/AL43) | AV43: =IF(AJ43="","",AN43/AJ43) | AW43: TOTAL AGNEAUX | AZ43: =SUM(AZ26:AZ41) -> 0 | BA43: =SUM(BA21:BA50) -> #DIV/0! | BB43: =(Calcule!I4+Calcule!I7+Calcule!I10+Calcule!I13+Calcule!I16+Calcule!I19+Calcule!I22+Calcule!I25+Calcule!I28+Calcule!I31)/(Calcule!I3+Calcule!I6+Calcule!I9+Calcule!I12+Calcule!I15+Calcule!I18+Calcule!I21+Calcule!I24+Calcule!I27+Calcule!I30) -> #DIV/0! | BC43: =(Calcule!I5+Calcule!I8+Calcule!I11+Calcule!I14+Calcule!I17+Calcule!I20+Calcule!I23+Calcule!I26+Calcule!I29+Calcule!I32)/(Calcule!I4+Calcule!I7+Calcule!I10+Calcule!I13+Calcule!I16+Calcule!I19+Calcule!I22+Calcule!I25+Calcule!I28+Calcule!I31) -> #DIV/0! | BD43: =(Calcule!I5+Calcule!I8+Calcule!I11+Calcule!I14+Calcule!I17+Calcule!I20+Calcule!I23+Calcule!I26+Calcule!I29+Calcule!I32)/(Calcule!I3+Calcule!I6+Calcule!I9+Calcule!I12+Calcule!I15+Calcule!I18+Calcule!I21+Calcule!I24+Calcule!I27+Calcule!I30) -> #DIV/0! | EU43: =IF(EZ43=0,"",'Autres atelier'!AI$2) | EX43: ='Autres atelier'!AI14 -> 0 | EY43: ='Autres atelier'!AI26 -> 0 | EZ43: ='Autres atelier'!AI28 -> 0
I44: Charges opérationnelles / EMP | M44: =HC26 -> #DIV/0! | O44: =HD26 -> #N/A | BM44: Total | BP44: =SUM(BP45:BP48) -> 0 | BQ44: =IF(BP44=0,,(BP45*BQ45+BP46*BQ46+BP47*BQ47+BP48*BQ48)/BP44) -> 0 | BR44: =IF(BP44=0,,BT44/(BP44*BQ44)) -> 0 | BS44: =IF(BP44=0,,BT44/BP44) -> 0 | BT44: =SUM(BT45:BT48) -> 0 | BU44: =IF(BP44=0,"",(BP45*BU45+BP46*BU46+BP47*BU47+BP48*BU48)/BP44) | CH44: Aliment | CJ44: ='Stock et ration '!I6 -> 0 | CL44: =('Charges ovin'!C9/('Charges ovin'!C10*1000))*CJ44 -> #DIV/0! | CN44: =(CL44*' Elevage'!P3)/Calcule!AU52 -> #DIV/0! | EF44: Amortissement | EJ44: =EJ46+EJ47 -> 0 | FD44: ICHN | FI44: =Aides!D9 -> 0
AG45: Eté | AH45: =IF(' Elevage'!C18=0,"",' Elevage'!C18) | AI45: =IF(' Elevage'!D18=0,"",' Elevage'!D18) | AJ45: =IF(' Elevage'!E18=0,"",' Elevage'!E18) | AK45: =' Elevage'!F18 -> 0 | AL45: =' Elevage'!G18 -> 0 | AM45: =' Elevage'!H18 -> 0 | AN45: =' Elevage'!I18 -> 0 | AO45: =' Elevage'!J18 -> 0 | AP45: =' Elevage'!K18 -> 0 | AQ45: =' Elevage'!L18 -> 0 | AR45: =' Elevage'!M18 -> 0 | AS45: =IF(AJ45="","",AK45/AJ45) | AT45: =IF(AK45=0,"",AL45/AK45) | AU45: =IF(AL45=0,"",AM45/AL45) | AV45: =IF(AJ45="","",AN45/AJ45) | BM45: Lourd label | BP45: =Calcule!I3 -> 0 | BQ45: =IF(BP45=0,,Calcule!I4/BP45) -> 0 | BR45: =IF(BP45=0,,BT45/(BP45*BQ45)) -> 0 | BS45: =IF(BP45=0,,BT45/BP45) -> 0 | BT45: =Calcule!I$5 -> 0 | BU45: =Calcule!P25 -> 0 | EU45: Total marges autres ateliers | EZ45: =EZ35+EZ37+EZ39+EZ41+EZ43 -> 0
A46: Objectif de finition des agneaux | D46: =Exploitation!B30 -> 0 | I46: Marge brute ovine hors prime / EMP | M46: =HC27 -> #DIV/0! | O46: =HD27 -> #N/A | AW46: Brebis réformées | AZ46: =Calcule!I39 -> 0 | BB46: =IF(AZ46=0,"",Calcule!I40/Calcule!I39) | BC46: =IF(Calcule!I40=0,"",Calcule!I41/Calcule!I40) | BD46: =IF(AZ46=0,"",Calcule!I41/Calcule!I39) | BM46: Lourd adret | BP46: =Calcule!I6 -> 0 | BQ46: =IF(BP46=0,,Calcule!I7/BP46) -> 0 | BR46: =IF(BP46=0,,BT46/(BP46*BQ46)) -> 0 | BS46: =IF(BP46=0,,BT46/BP46) -> 0 | BT46: =Calcule!I$8 -> 0 | BU46: =Calcule!Q25 -> 0 | CH46: Fourrage | CJ46: ='Stock et ration '!I3 -> 0 | CL46: =(('Charges ovin'!D15+'Charges ovin'!C43)/(CM11*1000))*CJ46 -> #DIV/0! | CN46: =(CL46*' Elevage'!P3)/Calcule!AU52 -> #DIV/0! | CZ46: MARGE BRUTE OVINE HORS AIDES | DG46: =DD25-DL40 -> 0 | DJ46: = | DK46: =DG46/AU7 -> #DIV/0! | DM46: /EMP | EF46: Amortissement matériel | EJ46: ='Charges de structure'!C40 -> 0 | FD46: MAEC / BIO | FI46: =Aides!D13 -> 0
AG47: Automne | AH47: =IF(' Elevage'!C19=0,"",' Elevage'!C19) | AI47: =IF(' Elevage'!D19=0,"",' Elevage'!D19) | AJ47: =IF(' Elevage'!E19=0,"",' Elevage'!E19) | AK47: =' Elevage'!F19 -> 0 | AL47: =' Elevage'!G19 -> 0 | AM47: =' Elevage'!H19 -> 0 | AN47: =' Elevage'!I19 -> 0 | AO47: =' Elevage'!J19 -> 0 | AP47: =' Elevage'!K19 -> 0 | AQ47: =' Elevage'!L19 -> 0 | AR47: =' Elevage'!M19 -> 0 | AS47: =IF(AJ47="","",AK47/AJ47) | AT47: =IF(AK47=0,"",AL47/AK47) | AU47: =IF(AL47=0,"",AM47/AL47) | AV47: =IF(AJ47="","",AN47/AJ47) | BM47: Lourd standard | BP47: =Calcule!I9 -> 0 | BQ47: =IF(BP47=0,,Calcule!I10/BP47) -> 0 | BR47: =IF(BP47=0,,BT47/(BP47*BQ47)) -> 0 | BS47: =IF(BP47=0,,BT47/BP47) -> 0 | BT47: =Calcule!I$11 -> 0 | BU47: =Calcule!R25 -> 0 | EF47: Amortissement bâtiment | EJ47: ='Charges de structure'!C41 -> 0 | FR47: Résultat courant | FU47: =FQ30-FU36-FU42 -> 0
I48: Charges de structure totales | M48: =HC32 -> 0 | O48: =HD32 -> #N/A | BM48: Lourd bio | BP48: =Calcule!I12 -> 0 | BQ48: =IF(BP48=0,,Calcule!I13/BP48) -> 0 | BR48: =IF(BP48=0,,BT48/(BP48*BQ48)) -> 0 | BS48: =IF(BP48=0,,BT48/BP48) -> 0 | BT48: =Calcule!I$14 -> 0 | BU48: =Calcule!S25 -> 0 | CH48: Total | CL48: =SUM(CL42:CM47) -> #DIV/0! | CN48: =SUM(CN42:CO47) -> #DIV/0! | CZ48: MARGE BRUTE OVINE TOTALE | DG48: =DD40-DL40 -> 0 | DJ48: = | DK48: =DG48/AU7 -> #DIV/0! | DM48: /EMP | EF48: Charges de structure totales | EJ48: =EJ44+EJ39+EJ42 -> 0 | FD48: Mesure loup | FI48: =Aides!D11 -> 0
A49: Objectif de reproduction | D49: =Exploitation!B31 -> 0 | AH49: TOTAL | AJ49: =IF(' Elevage'!E20=0,"",' Elevage'!E20) | AK49: =' Elevage'!F20 -> 0 | AL49: =' Elevage'!G20 -> 0 | AM49: =' Elevage'!H20 -> 0 | AN49: =' Elevage'!I20 -> 0 | AO49: =' Elevage'!J20 -> 0 | AP49: =' Elevage'!K20 -> 0 | AQ49: =' Elevage'!L20 -> 0 | AR49: =' Elevage'!M20 -> 0 | AS49: =IF(AU7=0,"",AK49/AU7) | AT49: =IF(AK49=0,"",AL49/AK49) | AU49: =IF(AL49=0,"",AM49/AL49) | AV49: =IF(AU7=0,"",AN49/AU7)
I50: EBE | M50: =HC36 -> 0 | O50: =HD36 -> #N/A | FD50: TOTAL | FI50: =FI34+FI38+FI40+FI42+FI44+FI46+FI48+Aides!D15 -> 0
I52: Revenu disponible /UMO | M52: =HC38 -> #DIV/0! | O52: =HD38 -> #N/A

Sheet Bilan simplifié
D1: Résumer du bilan technico-économique
X2: ='Bilan simplifié'!J1 -> 0
G3: =Exploitation!B3 -> 0
E4: =Exploitation!B6 -> 0 | J4: =Exploitation!B7 -> 0
H5: =Exploitation!B2 -> 2023
M8: Références (2019)
J9: =Exploitation!B2 -> 2023 | M9: =Exploitation!B12 -> 0
B11: SAU | J11: =Exploitation!H17-Exploitation!E33 -> #VALUE! | M11: =HLOOKUP(Exploitation!B12,Références!D18:N55,2,FALSE) -> #N/A
B12: MO | J12: =Exploitation!B15 -> 0 | M12: =HLOOKUP(Exploitation!B12,Références!D18:N55,3,FALSE) -> #N/A
B13: EMP | J13: =' Elevage'!P3 -> 0 | M13: =HLOOKUP(Exploitation!B12,Références!D18:N55,4,FALSE) -> #N/A
B14: Evolution annuelle du troupeau | J14: =IF(' Elevage'!C3=0,"",(' Elevage'!O3-' Elevage'!C3)/' Elevage'!C3)
B16: Taux de mise bas | J16: ='Bilan complet'!AT49 | M16: =HLOOKUP(Exploitation!B12,Références!D18:N55,5,FALSE) -> #N/A
B17: Taux de prolificité | J17: ='Bilan complet'!AT49 | M17: =HLOOKUP(Exploitation!B12,Références!D18:N55,6,FALSE) -> #N/A
B18: Taux de mortalité agneaux | J18: ='Bilan complet'!AU49 | M18: =HLOOKUP(Exploitation!B12,Références!D18:N55,7,FALSE) -> #N/A
B19: Taux de productivité numérique | J19: ='Bilan complet'!AV49 | M19: =HLOOKUP(Exploitation!B12,Références!D18:N55,8,FALSE) -> #N/A
B21: Fourrage consommé (kg/EMP) | J21: ='Bilan complet'!CO11 -> 0 | M21: =HLOOKUP(Exploitation!B12,Références!D18:N55,9,FALSE) -> #N/A
B22: Céréales et concentrés consommés (kg/EMP) | J22: ='Bilan complet'!CO17+'Bilan complet'!CO20 -> 0 | M22: =HLOOKUP(Exploitation!B12,Références!D18:N55,11,FALSE) -> #N/A
B24: Prix moyen de l'agneau | J24: ='Bilan complet'!BD43 -> #DIV/0! | M24: =HLOOKUP(Exploitation!B12,Références!D18:N55,13,FALSE) -> #N/A
B25: Poids moyen carcasse agneaux lourd | J25: ='Bilan complet'!HC23 -> 0 | M25: =HLOOKUP(Exploitation!B12,Références!D18:N55,14,FALSE) -> #N/A
B26: % agneaux payés label | J26: ='Bilan complet'!HC24 | M26: =HLOOKUP(Exploitation!B12,Références!D18:N55,15,FALSE) -> #N/A
B28: Produit ovin / EMP | J28: ='Bilan complet'!EC6 -> 0 | M28: =HLOOKUP(Exploitation!B12,Références!D18:N55,22,FALSE) -> #N/A
B29: Charges opérationnelles / EMP | J29: ='Bilan complet'!EC20 -> 0 | M29: =HLOOKUP(Exploitation!B12,Références!D18:N55,23,FALSE) -> #N/A
B30: Marge brute ovine / EMP | J30: ='Bilan complet'!EC40 -> 0 | M30: =HLOOKUP(Exploitation!B12,Références!D18:N55,24,FALSE) -> #N/A
B32: Marge brute ovine | J32: ='Bilan complet'!FQ4 -> 0 | M32: =HLOOKUP(Exploitation!#REF!,Références!D18:N55,20,FALSE) -> #REF!
B33: Marge brute autre activié | J33: ='Bilan complet'!FQ9 -> 0 | M33: =HLOOKUP(Exploitation!B12,Références!D18:N55,27,FALSE) -> #N/A
B34: Marge brute totale | J34: ='Bilan complet'!FQ14 -> 0 | M34: =HLOOKUP(Exploitation!B12,Références!D18:N55,28,FALSE) -> #N/A
B36: Charges de structure | J36: ='Bilan complet'!FQ24 -> 0 | M36: =HLOOKUP(Exploitation!B12,Références!D18:N55,29,FALSE) -> #N/A
B37: Amortissements | J37: ='Bilan complet'!FU42 -> 0 | M37: =HLOOKUP(Exploitation!B12,Références!D18:N55,30,FALSE) -> #N/A
B38: Annuités | J38: ='Bilan complet'!FN36 -> 0 | M38: =HLOOKUP(Exploitation!B12,Références!D18:N55,31,FALSE) -> #N/A
B40: Aides découplés | J40: ='Bilan complet'!FI50 -> 0 | M40: =HLOOKUP(Exploitation!B12,Références!D18:N55,32,FALSE) -> #N/A
B42: Excèdent brut d'exploitation | J42: ='Bilan complet'!FQ30 -> 0 | M42: =HLOOKUP(Exploitation!B12,Références!D18:N55,33,FALSE) -> #N/A
B43: Résultat courant | J43: ='Bilan complet'!FU47 -> 0 | M43: =HLOOKUP(Exploitation!B12,Références!D18:N55,34,FALSE) -> #N/A
B44: Revenu disponible par UMO | J44: ='Bilan complet'!FN41 -> #DIV/0! | M44: =HLOOKUP(Exploitation!B12,Références!D18:N55,35,FALSE) -> #N/A
B46: Aide / Produit | J46: ='Bilan complet'!FY18 | M46: =HLOOKUP(Exploitation!B12,Références!D18:N55,36,FALSE) -> #N/A
B47: EBE / produit | J47: ='Bilan complet'!FY21 | M47: =HLOOKUP(Exploitation!B12,Références!D18:N55,37,FALSE) -> #N/A
B48: Annuité / EBE | J48: ='Bilan complet'!FY24 | M48: =HLOOKUP(Exploitation!B12,Références!D18:N55,38,FALSE) -> #N/A

Sheet Coût de production
E1: Bilan coût de production | U1: Bilan coût de production
G3: =Exploitation!B3 -> 0
E4: =Exploitation!B6 -> 0 | J4: =Exploitation!B7 -> 0
H5: =Exploitation!B2 -> 2023
B7: Coût de production total | F7: =F9+F13+F18+F23+F29+F35+F40+F43+F47 -> #DIV/0! | J7: Produits de l’atelier | N7: =SUM(N9:O13) -> #DIV/0!
B9: Alimentation achetée | F9: =SUM(F11:G12) -> #DIV/0! | J9: Prix des agneaux | N9: =Calcule!AY41 -> #DIV/0!
B11: Concentrés et minéraux | F11: =Calcule!AY7 -> #DIV/0! | J11: Autres produits | N11: =Calcule!AY42 -> #DIV/0!
B12: Fourrages et mise en pension | F12: =Calcule!AY8 -> #DIV/0!
B13: Approvisionnement SFPO | F13: =SUM(F15:G17) -> #DIV/0! | J13: Aides affectées | N13: =Calcule!AY43 -> #DIV/0!
B15: Engrais et amendements | F15: =Calcule!AY10 -> #DIV/0!
B16: Semences | F16: =Calcule!AY11 -> #DIV/0!
B17: Autres charges végétales | F17: =Calcule!AY12 -> #DIV/0! | J17: Prix de revient | N17: =Calcule!AX45 -> #N/A
B18: Frais d’élevage | F18: =SUM(F20:G22) -> #DIV/0!
B20: Achat de reproducteur | F20: =Calcule!AY15 -> #DIV/0! | J20: Rémunération permise par les produits en kilo carcasse | N20: =Calcule!AX46 -> #DIV/0!
B21: Frais vétérinaires | F21: =Calcule!AY14 -> #DIV/0!
B22: Autres frais d'élevage | F22: =Calcule!AY16 -> #DIV/0!
B23: Mécanisation | F23: =SUM(F25:G28) -> #N/A | J23: Rémunération permise par les produits en nombre de SMIC | N23: =Calcule!AX47 -> #DIV/0!
B25: Carburants et lubrifiants | F25: =Calcule!AY18 -> #N/A
B26: Entretien du matériel | F26: =Calcule!AY19 -> #N/A
B27: Petits matériels, crédit bail | F27: =Calcule!AY20 -> #DIV/0!
B28: Amortissements matériel | F28: =Calcule!AY37 -> #N/A
B29: Bâtiments | F29: =SUM(F31:G34) -> #N/A
B31: Eau | F31: =Calcule!AY22 -> #N/A
B32: Electricité et gaz | F32: =Calcule!AY23 -> #N/A
B33: Entretien et location des bâtiments | F33: =Calcule!AY24 -> #N/A
B34: Bâtiments et installations | F34: =Calcule!AY38 -> #N/A
B35: Protection des animaux | F35: =SUM(F37:G39) -> #DIV/0!
B37: Chien de protection | F37: =Calcule!AY33 -> #DIV/0!
B38: Matériel de protection | F38: =Calcule!AY34 -> #DIV/0!
B39: Gardiennage protection | F39: =Calcule!AY35 -> #DIV/0!
B40: Frais divers de gestion | F40: =F42 -> #N/A
B42: Transport, assurances, frais de gestion | F42: =Calcule!AY26 -> #N/A
B43: Foncier et capital | F43: =SUM(F45:G46) -> #N/A
B45: Fermage et frais fonciers | F45: =Calcule!AY28 -> #N/A
B46: Frais financiers | F46: =Calcule!AY29 -> #N/A
B47: Travail | F47: =SUM(F49:G50) -> #DIV/0!
B49: Salaires et charges salariales | F49: =Calcule!AY31 -> #DIV/0!
B50: Rémunération du travail exploitant (2 SMIC brut) | F50: =Calcule!AY39 -> #DIV/0!

Sheet Aide diapason
A1: Coordonnées
A2: MO exploitant | B2: =Exploitation!B17 -> 0
A3: MO salarié | B3: =Exploitation!B19 -> 0
A4: MO bénévole | B4: =Exploitation!B21 -> 0
A6: Typologie
A7: Système d'exploitation régional | B7: =Exploitation!B12 -> 0
A8: Production animal ovin | B8: =Exploitation!B30 -> 0
A10: Surface et parcellaire
A11: Surface totale | B11: =Exploitation!E16+Exploitation!E34 -> 0
A12: Surface labourable | B12: =Exploitation!E17+Exploitation!E22+Exploitation!E28+Exploitation!E33 -> 0
A13: Surface non labourable récoltable | B13: =Exploitation!E27 -> 0
A14: SAU | B14: =Exploitation!E16 -> 0
A15: Surface pastorale | B15: =Exploitation!E34 -> 0
A17: Cheptel
B18: début | C18: fin
A19: Brebis | B19: =' Elevage'!C3-' Elevage'!C4 -> 0 | C19: =' Elevage'!O3-' Elevage'!O4 -> 0
A20: Agnelle | B20: =' Elevage'!C4 -> 0 | C20: =' Elevage'!O4 -> 0
A21: Bélier | B21: =' Elevage'!P12 -> 0 | C21: =' Elevage'!U12 -> 0
A22: Agneaux | B22: =' Elevage'!E12 -> 0 | C22: =' Elevage'!M12+' Elevage'!M20 -> 0
A23: EMP | B23: =' Elevage'!P3 -> 0
A25: Pension surface pastorale
A26: estive/hivernage | B26: ='Charges ovin'!C20 -> 0
A27: Date | B27: =Exploitation!B35 -> 0
A28: Nombre d'animaux | B28: =Exploitation!B37 -> 0
A30: Assolement
A31: Voire onglet exploitation et grande culture
A33: Conduite fourrage et culture
A34: Engrais SFPO | B34: ='Charges ovin'!C45 -> 0
A35: Semence achetée SFPO | B35: ='Charges ovin'!C47 -> 0
A36: Produit phyto SFPO | B36: ='Charges ovin'!C48 -> 0
A37: Fourniture pour fourrage SFPO | B37: ='Charges ovin'!C50 -> 0
A38: Frais d'irrigation SFPO | B38: ='Charges ovin'!C49 -> 0
A39: Travaux par tiers SFPO | B39: ='Charges ovin'!C51+'Charges ovin'!C52 -> 0
A40: Céréale voir onglet grande culture
A43: Récolte des fourrages
A44: Stock début foin | B44: ='Stock et ration '!B3 -> 0
A45: Achat foin quantité | B45: ='Stock et ration '!D3 -> 0
A46: Achat foin montant | B46: ='Charges ovin'!C15+'Charges ovin'!C19 -> 0
A47: Vente foin quantité | B47: ='Produit ovin'!O12 -> 0
A48: Vente foin montant | B48: ='Produit ovin'!O11 -> 0
A49: Stock fin foin | B49: ='Stock et ration '!G3 -> 0
A50: Stock début paille | B50: ='Stock et ration '!B4 -> 0
A51: Récolte paille | B51: ='Stock et ration '!C4 -> 0
A52: Achat paille quantité | B52: ='Stock et ration '!D4 -> 0
A53: Achat paille montant | B53: ='Charges ovin'!C17 -> 0
A54: Vente paille quantité | B54: ='Stock et ration '!E4 -> 0
A55: Vente paille montant | B55: ='Grandes cultures'!BB31+'Grandes cultures'!BJ31+'Grandes cultures'!AT31+'Grandes cultures'!AL31+'Grandes cultures'!AD31+'Grandes cultures'!V31+'Grandes cultures'!N31+'Grandes cultures'!F31 -> 0
A56: Stock fin paille | B56: ='Stock et ration '!G4 -> 0
A58: Concentrés
A59: Stock début concentrés | B59: ='Stock et ration '!B6 -> 0
A60: Achat concentrés quantité | B60: ='Stock et ration '!D6 -> 0
A61: Achat concentrés montant | B61: ='Charges ovin'!C9 -> 0
A62: Stock fin concentrés | B62: ='Stock et ration '!G6 -> 0
A63: Achat CMV quantité | B63: ='Charges ovin'!C12 -> 0
A64: Achat CMV montant | B64: ='Charges ovin'!C11 -> 0
A65: Achat céréale quantité | B65: ='Charges ovin'!C5 -> 0
A66: Achat céréale montant | B66: ='Charges ovin'!C4 -> 0
A67: Achat poudre de lait quantité | B67: ='Charges ovin'!C14 -> 0
A68: Achat poudre de lait montant | B68: ='Charges ovin'!C13 -> 0
A70: Production de viande
A71: Produit viande vendu | B71: ='Bilan complet'!DD8+'Bilan complet'!DD10 -> 0
A72: Produit viande autoconsommé | B72: ='Bilan complet'!DD9 -> 0
A73: Animaux achetés | B73: ='Bilan complet'!DD11 -> 0
A74: Variation d'inventaire | B74: ='Bilan complet'!DD13 -> 0
B75: Nombre | C75: Montant total | D75: Poids total
A76: Agneaux lourds standards | B76: =GETPIVOTDATA("Somme de Nombre",Calcule!$A$2,"Type animaux","Agneaux lourds standards") -> 0 | C76: =GETPIVOTDATA("Somme de Montant",Calcule!$A$2,"Type animaux","Agneaux lourds standards") -> 0 | D76: =GETPIVOTDATA("Somme de Poids carcasse",Calcule!$A$2,"Type animaux","Agneaux lourds standards") -> 0
A77: Agneaux lourds label | B77: =GETPIVOTDATA("Somme de Nombre",Calcule!$A$2,"Type animaux","Agneaux lourds label") -> 0 | C77: =GETPIVOTDATA("Somme de Montant",Calcule!$A$2,"Type animaux","Agneaux lourds label") -> 0 | D77: =GETPIVOTDATA("Somme de Poids carcasse",Calcule!$A$2,"Type animaux","Agneaux lourds label") -> 0
A78: Agneaux lourds bio | B78: =GETPIVOTDATA("Somme de Nombre",Calcule!$A$2,"Type animaux","Agneaux lourds bio") -> 0 | C78: =GETPIVOTDATA("Somme de Montant",Calcule!$A$2,"Type animaux","Agneaux lourds bio") -> 0 | D78: =GETPIVOTDATA("Somme de Poids carcasse",Calcule!$A$2,"Type animaux","Agneaux lourds bio") -> 0
A79: Agneaux légers | B79: =GETPIVOTDATA("Somme de Nombre",Calcule!$A$2,"Type animaux","Agneaux légers") -> 0 | C79: =GETPIVOTDATA("Somme de Montant",Calcule!$A$2,"Type animaux","Agneaux légers") -> 0 | D79: =GETPIVOTDATA("Somme de Poids carcasse",Calcule!$A$2,"Type animaux","Agneaux légers") -> 0
A80: Agneaux maigres | B80: =GETPIVOTDATA("Somme de Nombre",Calcule!$A$2,"Type animaux","Agneaux maigres") -> 0 | C80: =GETPIVOTDATA("Somme de Montant",Calcule!$A$2,"Type animaux","Agneaux maigres") -> 0 | D80: =GETPIVOTDATA("Somme de Poids carcasse",Calcule!$A$2,"Type animaux","Agneaux maigres") -> 0
A81: Tardons finis | B81: =GETPIVOTDATA("Somme de Nombre",Calcule!$A$2,"Type animaux","Tardons finis") -> 0 | C81: =GETPIVOTDATA("Somme de Montant",Calcule!$A$2,"Type animaux","Tardons finis") -> 0 | D81: =GETPIVOTDATA("Somme de Poids carcasse",Calcule!$A$2,"Type animaux","Tardons finis") -> 0
A82: Jeunes femelles reproduction | B82: =GETPIVOTDATA("Somme de Nombre",Calcule!$A$2,"Type animaux","Jeunes femelles reproduction") -> 0 | C82: =GETPIVOTDATA("Somme de Montant",Calcule!$A$2,"Type animaux","Jeunes femelles reproduction") -> 0 | D82: =GETPIVOTDATA("Somme de Poids carcasse",Calcule!$A$2,"Type animaux","Jeunes femelles reproduction") -> 0
A83: Jeunes males reproduction | B83: =GETPIVOTDATA("Somme de Nombre",Calcule!$A$2,"Type animaux","Jeunes males reproduction") -> 0 | C83: =GETPIVOTDATA("Somme de Montant",Calcule!$A$2,"Type animaux","Jeunes males reproduction") -> 0 | D83: =GETPIVOTDATA("Somme de Poids carcasse",Calcule!$A$2,"Type animaux","Jeunes males reproduction") -> 0
A84: Tardons maigres | B84: =GETPIVOTDATA("Somme de Nombre",Calcule!$A$2,"Type animaux","Tardons maigres") -> 0 | C84: =GETPIVOTDATA("Somme de Montant",Calcule!$A$2,"Type animaux","Tardons maigres") -> 0 | D84: =GETPIVOTDATA("Somme de Poids carcasse",Calcule!$A$2,"Type animaux","Tardons maigres") -> 0
A85: Brebis réformés | B85: =GETPIVOTDATA("Somme de Nombre",Calcule!$A$2,"Type animaux","Brebis réformés") -> 0 | C85: =GETPIVOTDATA("Somme de Montant",Calcule!$A$2,"Type animaux","Brebis réformés") -> 0 | D85: =GETPIVOTDATA("Somme de Poids carcasse",Calcule!$A$2,"Type animaux","Brebis réformés") -> 0
A86: Béliers réformés | B86: =GETPIVOTDATA("Somme de Nombre",Calcule!$A$2,"Type animaux","Béliers réformés") -> 0 | C86: =GETPIVOTDATA("Somme de Montant",Calcule!$A$2,"Type animaux","Béliers réformés") -> 0 | D86: =GETPIVOTDATA("Somme de Poids carcasse",Calcule!$A$2,"Type animaux","Béliers réformés") -> 0
A87: Brebis reproduction | B87: =GETPIVOTDATA("Somme de Nombre",Calcule!$A$2,"Type animaux","Brebis reproduction") -> 0 | C87: =GETPIVOTDATA("Somme de Montant",Calcule!$A$2,"Type animaux","Brebis reproduction") -> 0 | D87: =GETPIVOTDATA("Somme de Poids carcasse",Calcule!$A$2,"Type animaux","Brebis reproduction") -> 0
A88: Béliers reproduction | B88: =GETPIVOTDATA("Somme de Nombre",Calcule!$A$2,"Type animaux","Béliers reproduction") -> 0 | C88: =GETPIVOTDATA("Somme de Montant",Calcule!$A$2,"Type animaux","Béliers reproduction") -> 0 | D88: =GETPIVOTDATA("Somme de Poids carcasse",Calcule!$A$2,"Type animaux","Béliers reproduction") -> 0
A89: Agneaux autoconsommée | B89: =Calcule!P7 -> 0 | C89: =Calcule!R7 -> 0 | D89: =Calcule!Q7 -> 0
A90: Brebis achetées | B90: ='Charges ovin'!C30 -> 0 | C90: ='Charges ovin'!C29 -> 0
A91: Agnelles achetées | B91: ='Charges ovin'!C32 -> 0 | C91: ='Charges ovin'!C31 -> 0
A92: Béliers achetés | B92: ='Charges ovin'!C34 -> 0 | C92: ='Charges ovin'!C33 -> 0
A93: Effectif brebis | B93: =' Elevage'!C3 -> 0
A94: Effectif bélier | B94: =' Elevage'!P12 -> 0
A96: Reproduction
B97: Période | C97: Mise bas | D97: Nés | E97: Morts
A98: Hiver | B98: =' Elevage'!C16 -> 0 | C98: =' Elevage'!F16 -> 0 | D98: =' Elevage'!G16 -> 0 | E98: =' Elevage'!H16 -> 0
A99: Printemps | B99: =' Elevage'!C17 -> 0 | C99: =' Elevage'!F17 -> 0 | D99: =' Elevage'!G17 -> 0 | E99: =' Elevage'!H17 -> 0
A100: Eté | B100: =' Elevage'!C18 -> 0 | C100: =' Elevage'!F18 -> 0 | D100: =' Elevage'!G18 -> 0 | E100: =' Elevage'!H18 -> 0
A101: Automne | B101: =' Elevage'!C19 -> 0 | C101: =' Elevage'!F19 -> 0 | D101: =' Elevage'!G19 -> 0 | E101: =' Elevage'!H19 -> 0
A102: Agneaux mort après sevrage | B102: =' Elevage'!H12 -> 0
A103: Agneaux renouvellement | B103: =' Elevage'!K12+' Elevage'!K20 -> 0
A104: Brebis morte | B104: =' Elevage'!P9 -> 0
A105: Bélier mort | B105: =' Elevage'!T12 -> 0
A107: Aides | B107: =SUM(B115:B120) -> #DIV/0!
A108: Nombre DPB | B108: =Aides!B3 -> 0
A109: Prix moyen DPB | B109: =Aides!C3 -> #DIV/0!
A110: Nombre ha redistributif | B110: =Aides!B4 -> 0
A111: Prix moyen redistributif | B111: =Aides!C4 -> #DIV/0!
A112: Nombre ha écorégime | B112: =Aides!B5 -> 0
...

Sheet Calcule
A1: Bilan GTE
C2: Adulte | D2: Hiver | E2: Printemps | F2: Eté | G2: Automne | H2: Stock | I2: Total général | J2: Poids moyen | K2: Montant moyen | L2: Montant au kilo | O2: Type animaux | P2: (Plusieurs éléments)
A3: Agneaux lourds label | B3: Somme de Nombre | J3: =IF(I3=0,"",I4/I3) | K3: =IF(I3=0,0,I5/I3) -> 0 | L3: =IF(I4=0,0,I5/I4) -> 0 | AL3: Graphique marge brute ovine | AT3: Calcul cout de production
B4: Somme de Poids carcasse | P4: Somme de Nombre | Q4: Somme de Poids carcasse | R4: Somme de Montant | AL4: Produit viande | AM4: =IF('Bilan complet'!AU7=0,0,('Bilan complet'!DD6+'Bilan complet'!DD13+'Bilan complet'!DD11)/'Bilan complet'!AU7) -> 0
B5: Somme de Montant | O5: Circuit long | AL5: Fourrage | AM5: =IF('Bilan complet'!AU7=0,0,'Bilan complet'!DD17/'Bilan complet'!AU7) -> 0 | AT5: Type atelier ovin viande | AU5: =Exploitation!K2 -> 0 | AW5: Charges courantes | AX5: =AX6+AX9+AX13+AX17+AX21+AX25+AX27+AX30+AX32+AX36+AX39 -> #N/A | AY5: =AX5/$AU$52 -> #N/A
A6: Agneaux lourd adret | B6: Somme de Nombre | J6: =IF(I6=0,"",I7/I6) | K6: =IF(I6=0,0,I8/I6) -> 0 | L6: =IF(I7=0,0,I8/I7) -> 0 | O6: Vente en directe | AL6: Autre produit ovin | AM6: =IF('Bilan complet'!AU7=0,0,'Bilan complet'!DD19/'Bilan complet'!AU7) -> 0 | AT6: Type autre atelier animal | AU6: =Exploitation!K3 -> 0 | AW6: Alimentation achetée | AX6: =SUM(AX7:AX8) -> 0 | AY6: =AX6/$AU$52 -> #DIV/0!
B7: Somme de Poids carcasse | O7: Autoconsommation | AL7: Aides couplées | AM7: =IF('Bilan complet'!AU7=0,0,'Bilan complet'!DD31/'Bilan complet'!AU7) -> 0 | AT7: Type grande culture | AU7: =Exploitation!K4 -> 0 | AW7: Achats de concentrés et minéraux | AX7: ='Charges ovin'!C4+'Charges ovin'!C7*Calcule!AU21+'Bilan complet'!DL9+'Bilan complet'!DL10+'Bilan complet'!DL11 -> 0 | AY7: =AX7/$AU$52 -> #DIV/0!
B8: Somme de Montant | O8: Total général | AN8: =IF('Bilan complet'!AU7=0,0,'Bilan complet'!DG48/'Bilan complet'!AU7) -> 0 | AO8: Marge brute | AT8: Type culture fourragère | AU8: =Exploitation!K5 -> 0 | AW8: Achats de fourrages et mise en pension | AX8: ='Bilan complet'!DL12+'Bilan complet'!DL13+'Bilan complet'!DL14 -> 0 | AY8: =AX8/$AU$52 -> #DIV/0!
A9: Agneaux lourds standards | B9: Somme de Nombre | J9: =IF(I9=0,"",I10/I9) | K9: =IF(I9=0,0,I11/I9) -> 0 | L9: =IF(I10=0,0,I11/I10) -> 0 | AN9: =IF('Bilan complet'!AU7=0,0,'Bilan complet'!DL6/'Bilan complet'!AU7) -> 0 | AO9: Frais d'alimentation | AT9: UMO exploitant ovine | AU9: =Exploitation!B18 -> 0 | AW9: Approvisionnement SFPO | AX9: =SUM(AX10:AX12) -> 0 | AY9: =AX9/$AU$52 -> #DIV/0!
B10: Somme de Poids carcasse | AN10: =IF('Bilan complet'!AU7=0,0,'Bilan complet'!DL15/'Bilan complet'!AU7) -> 0 | AO10: Frais d'élevage | AT10: UMO salarié ovine | AU10: =Exploitation!B20 -> 0 | AW10: Engrais et amendements | AX10: ='Bilan complet'!DL33 -> 0 | AY10: =AX10/$AU$52 -> #DIV/0!
B11: Somme de Montant | O11: Somme de Nombre | AN11: =IF('Bilan complet'!AU7=0,0,'Bilan complet'!DL21/'Bilan complet'!AU7) -> 0 | AO11: Frais de vétérinaire | AT11: UGB ovin viande | AU11: =0.15*' Elevage'!P3 -> 0 | AW11: Semences | AX11: ='Bilan complet'!DL34 -> 0 | AY11: =AX11/$AU$52 -> #DIV/0!
A12: Agneaux lourds bio | B12: Somme de Nombre | J12: =IF(I12=0,"",I13/I12) | K12: =IF(I12=0,0,I14/I12) -> 0 | L12: =IF(I13=0,0,I14/I13) -> 0 | P12: Adulte | Q12: Hiver | R12: Printemps | S12: Eté | T12: Automne | U12: Stock | V12: Total général | AN12: =IF('Bilan complet'!AU7=0,0,'Bilan complet'!DL23/'Bilan complet'!AU7) -> 0 | AO12: Traveaux par tiers | AT12: UGB autre atelier animal | AU12: =Exploitation!K6 -> 0 | AW12: Autres charges végétales | AX12: ='Bilan complet'!DL36+'Bilan complet'!DL37+'Bilan complet'!DL38+'Bilan complet'!DL39 -> 0 | AY12: =AX12/$AU$52 -> #DIV/0!
B13: Somme de Poids carcasse | O13: Autoconsommation | AN13: =IF('Bilan complet'!AU7=0,0,'Bilan complet'!DL25/'Bilan complet'!AU7) -> 0 | AO13: Frais transformation | AT13: Part surface grande culture de vente | AU13: =Exploitation!K8 -> 0 | AW13: Frais d’élevage | AX13: =SUM(AX14:AX16) -> 0 | AY13: =AX13/$AU$52 -> #DIV/0!
B14: Somme de Montant | O14: Circuit long | AN14: =IF('Bilan complet'!AU7=0,0,'Bilan complet'!DL27/'Bilan complet'!AU7) -> 0 | AO14: Frais de commercialisation | AT14: Part surface grand culture ovin | AU14: =Exploitation!K7 -> 0 | AW14: Frais vétérinaires | AX14: ='Bilan complet'!DL21 -> 0 | AY14: =AX14/$AU$52 -> #DIV/0!
A15: Agneaux légers | B15: Somme de Nombre | J15: =IF(I15=0,"",I16/I15) | K15: =IF(I15=0,0,I17/I15) -> 0 | L15: =IF(I16=0,0,I17/I16) -> 0 | O15: Vente en directe | AN15: =IF('Bilan complet'!AU7=0,0,'Bilan complet'!DL31/'Bilan complet'!AU7) -> 0 | AO15: Frais SFP | AT15: Part surface grand culture autre atelier | AU15: =Exploitation!K9 -> 0 | AW15: Achat de reproducteur | AX15: =-'Bilan complet'!DD11 -> 0 | AY15: =AX15/$AU$52 -> #DIV/0!
B16: Somme de Poids carcasse | O16: Total général | AM16: Produits ovins | AN16: Charges ovines | AT16: Surface grande culture | AU16: =Exploitation!E28 -> 0 | AW16: Autres frais d'élevage | AX16: ='Bilan complet'!DL15 -> 0 | AY16: =AX16/$AU$52 -> #DIV/0!
B17: Somme de Montant | AT17: Part surface fourragère vente | AU17: =Exploitation!K11 -> 0 | AW17: Mécanisation [hors amortissements] | AX17: =SUM(AX18:AX20) -> #N/A | AY17: =AX17/$AU$52 -> #N/A
A18: Agneaux maigres | B18: Somme de Nombre | J18: =IF(I18=0,"",I19/I18) | K18: =IF(I18=0,0,I20/I18) -> 0 | L18: =IF(I19=0,0,I20/I19) -> 0 | O18: Moyenne de Age moyen | P18: Étiquettes de colonnes | AT18: Part surface culture fourragère ovin | AU18: =Exploitation!K10 -> 0 | AW18: Carburants et lubrifiants | AX18: ='Bilan complet'!EJ15*Calcule!AU22 -> #N/A | AY18: =AX18/$AU$52 -> #N/A
B19: Somme de Poids carcasse | O19: Étiquettes de lignes | P19: Agneaux lourds label | Q19: Agneaux lourd adret | R19: Agneaux lourds standards | S19: Agneaux lourds bio | T19: Total général | AL19: Graphique marge brute ovine | AT19: Part surface culture fourragère autre atelier | AU19: =Exploitation!K12 -> 0 | AW19: Entretien du matériel | AX19: ='Bilan complet'!EJ12*Calcule!AU22 -> #N/A | AY19: =AX19/$AU$52 -> #N/A
B20: Somme de Montant | O20: Hiver | AL20: Produit atelier ovin | AM20: ='Bilan complet'!DD40 -> 0 | AT20: Surface culture fourragère | AU20: =Exploitation!E17+Exploitation!E27+Exploitation!E22 -> 0 | AW20: Achat petits matériels, crédit bail | AX20: ='Bilan complet'!EJ13 -> 0 | AY20: =AX20/$AU$52 -> #DIV/0!
A21: Tardons maigres | B21: Somme de Nombre | J21: =IF(I21=0,"",I22/I21) | K21: =IF(I21=0,0,I23/I21) -> 0 | L21: =IF(I22=0,0,I23/I22) -> 0 | O21: Printemps | AL21: Marge brute ovine | AN21: ='Bilan complet'!DG48 -> 0 | AT21: Coût de production céréale | AU21: =Exploitation!K13 -> 0 | AW21: Bâtiments [hors amortissements] | AX21: =SUM(AX22:AX24) -> #N/A | AY21: =AX21/$AU$52 -> #N/A
B22: Somme de Poids carcasse | O22: Eté | AL22: Charges opérationnelles ovines | AN22: ='Bilan complet'!$DL40 -> 0 | AT22: Part mécanisation ovin | AU22: =AU28/AU27 -> #N/A | AW22: Eau | AX22: ='Bilan complet'!EJ36*Calcule!AU29 -> #N/A | AY22: =AX22/$AU$52 -> #N/A
B23: Somme de Montant | O23: Automne | AM23: Produits ovins | AN23: Charges ovines | AT23: Coef méca atelier ovin | AU23: =VLOOKUP(AU5,Références!$S$4:$X$42,2,FALSE) -> #N/A | AW23: Electricité et gaz | AX23: ='Bilan complet'!EJ37*Calcule!AU29 -> #N/A | AY23: =AX23/$AU$52 -> #N/A
A24: Tardons finis | B24: Somme de Nombre | J24: =IF(I24=0,"",I25/I24) | K24: =IF(I24=0,0,I26/I24) -> 0 | L24: =IF(I25=0,0,I26/I25) -> 0 | O24: Stock | AT24: Coef méca autre atelier animal | AU24: =VLOOKUP(AU6,Références!$S$4:$X$42,2,FALSE) -> #N/A | AW24: Entretien et location des bâtiments | AX24: ='Bilan complet'!EJ16*AU29 -> #N/A | AY24: =AX24/$AU$52 -> #N/A
B25: Somme de Poids carcasse | O25: Total général | AL25: Graphique prix de vente moyen | AT25: Coef méca grande culture | AU25: =VLOOKUP(AU7,Références!$S$4:$X$42,2,FALSE) -> #N/A | AW25: Frais divers de gestion | AX25: =AX26 -> #N/A | AY25: =AX25/$AU$52 -> #N/A
B26: Somme de Montant | AM26: Prix de vente moyen | AT26: Coef méca culture fourragère | AU26: =VLOOKUP(AU8,Références!$S$4:$X$42,2,FALSE) -> #N/A | AW26: Transport assurances frais de gestion | AX26: =('Bilan complet'!EJ20+'Bilan complet'!EJ33+'Bilan complet'!EJ34+'Bilan complet'!EJ35+'Bilan complet'!EJ38)*Calcule!AU43 -> #N/A | AY26: =AX26/$AU$52 -> #N/A
A27: Jeunes femelles reproduction | B27: Somme de Nombre | J27: =IF(I27=0,"",I28/I27) | K27: =IF(I27=0,0,I29/I27) -> 0 | L27: =IF(I28=0,0,I29/I28) -> 0 | AL27: Agneaux lourds label | AM27: =K3 -> 0 | AT27: Unité pondéré méca exploitation | AU27: =AU23*AU$11+AU24*AU$12+AU25*Exploitation!E$28+AU26*(Exploitation!E$17+Exploitation!E$27) -> #N/A | AW27: Foncier et capital | AX27: =SUM(AX28:AX29) -> #N/A | AY27: =AX27/$AU$52 -> #N/A
B28: Somme de Poids carcasse | AL28: Agneaux lourd adret | AM28: =K6 -> 0 | AT28: Unité pondéré méca atelier ovin | AU28: =AU$11*AU23+AU$14*AU$16*AU25+AU$18*AU$20*AU26 -> #N/A | AW28: Fermage et frais fonciers | AX28: ='Bilan complet'!EJ5*Calcule!AU36 -> #N/A | AY28: =AX28/$AU$52 -> #N/A
B29: Somme de Montant | AL29: Agneaux lourds standards | AM29: =K9 -> 0 | AT29: Part batiment ovin | AU29: =AU35/AU34 -> #N/A | AW29: Frais financiers | AX29: ='Bilan complet'!EJ42*Calcule!AU36 -> #N/A | AY29: =AX29/$AU$52 -> #N/A
A30: Jeunes males reproduction | B30: Somme de Nombre | J30: =IF(I30=0,"",I31/I30) | K30: =IF(I30=0,0,I32/I30) -> 0 | L30: =IF(I31=0,0,I32/I31) -> 0 | AL30: Agneaux lourds bio | AM30: =K12 -> 0 | AT30: Coef batiment atelier ovin | AU30: =VLOOKUP(AU5,Références!$S$4:$X$42,3,FALSE) -> #N/A | AW30: Travail | AX30: =AX31 -> 0 | AY30: =AX30/$AU$52 -> #DIV/0!
B31: Somme de Poids carcasse | AL31: Agneaux légers | AM31: =K15 -> 0 | AT31: Coef batiment autre atelier animal | AU31: =VLOOKUP(AU6,Références!$S$4:$X$42,3,FALSE) -> #N/A | AW31: Salaires et charges salariales | AX31: ='Bilan complet'!EJ25*AU10 -> 0 | AY31: =AX31/$AU$52 -> #DIV/0!
B32: Somme de Montant | AL32: Agneaux maigres | AM32: =K18 -> 0 | AT32: Coef batiment grande culture | AU32: =VLOOKUP(AU7,Références!$S$4:$X$42,3,FALSE) -> #N/A | AW32: Protection des animaux | AX32: =SUM(AX33:AX35) -> 0 | AY32: =AX32/$AU$52 -> #DIV/0!
A33: Béliers réformés | B33: Somme de Nombre | J33: =IF(I33=0,"",I34/I33) | K33: =IF(I33=0,0,I35/I33) -> 0 | L33: =IF(I34=0,0,I35/I34) -> 0 | AL33: Tardons maigres | AM33: =K21 -> 0 | AT33: Coef batiment culture fourragère | AU33: =VLOOKUP(AU8,Références!$S$4:$X$42,3,FALSE) -> #N/A | AW33: Chien de protection | AX33: ='Bilan complet'!EJ28 -> 0 | AY33: =AX33/$AU$52 -> #DIV/0!
B34: Somme de Poids carcasse | AL34: Tardons finis | AM34: =K24 -> 0 | AT34: Unité pondéré batiment exploitation | AU34: =AU30*AU$11+AU31*AU$12+AU32*Exploitation!E$28+AU33*(Exploitation!E$17+Exploitation!E$27) -> #N/A | AW34: Matériel de protection | AX34: ='Bilan complet'!EJ29 -> 0 | AY34: =AX34/$AU$52 -> #DIV/0!
B35: Somme de Montant | AL35: Jeunes femelles reproduction | AM35: =K27 -> 0 | AT35: Unité pondéré batiment atelier ovin | AU35: =AU$11*AU30+AU$14*AU$16*AU32+AU$18*AU$20*AU33 -> #N/A | AW35: Gardiennage protection | AX35: ='Bilan complet'!EJ30 -> 0 | AY35: =AX35/$AU$52 -> #DIV/0!
A36: Béliers reproduction | B36: Somme de Nombre | J36: =IF(I36=0,"",I37/I36) | K36: =IF(I36=0,0,I38/I36) -> 0 | L36: =IF(I37=0,0,I38/I37) -> 0 | AL36: Jeunes males reproduction | AM36: =K30 -> 0 | AT36: Part frais financier ovin | AU36: =AU42/AU41 -> #N/A | AW36: Amortissements | AX36: =SUM(AX37:AX38) -> #N/A | AY36: =AX36/$AU$52 -> #N/A
B37: Somme de Poids carcasse | AL37: Brebis réformés | AM37: =K39 -> 0 | AT37: Coef frais financier atelier ovin | AU37: =VLOOKUP(AU5,Références!$S$4:$X$42,4,FALSE) -> #N/A | AW37: Matériel | AX37: ='Bilan complet'!EJ46*AU22 -> #N/A | AY37: =AX37/$AU$52 -> #N/A
B38: Somme de Montant | AT38: Coef frais financier autre atelier animal | AU38: =VLOOKUP(AU6,Références!$S$4:$X$42,4,FALSE) -> #N/A | AW38: Bâtiments et installations | AX38: ='Bilan complet'!EJ47*Calcule!AU29 -> #N/A | AY38: =AX38/$AU$52 -> #N/A
A39: Brebis réformés | B39: Somme de Nombre | J39: =IF(I39=0,"",I40/I39) | K39: =IF(I39=0,0,I41/I39) -> 0 | L39: =IF(I40=0,0,I41/I40) -> 0 | AT39: Coef frais financier grande culture | AU39: =VLOOKUP(AU7,Références!$S$4:$X$42,4,FALSE) -> #N/A | AW39: Rémunération du travail exploitant | AX39: =AU9*AU50*2 -> 0 | AY39: =AX39/$AU$52 -> #DIV/0!
B40: Somme de Poids carcasse | AL40: Graphique résultat courant | AT40: Coef frais financier culture fourragère | AU40: =VLOOKUP(AU8,Références!$S$4:$X$42,4,FALSE) -> #N/A | AW40: Produits de l’atelier | AX40: =SUM(AX41:AX43) -> #DIV/0! | AY40: =AX40/$AU$52 -> #DIV/0!
B41: Somme de Montant | AL41: Margre brute ovine | AM41: ='Bilan complet'!FQ4 -> 0 | AT41: Unité pondéré frais financier exploitation | AU41: =AU37*AU$11+AU38*AU$12+AU39*Exploitation!E$28+AU40*(Exploitation!E$17+Exploitation!E$27) -> #N/A | AW41: Prix des agneaux | AX41: ='Bilan complet'!DD8+'Bilan complet'!DD9+'Bilan complet'!DD15 -> 0 | AY41: =AX41/$AU$52 -> #DIV/0!
A42: Brebis reproduction | B42: Somme de Nombre | J42: =IF(I42=0,"",I43/I42) | K42: =IF(I42=0,0,I44/I42) -> 0 | L42: =IF(I43=0,0,I44/I43) -> 0 | AL42: Marge brute autre activité | AM42: ='Bilan complet'!FQ9 -> 0 | AT42: Unité pondéré frais financier atelier ovin | AU42: =AU$11*AU37+AU$14*AU$16*AU39+AU$18*AU$20*AU40 -> #N/A | AW42: Autres produits | AX42: ='Bilan complet'!DD10+'Bilan complet'!DD16+'Bilan complet'!DD17+'Bilan complet'!DD19 -> 0 | AY42: =AX42/$AU$52 -> #DIV/0!
B43: Somme de Poids carcasse | AL43: Aides | AM43: ='Bilan complet'!FQ19 -> 0 | AT43: Part frais généraux ovin | AU43: =AU49/AU48 -> #N/A | AW43: Aides affectées | AX43: ='Bilan complet'!DD31+'Bilan complet'!FI48+('Bilan complet'!FI34+'Bilan complet'!FI38+'Bilan complet'!FI40+'Bilan complet'!FI42+'Bilan complet'!FI44+'Bilan complet'!FI46)*AU51 -> #DIV/0! | AY43: =AX43/$AU$52 -> #DIV/0!
B44: Somme de Montant | AN44: ='Bilan complet'!FQ24 -> 0 | AO44: Charge de structure | AT44: Coef frais généraux atelier ovin | AU44: =VLOOKUP(AU5,Références!$S$4:$X$42,5,FALSE) -> #N/A
A45: Autoconsommé | B45: Somme de Nombre | J45: =IF(I45=0,"",I46/I45) | K45: =IF(I45=0,0,I47/I45) -> 0 | L45: =IF(I46=0,0,I47/I46) -> 0 | AN45: ='Bilan complet'!FU36 -> 0 | AO45: Charges financières | AT45: Coef frais généraux autre atelier animal | AU45: =VLOOKUP(AU6,Références!$S$4:$X$42,5,FALSE) -> #N/A | AW45: Prix de revient | AX45: =AY5-AY42-AY43 -> #N/A
B46: Somme de Poids carcasse | AN46: ='Bilan complet'!FU42 -> 0 | AO46: Ammortissements | AT46: Coef frais généraux grande culture | AU46: =VLOOKUP(AU7,Références!$S$4:$X$42,5,FALSE) -> #N/A | AW46: Rémunération permise par les produits en €/kgc | AX46: =AY40-AY5+AY39 -> #DIV/0!
B47: Somme de Montant | AN47: ='Bilan complet'!FU47 -> 0 | AO47: Résultat courant | AT47: Coef frais généraux culture fourragère | AU47: =VLOOKUP(AU8,Références!$S$4:$X$42,5,FALSE) -> #N/A | AW47: Rémunération permise par les produits en nombre de SMIC/UMO exploitant ovin | AX47: =AX46*(AU52/AU9)/AU50 -> #DIV/0!
A48: Total Somme de Nombre | AT48: Unité pondéré frais généraux exploitation | AU48: =AU44*AU$11+AU45*AU$12+AU46*Exploitation!E$28+AU47*(Exploitation!E$17+Exploitation!E$27) -> #N/A
A49: Total Somme de Poids carcasse | AT49: Unité pondéré frais généraux atelier ovin | AU49: =AU$11*AU44+AU$14*AU$16*AU46+AU$18*AU$20*AU47 -> #N/A
A50: Total Somme de Montant | AL50: Graphique répartion agneaux par agnelage | AT50: SMIC | AU50: 21203
AM51: 2022 | AN51: hiver | AO51: printemps | AP51: été | AQ51: automne | AR51: Total | AT51: Part surface ovine totale | AU51: =(AU14*AU16+AU18*AU20)/Exploitation!E16 -> #DIV/0!
AL52: Lourd label | AM52: =H3 -> 0 | AN52: =D3 -> 0 | AO52: =E3 -> 0 | AP52: =F3 -> 0 | AQ52: =G3 -> 0 | AR52: =SUM(AM52:AQ52) -> 0 | AT52: Poids agneaux carcasse totale | AU52: =GETPIVOTDATA("Somme de Poids carcasse",$A$2,"Type animaux","Agneaux lourds label")+GETPIVOTDATA("Somme de Poids carcasse",$A$2,"Type animaux","Agneaux lourd adret")+GETPIVOTDATA("Somme de Poids carcasse",$A$2,"Type animaux","Agneaux lourds standards")+GETPIVOTDATA("Somme de Poids carcasse",$A$2,"Type animaux","Agneaux lourds bio")+GETPIVOTDATA("Somme de Poids carcasse",$A$2,"Type animaux","Agneaux légers")+GETPIVOTDATA("Somme de Poids carcasse",$A$2,"Type animaux","Agneaux maigres")+GETPIVOTDATA("Somme de Poids carcasse",$A$2,"Type animaux","Tardons maigres")+GETPIVOTDATA("Somme de Poids carcasse",$A$2,"Type animaux","Tardons finis")+GETPIVOTDATA("Somme de Poids carcasse",$A$2,"Type animaux","Jeunes femelles reproduction")+GETPIVOTDATA("Somme de Poids carcasse",$A$2,"Type animaux","Jeunes males reproduction")+GETPIVOTDATA("Somme de Poids carcasse",$A$2,"Type animaux","Autoconsommé") -> 0
AL53: Lourd adret | AM53: =H6 -> 0 | AN53: =D6 -> 0 | AO53: =E6 -> 0 | AP53: =F6 -> 0 | AQ53: =G6 -> 0 | AR53: =SUM(AM53:AQ53) -> 0
AL54: Lourd standard | AM54: =H9 -> 0 | AN54: =D9 -> 0 | AO54: =E9 -> 0 | AP54: =F9 -> 0 | AQ54: =G9 -> 0 | AR54: =SUM(AM54:AQ54) -> 0
AL55: Lourd bio | AM55: =H12 -> 0 | AN55: =D12 -> 0 | AO55: =E12 -> 0 | AP55: =F12 -> 0 | AQ55: =G12 -> 0 | AR55: =SUM(AM55:AQ55) -> 0
AL56: Léger | AM56: =H15 -> 0 | AN56: =D15 -> 0 | AO56: =E15 -> 0 | AP56: =F15 -> 0 | AQ56: =G15 -> 0 | AR56: =SUM(AM56:AQ56) -> 0
AL57: Maigre | AM57: =H18 -> 0 | AN57: =D18 -> 0 | AO57: =E18 -> 0 | AP57: =F18 -> 0 | AQ57: =G18 -> 0 | AR57: =SUM(AM57:AQ57) -> 0
AL58: Tardon | AM58: =H21+H24 -> 0 | AN58: =D21+D24 -> 0 | AO58: =E21+E24 -> 0 | AP58: =F21+F24 -> 0 | AQ58: =G21+G24 -> 0
AL59: Jeune repro. | AM59: =H27+H30 -> 0 | AN59: =D27+D30 -> 0 | AO59: =E27+E30 -> 0 | AP59: =F27+F30 -> 0 | AQ59: =G27+G30 -> 0 | AR59: =SUM(AM59:AQ59) -> 0
AL60: Gardé | AM60: =' Elevage'!K12 -> 0 | AN60: =' Elevage'!K16 -> 0 | AO60: =' Elevage'!K17 -> 0 | AP60: =' Elevage'!K18 -> 0 | AQ60: =' Elevage'!K19 -> 0 | AR60: =SUM(AM60:AQ60) -> 0
AL61: Autoconsommé | AM61: =' Elevage'!L12 -> 0 | AN61: =' Elevage'!L16 -> 0 | AO61: =' Elevage'!L17 -> 0 | AP61: =' Elevage'!L18 -> 0 | AQ61: =' Elevage'!L19 -> 0 | AR61: =SUM(AM61:AQ61) -> 0
AL62: Stock | AM62: =' Elevage'!M12 -> 0 | AN62: =' Elevage'!M16 -> 0 | AO62: =' Elevage'!M17 -> 0 | AP62: =' Elevage'!M18 -> 0 | AQ62: =' Elevage'!M19 -> 0 | AR62: =SUM(AM62:AQ62) -> 0
AL63: total | AM63: =SUM(AM52:AM62) -> 0 | AN63: =SUM(AN52:AN62) -> 0 | AO63: =SUM(AO52:AO62) -> 0 | AP63: =SUM(AP52:AP62) -> 0 | AQ63: =SUM(AQ52:AQ62) -> 0 | AR63: =SUM(AR52:AR62) -> 0
AL66: Graphique charges de structures
AL67: Charges foncières | AM67: ='Charges de structure'!C2 -> 0
AL68: Charges matériel | AM68: ='Charges de structure'!C6 -> 0
AL69: Charges batiment | AM69: ='Charges de structure'!C17 -> 0
AL70: Assurance | AM70: ='Charges de structure'!C20 -> 0
AL71: Charges main d'œuvre | AM71: ='Charges de structure'!C23 -> 0
AL72: Charges protection | AM72: ='Charges de structure'!C26 -> 0
AL73: Charge diverses | AM73: ='Charges de structure'!C30 -> 0
AL74: Charges de structures
AL78: Graphique coût de production
AL79: Alimentation achetée | AM79: =AY6 -> #DIV/0!
AL80: Approvisionnement SFPO | AM80: =AY9 -> #DIV/0!
AL81: Frais d’élevage | AM81: =AY13 -> #DIV/0!
AL82: Mécanisation | AM82: =AY17+AY37 -> #N/A
AL83: Bâtiments | AM83: =AY21+AY38 -> #N/A
AL84: Frais divers de gestion | AM84: =AY25 -> #N/A
AL85: Foncier et capital | AM85: =AY27 -> #N/A
AL86: Travail | AM86: =AY30+AY39 -> #DIV/0!
AL87: Protection des animaux | AM87: =AY32 -> #DIV/0!
AN88: =AY41 -> #DIV/0! | AO88: Prix des agneaux
AN89: =AY42 -> #DIV/0! | AO89: Autres produits
AN90: =AY43 -> #DIV/0! | AO90: Aides affectées
AM91: Coût de production | AN91: Produit de l'atelier
AL94: Graphique assolement
AL95: Culture fourragère | AM95: =Exploitation!E17 -> 0
AL96: Prairie temporaire | AM96: =Exploitation!E22 -> 0
AL97: Prairie permanente | AM97: =Exploitation!E27 -> 0
AL98: Grande culture | AM98: =Exploitation!E28 -> 0
AL99: Culture perrenne | AM99: =Exploitation!E33 -> 0
AL100: Surface pastorale | AM100: =Exploitation!E34 -> 0
O102: Commercialisation | P102: Vente en directe
A103: Circuit long (teovin) | O103: vente directe (teovin)
D104: Printemps | E104: Eté | F104: Automne | G104: Hiver | H104: Stock | I104: Adulte2 | J104: Total général | Q104: Hiver | R104: Total général
A105: Agneaux lourds standards | B105: Autoconsommation | C105: Somme de Nombre | O105: Agneaux lourds standards | P105: Somme de Nombre
C106: Somme de Poids carcasse | P106: Somme de Poids carcasse
C107: Somme de Montant | P107: Somme de Montant
B108: Circuit long | C108: Somme de Nombre | O108: Agneaux lourds label | P108: Somme de Nombre
...

Sheet Références
A1: Liste | B1: Agnelage | C1: Commercialisation | D1: Type de mouvement | E1: Produit animal | F1: Oui | G1: Système | H1: Objectif de finition des agneaux | I1: Objectif de reproduction | J1: Prix référence | M1: Poids carcasse de référence
B2: Hiver | C2: Vente en directe | D2: Vente carcasse | E2: Agneaux lourds label | F2: Non | G2: Haut montagnard pluriactif | H2: Bergerie lourds dominants | I2: 2 périodes d'agnelage par an | J2: Brebis | K2: 75 | M2: Agneaux lourds label | N2: 16.5
B3: Printemps | C3: Circuit long | D3: Vente vifs | E3: Agneaux lourds bio | G3: Traditionnel transhumant spé montagne | H3: Herbe lourds dominants | I3: 3 agnelages en 2 ans strict | J3: Agnelles | K3: 90 | M3: Agneaux lourds bio | N3: 16.5 | S3: Clé de répartition des coût de productions (IDELE)
B4: Eté | C4: Autoconsommation | D4: Achat | E4: Agneaux lourds standards | G4: Montagnard spé fourrager | H4: Bergerie et herbe lourds dominants | I4: 3 agnelages en 2 ans non systématique | J4: Béliers | K4: 230 | M4: Agneaux lourds standards | N4: 17 | S4: 1 | T4: 2 | U4: 3 | V4: 4 | W4: 5 | X4: 6
B5: Automne | E5: Agneaux lourd adret | G5: Alpes sud tendance pastorale | H5: Légers dominants | I5: Lutte permanente | J5: Agneaux stock | K5: 75 | M5: Agneaux lourd adret | N5: 17 | T5: Mécanisation | U5: Batiment | V5: Frais financier | W5: Frais généraux | X5: Main-D'œuvre
B6: Stock | E6: Tardons maigres | G6: Préalpes spé transhumant | H6: Maigres dominants | I6: 1 Agnelage principal Printemps | J6: Céréale autoconsommé | K6: 185 | M6: Tardons maigres | N6: 11.5 | S6: OV herbagers | T6: 0.59 | U6: 0.37 | V6: 0.57 | W6: 0.84 | X6: 0.85
B7: Adulte | E7: Tardons finis | G7: Préalpes spé sédentaire | H7: Reproducteurs | I7: 2 Agnelage principal Eté | J7: Paille | K7: 90 | M7: Tardons finis | N7: 16.5 | S7: OV pastoraux | T7: 0.47 | U7: 0.37 | V7: 0.3 | W7: 0.69 | X7: 1.07
E8: Agneaux maigres | G8: Préalpes diversifié | H8: Autres | I8: 3 Agnelage principal Automne | J8: Foin | K8: 180 | M8: Agneaux maigres | N8: 11.5 | S8: OV fourrager | T8: 0.5 | U8: 0.32 | V8: 0.36 | W8: 0.62 | X8: 0.67
E9: Agneaux légers | G9: Préalpes spé grand pastoral | I9: 4 Agnelage principal Hiver | J9: Agneau autoconsommé | K9: {=0.9*'Bilan complet'!BD43:BD44} -> #DIV/0! | M9: Agneaux légers | N9: 10 | S9: OV AB | T9: 0.66 | U9: 0.27 | V9: 0.3 | W9: 0.86 | X9: 0.96
E10: Brebis réformés | G10: Alpes maritime grand pastoral | K10: 0 | M10: Jeunes femelles reproduction | N10: 20 | S10: BV naisseur montagne | T10: 0.67 | U10: 0.37 | V10: 0.84 | W10: 0.71 | X10: 0.77
E11: Béliers réformés | G11: Herbassier spé de plaine | H11: Conduite raciale | M11: Jeunes males reproduction | N11: 25 | S11: BV naisseur engraisseur montagne | T11: 0.81 | U11: 0.42 | V11: 0.96 | W11: 0.73 | X11: 0.82
E12: Jeunes femelles reproduction | G12: Basse provence diversifié | H12: Croisement boucher total | S12: BV montagne AB | T12: 0.97 | U12: 0.52 | V12: 0.89 | W12: 1.64 | X12: 1.27
E13: Jeunes males reproduction | H13: Croisement boucher partiel | S13: BL montagne | T13: 1.18 | U13: 1.18 | V13: 1.28 | W13: 1.05 | X13: 1.41
E14: Brebis reproduction | H14: Race pure | S14: BL montagne AB | T14: 1.28 | U14: 1.24 | V14: 1.53 | W14: 1.41 | X14: 1.71
E15: Béliers reproduction | H15: Autre conduite raciale | S15: OL livreur | T15: 1.24 | U15: 1.15 | V15: 1.35 | W15: 1.24 | X15: 1.71
E16: Autoconsommé
S17: OL avec transformation | T17: 1.25 | U17: 1.31 | V17: 1.24 | W17: 2.22 | X17: 3.02
A18: Références Cas-types | B18: 1 | D18: Haut montagnard pluriactif | E18: Traditionnel transhumant spé montagne | F18: Montagnard spé fourrager | G18: Alpes sud tendance pastorale | H18: Préalpes spé transhumant | I18: Préalpes spé sédentaire | J18: Préalpes diversifié | K18: Préalpes spé grand pastoral | L18: Alpes maritime grand pastoral | M18: Herbassier spé de plaine | N18: Basse provence diversifié | S18: OL AB | T18: 1.06 | U18: 1.07 | V18: 1.03 | W18: 1.24 | X18: 1.71
B19: 2 | C19: SAU | D19: 36.205 | E19: 57.98625 | F19: 35.833333 | G19: 63.525 | H19: 95.6525 | I19: 66.493333 | J19: 40 | K19: 10 | L19: 0 | M19: 12 | N19: 40 | S19: Caprins montagne | T19: 1.1 | U19: 1.73 | V19: 1.33 | W19: 1.63 | X19: 2.09
B20: 3 | C20: MO | D20: 1.4166667 | E20: 2.2 | F20: 1.8333333 | G20: 1.6666667 | H20: 2.9 | I20: 2.2666667 | J20: 1.5 | K20: 1.2 | L20: 1.3 | M20: 1.7 | N20: 1.8 | S20: Caprins avec transformation | T20: 1.8 | U20: 2.19 | V20: 1.6 | W20: 3.29 | X20: 5.01
B21: 4 | C21: EMP | D21: 375.60417 | E21: 548.55208 | F21: 615.75 | G21: 541.54167 | H21: 926.09375 | I21: 360.77778 | J21: 300 | K21: 500 | L21: 401 | M21: 800 | N21: 600 | S21: Caprins avec transformation AB | T21: 1.47 | U21: 2.38 | V21: 1.29 | W21: 3.41 | X21: 5.42
B22: 5 | C22: Taux de mise bas | D22: 0.91676234 | E22: 0.86592639 | F22: 0.88111262 | G22: 0.81635722 | H22: 0.79571537 | I22: 0.81703632 | J22: 0.9 | K22: 0.83 | L22: 0.85 | M22: 1.01 | N22: 1.03 | S22: Cheveaux de trait | T22: 0.2 | U22: 0.35 | V22: 1.11 | W22: 0.54 | X22: 0.28
B23: 6 | C23: Taux de prolificité | D23: 1.2188311 | E23: 1.2055029 | F23: 1.127778 | G23: 1.2557371 | H23: 1.2204788 | I23: 1.2639615 | J23: 1.21 | K23: 1.18 | L23: 1.2 | M23: 1.2 | N23: 1.21 | S23: Autres équidés | T23: 1.65 | U23: 2.03 | V23: 2.48 | W23: 4.37 | X23: 4.13
B24: 7 | C24: Taux de mortalité agneaux | D24: 0.19254267 | E24: 0.16061036 | F24: 0.13862669 | G24: 0.10766248 | H24: 0.19380337 | I24: 0.11704399 | J24: 0.14 | K24: 0.13 | L24: 0.15 | M24: 0.12 | N24: 0.1 | S24: BL plaine | T24: 1 | U24: 1 | V24: 1 | W24: 1 | X24: 1
B25: 8 | C25: Taux de productivité numérique | D25: 0.90307002 | E25: 0.88036346 | F25: 0.85957863 | G25: 0.92085995 | H25: 0.78976915 | I25: 0.9236908 | J25: 0.94 | K25: 0.85 | L25: 0.87 | M25: 1.06 | N25: 1.12 | S25: BL avec robot d traite | T25: 1.06 | U25: 1.65 | V25: 1.11 | W25: 0.9 | X25: 0.78
B26: 9 | C26: Fourrage consommé (kg/EMP) | D26: 415.61878 | E26: 225.47865 | F26: 260.17547 | G26: 149.48459 | H26: 322.63314 | I26: 334.89281 | J26: 187 | K26: 82 | L26: 177 | M26: 25 | N26: 50 | S26: BL avec transformation | T26: 1.61 | U26: 1.68 | V26: 1.09 | W26: 1.38 | X26: 1.63
B27: 10 | C27: Autonomie fourragère massique (%) | D27: 1.0595238 | E27: 1.4542826 | F27: 0.97419899 | G27: 1.9548696 | H27: 1.4186054 | I27: 2.0656878 | J27: 1 | K27: 0 | L27: 0 | M27: 0.76 | N27: 1 | S27: BL plaine AB | T27: 0.89 | U27: 1.17 | V27: 1.07 | W27: 1.21 | X27: 1.08
B28: 11 | C28: Céréales et concentrés consommés (kg/EMP) | D28: 64.857455 | E28: 67.966922 | F28: 110.02051 | G28: 27.999886 | H28: 83.039837 | I28: 117.44466 | J28: 90 | K28: 12 | L28: 27 | M28: 5 | N28: 90 | S28: BV naisseur plaine | T28: 0.62 | U28: 0.41 | V28: 0.77 | W28: 0.68 | X28: 0.51
B29: 12 | C29: Autonomie massique céréales et concentrés (%) | D29: 0.056257434 | E29: 1.0270694 | F29: 0.42974988 | G29: 1.1631891 | H29: 0.82145064 | I29: 0.80437111 | J29: 0.78 | K29: 0 | L29: 0 | M29: 0 | N29: 0 | S29: BV naisseur engraiseur plaine | T29: 0.59 | U29: 0.34 | V29: 0.77 | W29: 0.61 | X29: 0.46
B30: 13 | C30: Prix moyen de l'agneau | D30: 148 | E30: 148 | F30: 148 | G30: 148 | H30: 148 | I30: 148 | J30: 121 | K30: 103 | L30: 92 | M30: 94 | N30: 124 | S30: BV JB à partir de veaux lait | T30: 1.06 | U30: 0.52 | V30: 1.28 | W30: 0.78 | X30: 0.32
... B36: 19 | C36: Produit ovin total | D36: 39615.637 | E36: 67013.582 | F36: 74521.555 | G36: 63518.012 | H36: 106726.39 | I36: 52025.577 | J36: 34427 | K36: 48989 | L36: 33626 | M36: 72760 | N36: 79157 | S36: Grande culture montagne | T36: 1.1 | U36: 0.12 | V36: 0.3 | W36: 0.53 | X36: 0.2
B37: 20 | C37: Marge brute ovine | D37: 13178.174 | E37: 28532.111 | F37: 24977.087 | G37: 24098.046 | H37: 44605.597 | I37: 26842.237 | J37: 9772 | K37: 18094 | L37: 10560 | M37: 7029 | N37: 18264 | S37: Grandes cultures plaine | T37: 0.89
B38: 21 | C38: Produit total | D38: 128076.21 | E38: 201691.93 | F38: 180199.19 | G38: 256173.53 | H38: 254098 | I38: 161476.67 | J38: 160712 | K38: 144629 | L38: 116849 | M38: 144260 | N38: 178757 | S38: Grandes cultures plaine AB | T38: 1.69 | U38: 0.45 | V38: 1.1 | W38: 0.98 | X38: 0.36
B39: 22 | C39: Produit ovin hors primes / EMP | D39: 83.351028 | E39: 84.811724 | F39: 98.07602 | G39: 92.790499 | H39: 87.780047 | I39: 114.53892 | J39: 63.119565 | K39: 80.847826 | L39: 52.317391 | M39: 83.169565 | N39: 146.58913 | S39: Aucun | T39: 0 | U39: 0 | V39: 0 | W39: 0 | X39: 0
B40: 23 | C40: Charges opérationnelles / EMP | D40: 70.386499 | E40: 62.495284 | F40: 80.461985 | G40: 72.792121 | H40: 67.078294 | I40: 69.802913 | J40: 53.597826 | K40: 67.163043 | L40: 50.143478 | M40: 142.89348 | N40: 132.37609 | S40: Cultures fourragère montagne | T40: 0.36 | U40: 0.25 | V40: 0.67 | W40: 0.65 | X40: 0.44
B41: 24 | C41: Marge brute hors primes / EMP | D41: 48.268 | E41: 16.886111 | F41: 52.777778 | G41: -9.0244444 | H41: 8.4130435 | I41: 6.2826087 | J41: 9.5217391 | K41: 13.684783 | L41: 2.173913 | M41: -59.723913 | N41: 14.213043 | S41: Cultures fourragères plaine | T41: 0.58
B42: 25 | C42: Produit ovin total / EMP | D42: 142.096 | E42: 133.725 | F42: 161.81333 | G42: 101.89111 | H42: 140.3413 | I42: 81.656522 | J42: 74.841304 | K42: 106.49783 | L42: 73.1 | M42: 158.17391 | N42: 172.08043 | S42: Aucun | T42: 0 | U42: 0 | V42: 0 | W42: 0 | X42: 0
B43: 26 | C43: Marge brute ovine / EMP | D43: 12.964529 | E43: 22.31644 | F43: 17.614035 | G43: 19.998378 | H43: 20.701753 | I43: 44.73601 | J43: 21.243478 | K43: 39.334783 | L43: 22.956522 | M43: 15.280435 | N43: 39.704348
B44: 27 | C44: Marge brute autre activié | D44: 892.55824 | E44: 838 | F44: 2908 | G44: 2174 | H44: -1374 | I44: 3344 | J44: 8416 | K44: 6500 | L44: 0 | M44: 6500 | N44: 18763
B45: 28 | C45: Marge brute totale | D45: 14070.733 | E45: 43140.871 | F45: 26825.58 | G45: 37545.157 | H45: 74273.727 | I45: 52666.697 | J45: 18188 | K45: 24594 | L45: 10560 | M45: 13529 | N45: 37027
B46: 29 | C46: Charges de structure | D46: 37599.435 | E46: 64541.161 | F46: 55428.573 | G46: 83531.039 | H46: 124799.6 | I46: 69674.233 | J46: 50028 | K46: 55932 | L46: 48234 | M46: 33885 | N46: 46407
B47: 30 | C47: Amortissements | D47: 26731.555 | E47: 41130.072 | F47: 44426.072 | G47: 29580.862 | H47: 53404.828 | I47: 36994.242 | J47: 14229 | K47: 6900 | L47: 7350 | M47: 7267 | N47: 11080
B48: 31 | C48: Frais financier et annuité | D48: 7200 | E48: 11130 | F48: 11380 | G48: 13456 | H48: 16692 | I48: 13590 | J48: 12197 | K48: 4140 | L48: 1966 | M48: 5200 | N48: 12036
B49: 32 | C49: Aides découplés | D49: 56450 | E49: 68750 | F49: 64750 | G49: 86650 | H49: 71140 | I49: 54750 | J49: 73330 | K49: 89140 | L49: 83223 | M49: 65000 | N49: 51000
B50: 33 | C50: Excèdent brut d'exploitation | D50: 64640.82 | E50: 94038.7 | F50: 71543.453 | G50: 98336.201 | H50: 107946.72 | I50: 65169.612 | J50: 42840 | K50: 57802 | L50: 45549 | M50: 44644 | N50: 41620
B51: 34 | C51: Résultat courant | D51: 36368.488 | E51: 51058.721 | F51: 26000.721 | G51: 68356.619 | H51: 52120.135 | I51: 26726.682 | J51: 26614 | K51: 50212 | L51: 37928 | M51: 36317 | N51: 28490
B52: 35 | C52: Revenu disponible | D52: 32607.226 | E52: 41175.634 | F52: 28531.356 | G52: 53154.396 | H52: 34694.152 | I52: 18967.338 | J52: 30643 | K52: 53662 | L52: 43583 | M52: 39444 | N52: 29584
B53: 36 | C53: Aide / Produit | D53: 0.74985801 | E53: 0.66838915 | F53: 0.62435435 | G53: 0.72932154 | H53: 0.66387816 | I53: 0.57699427 | J53: 0.45628204 | K53: 0.61633559 | L53: 0.71222689 | M53: 0.45057535 | N53: 0.28530351
B54: 37 | C54: EBE / produit | D54: 0.50470591 | E54: 0.46624919 | F54: 0.39702428 | G54: 0.38386558 | H54: 0.42482319 | I54: 0.40358532 | J54: 0.26656379 | K54: 0.39965705 | L54: 0.38981078 | M54: 0.30946901 | N54: 0.23283004
B55: 38 | C55: Annuité / EBE | D55: 0.41597461 | E55: 0.20983029 | F55: 0.38757242 | G55: 0.03841033 | H55: 0.27562773 | I55: 0.3768809 | J55: 0.28471055 | K55: 0.071623819 | L55: 0.043162309 | M55: 0.11647702 | N55: 0.28918789

Sheet (TOV1) Export Achat
A1: =CONCATENATE($A$36,$B$36,$C$36) -> "0" | B1: =$B$35 -> 20230101 | C1: "10" | D1: ='Charges ovin'!C5 -> 0 | E1: ='Charges ovin'!C4 -> 0 | F1: ""KG""
A2: =CONCATENATE($A$36,$B$36,$C$36) -> "0" | B2: =$B$35 -> 20230101 | C2: "0101" | D2: 0 | E2: 0 | F2: "KG"
A3: =CONCATENATE($A$36,$B$36,$C$36) -> "0" | B3: =$B$35 -> 20230101 | C3: "0104" | D3: 0 | E3: 0 | F3: "KG"
A4: =CONCATENATE($A$36,$B$36,$C$36) -> "0" | B4: =$B$35 -> 20230101 | C4: "0106" | D4: 0 | E4: 0 | F4: "KG"
A5: =CONCATENATE($A$36,$B$36,$C$36) -> "0" | B5: =$B$35 -> 20230101 | C5: "0341" | D5: 0 | E5: 0 | F5: "KG"
A6: =CONCATENATE($A$36,$B$36,$C$36) -> "0" | B6: =$B$35 -> 20230101 | C6: "0102" | D6: 0 | E6: 0 | F6: "KG"
A7: =CONCATENATE($A$36,$B$36,$C$36) -> "0" | B7: =$B$35 -> 20230101 | C7: "0105" | D7: 0 | E7: 0 | F7: "KG"
A8: =CONCATENATE($A$36,$B$36,$C$36) -> "0" | B8: =$B$35 -> 20230101 | C8: "0220" | D8: ='Charges ovin'!R10 -> 0 | E8: ='Charges ovin'!R9 -> 0 | F8: "KG"
A9: =CONCATENATE($A$36,$B$36,$C$36) -> "0" | B9: =$B$35 -> 20230101 | C9: "0300" | D9: ='Charges ovin'!AL10 -> 0 | E9: ='Charges ovin'!AL9 -> 0 | F9: "KG"
A10: =CONCATENATE($A$36,$B$36,$C$36) -> "0" | B10: =$B$35 -> 20230101 | C10: "104" | D10: 0 | E10: 0 | F10: "U"
A11: =CONCATENATE($A$36,$B$36,$C$36) -> "0" | B11: =$B$35 -> 20230101 | C11: "0900" | D11: 0 | E11: 0 | F11: "U"
A12: =CONCATENATE($A$36,$B$36,$C$36) -> "0" | B12: =$B$35 -> 20230101 | C12: "14" | D12: ='Charges ovin'!C14 -> 0 | E12: ='Charges ovin'!C13 -> 0 | F12: "U"
A13: =CONCATENATE($A$36,$B$36,$C$36) -> "0" | B13: =$B$35 -> 20230101 | C13: "41" | D13: =IF(E13=0,0,1) -> 0 | E13: ='Charges ovin'!C20 -> 0 | F13: "U"
A14: =CONCATENATE($A$36,$B$36,$C$36) -> "0" | B14: =$B$35 -> 20230101 | C14: "50" | D14: =IF(E14=0,0,1) -> 0 | E14: ='Charges ovin'!C47 -> 0 | F14: "U"
A15: =CONCATENATE($A$36,$B$36,$C$36) -> "0" | B15: =$B$35 -> 20230101 | C15: "105" | D15: ='Charges ovin'!C45 -> 0 | E15: ='Charges ovin'!C46 -> 0 | F15: "U"
A16: =CONCATENATE($A$36,$B$36,$C$36) -> "0" | B16: =$B$35 -> 20230101 | C16: "110" | D16: =IF(E16=0,0,1) -> 0 | E16: ='Charges ovin'!C50 -> 0 | F16: "U"
A17: =CONCATENATE($A$36,$B$36,$C$36) -> "0" | B17: =$B$35 -> 20230101 | C17: "60" | D17: =IF(E17=0,0,1) -> 0 | E17: ='Charges ovin'!C27 -> 0 | F17: "U"
A18: =CONCATENATE($A$36,$B$36,$C$36) -> "0" | B18: =$B$35 -> 20230101 | C18: "61" | D18: =IF(E18=0,0,1) -> 0 | E18: ='Charges ovin'!C22 -> 0 | F18: "U"
A19: =CONCATENATE($A$36,$B$36,$C$36) -> "0" | B19: =$B$35 -> 20230101 | C19: "63" | D19: =IF(E19=0,0,1) -> 0 | E19: ='Charges ovin'!C24 -> 0 | F19: "U"
A20: =CONCATENATE($A$36,$B$36,$C$36) -> "0" | B20: =$B$35 -> 20230101 | C20: "64" | D20: =IF(E20=0,0,1) -> 0 | E20: ='Charges ovin'!C37 -> 0 | F20: "U"
A21: =CONCATENATE($A$36,$B$36,$C$36) -> "0" | B21: =$B$35 -> 20230101 | C21: "65" | D21: =IF(E21=0,0,1) -> 0 | E21: 0 | F21: "U"
A22: =CONCATENATE($A$36,$B$36,$C$36) -> "0" | B22: =$B$35 -> 20230101 | C22: "66" | D22: =IF(E22=0,0,1) -> 0 | E22: ='Charges ovin'!C25 -> 0 | F22: "U"
A23: =CONCATENATE($A$36,$B$36,$C$36) -> "0" | B23: =$B$35 -> 20230101 | C23: "2910" | D23: =IF(E23=0,0,1) -> 0 | E23: ='Charges ovin'!E23 -> 0 | F23: "U"
A24: =CONCATENATE($A$36,$B$36,$C$36) -> "0" | B24: =$B$35 -> 20230101 | C24: "79" | D24: =IF(E24=0,0,1) -> 0 | E24: ='Charges ovin'!C23-'Charges ovin'!E23 -> 0 | F24: "U"
A25: =CONCATENATE($A$36,$B$36,$C$36) -> "0" | B25: =$B$35 -> 20230101 | C25: "81" | D25: ='Charges ovin'!C29 -> 0 | E25: ='Charges ovin'!C29 -> 0 | F25: "U"
A26: =CONCATENATE($A$36,$B$36,$C$36) -> "0" | B26: =$B$35 -> 20230101 | C26: "80" | D26: ='Charges ovin'!C32 -> 0 | E26: ='Charges ovin'!C29 -> 0 | F26: "U"
A27: =CONCATENATE($A$36,$B$36,$C$36) -> "0" | B27: =$B$35 -> 20230101 | C27: "83" | D27: ='Charges ovin'!C34 -> 0 | E27: ='Charges ovin'!C33 -> 0 | F27: "U"
A28: =CONCATENATE($A$36,$B$36,$C$36) -> "0" | B28: =$B$35 -> 20230101 | C28: "85" | D28: =IF(E28=0,0,1) -> 0 | E28: ='Charges ovin'!C42 -> 0 | F28: "U"
A29: =CONCATENATE($A$36,$B$36,$C$36) -> "0" | B29: =$B$35 -> 20230101 | C29: "2850" | D29: =IF(E29=0,0,1) -> 0 | E29: ='Charges ovin'!C41 -> 0 | F29: "U"
A30: =CONCATENATE($A$36,$B$36,$C$36) -> "0" | B30: =$B$35 -> 20230101 | C30: "24" | D30: ='Charges ovin'!C18 -> 0 | E30: ='Charges ovin'!C17 -> 0 | F30: "T"
A31: =CONCATENATE($A$36,$B$36,$C$36) -> "0" | B31: =$B$35 -> 20230101 | C31: "40" | D31: =IF(E31=0,0,1) -> 0 | E31: ='Charges ovin'!C19 -> 0 | F31: "T"
B33: 42401
A34: Numéro exploitation (N° EDE) | B34: Date | C34: Code produit acheté | D34: Quantité | E34: Montant | F34: Unité
B35: =CONCATENATE(Exploitation!B2,E38,F38) -> 20230101
A36: " | B36: =Exploitation!B11 -> 0 | C36: "
E38: 01 | F38: 01

Sheet (TOV1) Export ventes
A1: "05004054" | B1: 20230101 | C1: "10" | D1: =GETPIVOTDATA("Somme de Montant",Calcule!$A$104,"Commercialisation","Circuit long","Type animaux","Agneaux lourds standards") -> 0 | E1: =GETPIVOTDATA("Somme de Nombre",Calcule!$A$104,"Commercialisation","Circuit long","Type animaux","Agneaux lourds standards") -> 0 | F1: =GETPIVOTDATA("Somme de Poids carcasse",Calcule!$A$104,"Commercialisation","Circuit long","Type animaux","Agneaux lourds standards") -> 0 | G1: "C"
A2: "05004054" | B2: 20230101 | C2: "1101" | D2: =GETPIVOTDATA("Somme de Montant",Calcule!$A$104,"Commercialisation","Circuit long","Type animaux","Agneaux lourds label")+GETPIVOTDATA("Somme de Montant",Calcule!$A$104,"Commercialisation","Circuit long","Type animaux","Agneaux lourd adret") -> 0 | E2: =GETPIVOTDATA("Somme de Nombre",Calcule!$A$104,"Commercialisation","Circuit long","Type animaux","Agneaux lourd adret")+GETPIVOTDATA("Somme de Nombre",Calcule!$A$104,"Commercialisation","Circuit long","Type animaux","Agneaux lourds label") -> 0 | F2: =GETPIVOTDATA("Somme de Poids carcasse",Calcule!$A$104,"Commercialisation","Circuit long","Type animaux","Agneaux lourds label")+GETPIVOTDATA("Somme de Poids carcasse",Calcule!$A$104,"Commercialisation","Circuit long","Type animaux","Agneaux lourd adret") -> 0 | G2: "C"
A3: "05004054" | B3: 20230101 | C3: "1102" | D3: =GETPIVOTDATA("Somme de Montant",Calcule!$A$104,"Commercialisation","Circuit long","Type animaux","Agneaux lourds bio") -> 0 | E3: =GETPIVOTDATA("Somme de Nombre",Calcule!$A$104,"Commercialisation","Circuit long","Type animaux","Agneaux lourds bio") -> 0 | F3: =GETPIVOTDATA("Somme de Poids carcasse",Calcule!$A$104,"Commercialisation","Circuit long","Type animaux","Agneaux lourds bio") -> 0 | G3: "C"
A4: "05004054" | B4: 20230101 | C4: "101" | D4: 0 | E4: 0 | F4: 0 | G4: "C"
A5: "05004054" | B5: 20230101 | C5: "102" | D5: 0 | E5: 0 | F5: 0 | G5: "C"
A6: "05004054" | B6: 20230101 | C6: "1132" | D6: 0 | E6: 0 | F6: 0 | G6: "C"
A7: "05004054" | B7: 20230101 | C7: "103" | D7: 0 | E7: 0 | F7: 0 | G7: "C"
A8: "05004054" | B8: 20230101 | C8: "104" | D8: 0 | E8: 0 | F8: 0 | G8: "C"
A9: "05004054" | B9: 20230101 | C9: "1152" | D9: 0 | E9: 0 | F9: 0 | G9: "C"
A10: "05004054" | B10: 20230101 | C10: "105" | D10: =GETPIVOTDATA("Somme de Montant",Calcule!$A$104,"Commercialisation","Vente en directe","Type animaux","Agneaux lourds standards") -> 0 | E10: =GETPIVOTDATA("Somme de Nombre",Calcule!$A$104,"Commercialisation","Vente en directe","Type animaux","Agneaux lourds standards") -> 0 | F10: =GETPIVOTDATA("Somme de Poids carcasse",Calcule!$A$104,"Commercialisation","Circuit long","Type animaux","Agneaux lourds standards") -> 0 | G10: "C"
A11: "05004054" | B11: 20230101 | C11: "1162" | D11: =GETPIVOTDATA("Somme de Montant",Calcule!$A$104,"Commercialisation","Vente en directe","Type animaux","Agneaux lourds bio") -> 0 | E11: =GETPIVOTDATA("Somme de Nombre",Calcule!$A$104,"Commercialisation","Vente en directe","Type animaux","Agneaux lourds bio") -> 0 | F11: =GETPIVOTDATA("Somme de Poids carcasse",Calcule!$A$104,"Commercialisation","Vente en directe","Type animaux","Agneaux lourds bio") -> 0 | G11: "C"
A12: "05004054" | B12: 20230101 | C12: "106" | D12: =GETPIVOTDATA("Somme de Montant",Calcule!$A$2,"Type animaux","Agneaux légers") -> 0 | E12: =GETPIVOTDATA("Somme de Nombre",Calcule!$A$2,"Type animaux","Agneaux légers") -> 0 | F12: =GETPIVOTDATA("Somme de Poids carcasse",Calcule!$A$2,"Type animaux","Agneaux légers") -> 0 | G12: "C"
A13: "05004054" | B13: 20230101 | C13: "23" | D13: 0 | E13: 0 | F13: 0 | G13: "C"
A14: "05004054" | B14: 20230101 | C14: "1202" | D14: 0 | E14: 0 | F14: 0 | G14: "C"
A15: "05004054" | B15: 20230101 | C15: "1210" | D15: 0 | E15: 0 | F15: 0 | G15: "C"
A16: "05004054" | B16: 20230101 | C16: "24" | D16: 0 | E16: 0 | F16: 0 | G16: "P"
A17: "05004054" | B17: 20230101 | C17: "1302" | D17: 0 | E17: 0 | F17: 0 | G17: "P"
A18: "05004054" | B18: 20230101 | C18: "241" | D18: 0 | E18: 0 | F18: 0 | G18: "P"
A19: "05004054" | B19: 20230101 | C19: "20" | D19: =GETPIVOTDATA("Somme de Montant",Calcule!$A$2,"Type animaux","Agneaux maigres") -> 0 | E19: =GETPIVOTDATA("Somme de Nombre",Calcule!$A$2,"Type animaux","Agneaux maigres") -> 0 | F19: =GETPIVOTDATA("Somme de Poids carcasse",Calcule!$A$2,"Type animaux","Agneaux maigres") -> 0 | G19: "P"
A20: "05004054" | B20: 20230101 | C20: "1410" | D20: =GETPIVOTDATA("Somme de Montant",Calcule!$A$2,"Type animaux","Tardons finis")+GETPIVOTDATA("Somme de Montant",Calcule!$A$2,"Type animaux","Tardons maigres") -> 0 | E20: =GETPIVOTDATA("Somme de Nombre",Calcule!$A$2,"Type animaux","Tardons maigres")+GETPIVOTDATA("Somme de Nombre",Calcule!$A$2,"Type animaux","Tardons finis") -> 0 | F20: 0 | G20: "P"
A21: "05004054" | B21: 20230101 | C21: "22" | D21: 0 | E21: 0 | F21: 0 | G21: "P"
A22: "05004054" | B22: 20230101 | C22: "1510" | D22: 0 | E22: 0 | F22: 0 | G22: "P"
A23: "05004054" | B23: 20230101 | C23: "1511" | D23: 0 | E23: 0 | F23: 0 | G23: "P"
A24: "05004054" | B24: 20230101 | C24: "1512" | D24: 0 | E24: 0 | F24: 0 | G24: "P"
A25: "05004054" | B25: 20230101 | C25: "1513" | D25: 0 | E25: 0 | F25: 0 | G25: "P"
A26: "05004054" | B26: 20230101 | C26: "1520" | D26: 0 | E26: 0 | F26: 0 | G26: "P"
A27: "05004054" | B27: 20230101 | C27: "1520" | D27: 0 | E27: 0 | F27: 0 | G27: "P"
A28: "05004054" | B28: 20230101 | C28: "1520" | D28: 0 | E28: 0 | F28: 0 | G28: "P"
A29: "05004054" | B29: 20230101 | C29: "26" | D29: 0 | E29: 0 | F29: 0 | G29: "P"
A30: "05004054" | B30: 20230101 | C30: "27" | D30: 0 | E30: 0 | F30: 0 | G30: "P"
A31: "05004054" | B31: 20230101 | C31: "30" | D31: =GETPIVOTDATA("Somme de Montant",Calcule!$A$2,"Type animaux","Jeunes males reproduction") -> 0 | E31: =GETPIVOTDATA("Somme de Nombre",Calcule!$A$2,"Type animaux","Jeunes males reproduction") -> 0 | F31: 0 | G31: "P"
A32: "05004054" | B32: 20230101 | C32: "31" | D32: =GETPIVOTDATA("Somme de Montant",Calcule!$A$2,"Type animaux","Jeunes femelles reproduction") -> 0 | E32: =GETPIVOTDATA("Somme de Nombre",Calcule!$A$2,"Type animaux","Jeunes femelles reproduction") -> 0 | F32: 0 | G32: "P"
A33: "05004054" | B33: 20230101 | C33: "33" | D33: =GETPIVOTDATA("Somme de Montant",Calcule!$A$2,"Type animaux","Brebis reproduction") -> 0 | E33: =GETPIVOTDATA("Somme de Nombre",Calcule!$A$2,"Type animaux","Brebis reproduction") -> 0 | F33: 0 | G33: "P"
A34: "05004054" | B34: 20230101 | C34: "32" | D34: =GETPIVOTDATA("Somme de Montant",Calcule!$A$2,"Type animaux","Béliers reproduction") -> 0 | E34: =GETPIVOTDATA("Somme de Nombre",Calcule!$A$2,"Type animaux","Béliers reproduction") -> 0 | F34: 0 | G34: "P"
A35: "05004054" | B35: 20230101 | C35: "34" | D35: 0 | E35: 0 | F35: 0 | G35: "P"
A36: "05004054" | B36: 20230101 | C36: "40" | D36: =GETPIVOTDATA("Somme de Montant",Calcule!$A$2,"Type animaux","Béliers réformés") -> 0 | E36: =GETPIVOTDATA("Somme de Nombre",Calcule!$A$2,"Type animaux","Béliers réformés") -> 0 | F36: 0 | G36: "P"
A37: "05004054" | B37: 20230101 | C37: "42" | D37: 0 | E37: 0 | F37: 0 | G37: "P"
A38: "05004054" | B38: 20230101 | C38: "3120" | D38: 0 | E38: 0 | F38: 0 | G38: "P"
A39: "05004054" | B39: 20230101 | C39: "3121" | D39: 0 | E39: 0 | F39: 0 | G39: "P"
A40: "05004054" | B40: 20230101 | C40: "3130" | D40: 0 | E40: 0 | F40: 0 | G40: "P"
A41: "05004054" | B41: 20230101 | C41: "41" | D41: =GETPIVOTDATA("Somme de Montant",Calcule!$A$104,"Commercialisation","Circuit long","Type animaux","Brebis réformés") -> 0 | E41: =GETPIVOTDATA("Somme de Nombre",Calcule!$A$104,"Commercialisation","Circuit long","Type animaux","Béliers réformés") -> 0 | F41: =GETPIVOTDATA("Somme de Poids carcasse",Calcule!$A$104,"Commercialisation","Circuit long","Type animaux","Brebis réformés") -> 0 | G41: "P"
A42: "05004054" | B42: 20230101 | C42: "3202" | D42: 0 | E42: 0 | F42: 0 | G42: "P"
A43: "05004054" | B43: 20230101 | C43: "43" | D43: =GETPIVOTDATA("Somme de Montant",Calcule!$A$104,"Commercialisation","Vente en directe","Type animaux","Brebis réformés") -> 0 | E43: =GETPIVOTDATA("Somme de Nombre",Calcule!$A$104,"Commercialisation","Vente en directe","Type animaux","Brebis réformés") -> 0 | F43: =GETPIVOTDATA("Somme de Poids carcasse",Calcule!$A$104,"Commercialisation","Vente en directe","Type animaux","Brebis réformés") -> 0 | G43: "P"
A44: "05004054" | B44: 20230101 | C44: "3220" | D44: 0 | E44: 0 | F44: 0 | G44: "P"
A45: "05004054" | B45: 20230101 | C45: "3221" | D45: 0 | E45: 0 | F45: 0 | G45: "P"
A46: "05004054" | B46: 20230101 | C46: "3230" | D46: 0 | E46: 0 | F46: 0 | G46: "P"
A47: Numéro exploitation (N° EDE) | B47: Date | C47: Code produit vendu | D47: Montant total | E47: Quantité | F47: Poids total | G47: Mode commercialisation

Sheet (TOV1) Export reproduction
A1: ='(TOV1) Export ventes'!A36 -> "05004054" | B1: 1 | C1: "Hiver" | D1: =CONCATENATE(Exploitation!$B$2,"01") -> 202301 | E1: =CONCATENATE(Exploitation!$B$2,"02") -> 202302 | F1: 30 | G1: 10 | H1: =' Elevage'!E16 -> 0 | I1: =' Elevage'!F16 -> 0 | J1: 0 | K1: =' Elevage'!G16 -> 0 | L1: =' Elevage'!H16 -> 0
A2: ='(TOV1) Export ventes'!A37 -> "05004054" | B2: 2 | C2: "Printemps" | D2: =CONCATENATE(Exploitation!$B$2,"03") -> 202303 | E2: =CONCATENATE(Exploitation!$B$2,"05") -> 202305 | F2: 30 | G2: 10 | H2: =' Elevage'!E17 -> 0 | I2: =' Elevage'!F17 -> 0 | J2: 0 | K2: =' Elevage'!G17 -> 0 | L2: =' Elevage'!H17 -> 0
A3: ='(TOV1) Export ventes'!A38 -> "05004054" | B3: 3 | C3: "Eté" | D3: =CONCATENATE(Exploitation!$B$2,"08") -> 202308 | E3: =CONCATENATE(Exploitation!$B$2,"09") -> 202309 | F3: 30 | G3: 10 | H3: =' Elevage'!E18 -> 0 | I3: =' Elevage'!F18 -> 0 | J3: 0 | K3: =' Elevage'!G18 -> 0 | L3: =' Elevage'!H18 -> 0
A4: ='(TOV1) Export ventes'!A39 -> "05004054" | B4: 4 | C4: "Automne" | D4: =CONCATENATE(Exploitation!$B$2,"11") -> 202311 | E4: =CONCATENATE(Exploitation!$B$2,"12") -> 202312 | F4: 30 | G4: 10 | H4: =' Elevage'!E19 -> 0 | I4: =' Elevage'!F19 -> 0 | J4: 0 | K4: =' Elevage'!G19 -> 0 | L4: =' Elevage'!H19 -> 0
A5: ='(TOV1) Export ventes'!A40 -> "05004054" | B5: 4 | C5: "Stock" | D5: =CONCATENATE(Exploitation!$B$2,"01") -> 202301 | E5: =CONCATENATE(Exploitation!$B$2,"12") -> 202312 | F5: 30 | G5: 10 | H5: 0 | I5: 0 | J5: 0 | K5: 0 | L5: =' Elevage'!H12 -> 0
A7: Numéro exploitation (N° EDE) | B7: Code Lot | C7: Libelle lot | D7: Mois Année Agnelage début du lot | E7: Mois Année Agnelage fin du lot | F7: Catégorie Animaux | G7: Mode reproduction | H7: Effectif mis en lutte | I7: Nombre de mise bas | J7: Nombre femelles avortées | K7: Nombre agneaux nés | L7: Nombre agneaux morts
B9: " | C9: PRINTEMPS | D9: " | F9: =CONCATENATE(B9,C9,D9) -> "PRINTEMPS"
B10: " | C10: Lutte estive | D10: " | F10: =CONCATENATE(B10,C10,D10) -> "Lutte estive"
B11: " | C11: AUTOMNE | D11: " | F11: =CONCATENATE(B11,C11,D11) -> "AUTOMNE"

Sheet (TOV1)Export variation de stock
A1: ='(TOV1) Export Achat'!$A$1 -> "0" | B1: ='(TOV1) Export Achat'!$B$35 -> 20230101 | C1: "10" | D1: =' Elevage'!C3-' Elevage'!C4 -> 0 | E1: 80 | F1: =D1*E1 -> 0 | G1: =' Elevage'!O3-' Elevage'!O4 -> 0 | H1: 80 | I1: =H1*G1 -> 0 | J1: =I1-F1 -> 0
A2: ='(TOV1) Export Achat'!$A$1 -> "0" | B2: ='(TOV1) Export Achat'!$B$35 -> 20230101 | C2: "20" | D2: =' Elevage'!P12 -> 0 | E2: 350 | F2: =D2*E2 -> 0 | G2: =' Elevage'!U12 -> 0 | H2: 350 | I2: =H2*G2 -> 0 | J2: =I2-F2 -> 0
A3: ='(TOV1) Export Achat'!$A$1 -> "0" | B3: ='(TOV1) Export Achat'!$B$35 -> 20230101 | C3: "30" | D3: =' Elevage'!C6 -> 0 | E3: 130 | F3: =D3*E3 -> 0 | G3: =' Elevage'!O5 -> 0 | H3: 130 | I3: =H3*G3 -> 0 | J3: =I3-F3 -> 0
A4: ='(TOV1) Export Achat'!$A$1 -> "0" | B4: ='(TOV1) Export Achat'!$B$35 -> 20230101 | C4: "40" | F4: =D4*E4 -> 0 | I4: =H4*G4 -> 0 | J4: =I4-F4 -> 0
A5: ='(TOV1) Export Achat'!$A$1 -> "0" | B5: ='(TOV1) Export Achat'!$B$35 -> 20230101 | C5: "50" | F5: =D5*E5 -> 0 | I5: =H5*G5 -> 0 | J5: =I5-F5 -> 0
A6: ='(TOV1) Export Achat'!$A$1 -> "0" | B6: ='(TOV1) Export Achat'!$B$35 -> 20230101 | C6: "60" | F6: =D6*E6 -> 0 | I6: =H6*G6 -> 0 | J6: =I6-F6 -> 0
A7: ='(TOV1) Export Achat'!$A$1 -> "0" | B7: ='(TOV1) Export Achat'!$B$35 -> 20230101 | C7: "70" | D7: =' Elevage'!E12 -> 0 | E7: =0.9*'Bilan simplifié'!$J$24:$L$24 -> #VALUE! | F7: =D7*E7 -> #VALUE! | G7: =' Elevage'!M12 -> 0 | H7: =E7 -> #VALUE! | I7: =H7*G7 -> #VALUE! | J7: =I7-F7 -> #VALUE!
A8: ='(TOV1) Export Achat'!$A$1 -> "0" | B8: ='(TOV1) Export Achat'!$B$35 -> 20230101 | C8: "80" | F8: =D8*E8 -> 0 | I8: =H8*G8 -> 0 | J8: =I8-F8 -> 0
A9: ='(TOV1) Export Achat'!$A$1 -> "0" | B9: ='(TOV1) Export Achat'!$B$35 -> 20230101 | C9: "90" | F9: =D9*E9 -> 0 | I9: =H9*G9 -> 0 | J9: =I9-F9 -> 0
A10: Numéro exploitation (N° EDE) | B10: Date | C10: Code inventaire | D10: Effectif début | E10: Prix début | F10: Valeur Inventaire début | G10: Effectif fin | H10: Prix fin | I10: Valeur Inventaire fin | J10: Variation Inventaire
